Workbook

Sheet RESUMO
B7: Obra: | C7: FHNIS | D7: Data Base: | E7: Jul./2025 - Não Des.
B8: Local: | C8: MS | D8: Data: | E8: 45965
B9: Área (m²): | C9: 51.53 | D9: BDI: | E9: 0.2222
B10: UH: | C10: 20
B11: Obs.: | C11: Fundação em sapata corrida; Estrutura de cobertura em Madeira; Piso e Forro em toda UH; Fossa e Sumidouro; Mureta para Hidrômetro e Padrão de Energia
B13: RESUMO
B15: ITEM | C15: DESCRIÇÃO | E15: TOTAL
B16: 1 | C16: =VLOOKUP(B16,PLANILHA!$B:$L,3,0) -> SERVIÇOS PRELIMINARES | E16: =VLOOKUP(B16,PLANILHA!$B:$K,10,0) -> 35497.56
B17: 2 | C17: =VLOOKUP(B17,PLANILHA!$B:$L,3,0) -> SERVIÇOS EM TERRA | E17: =VLOOKUP(B17,PLANILHA!$B:$K,10,0) -> 32109.46
B18: 3 | C18: =VLOOKUP(B18,PLANILHA!$B:$L,3,0) -> FUNDAÇÕES (ESTACA, BLOCOS E VIGA BALDRAME) | E18: =VLOOKUP(B18,PLANILHA!$B:$K,10,0) -> 287494.25
B19: 4 | C19: =VLOOKUP(B19,PLANILHA!$B:$L,3,0) -> SUPRAESTRUTURA (PILARES, ESPERAS E VIGA DE RESPALDO) | E19: =VLOOKUP(B19,PLANILHA!$B:$K,10,0) -> 235620.08
B20: 5 | C20: =VLOOKUP(B20,PLANILHA!$B:$L,3,0) -> ALVENARIA DE ELEVAÇÃO | E20: =VLOOKUP(B20,PLANILHA!$B:$K,10,0) -> 260081.39
B21: 6 | C21: =VLOOKUP(B21,PLANILHA!$B:$L,3,0) -> ESTRUTURA DE COBERTURA - MADEIRA | E21: =VLOOKUP(B21,PLANILHA!$B:$K,10,0) -> 253831.97
B22: 7 | C22: =VLOOKUP(B22,PLANILHA!$B:$L,3,0) -> COBERTURA | E22: =VLOOKUP(B22,PLANILHA!$B:$K,10,0) -> 99750.36
B23: 8 | C23: =VLOOKUP(B23,PLANILHA!$B:$L,3,0) -> ESQUADRIAS | E23: =VLOOKUP(B23,PLANILHA!$B:$K,10,0) -> 203979.27
B24: 9 | C24: =VLOOKUP(B24,PLANILHA!$B:$L,3,0) -> REVESTIMENTOS | E24: =VLOOKUP(B24,PLANILHA!$B:$K,10,0) -> 297713.94
B25: 10 | C25: =VLOOKUP(B25,PLANILHA!$B:$L,3,0) -> PINTURA | E25: =VLOOKUP(B25,PLANILHA!$B:$K,10,0) -> 104047.35
B26: 11 | C26: =VLOOKUP(B26,PLANILHA!$B:$L,3,0) -> FORRO | E26: =VLOOKUP(B26,PLANILHA!$B:$K,10,0) -> 112168.05
B27: 12 | C27: =VLOOKUP(B27,PLANILHA!$B:$L,3,0) -> VIDROS | E27: =VLOOKUP(B27,PLANILHA!$B:$K,10,0) -> 20278.27
... B34: 19 | C34: =VLOOKUP(B34,PLANILHA!$B:$L,3,0) -> ADMINISTRAÇÃO LOCAL | E34: =VLOOKUP(B34,PLANILHA!$B:$K,10,0) -> 131334.12
B36: CUSTO TOTAL DA OBRA | E36: =SUM(E16:E35) -> 2758016.9 | G36: =E36=PLANILHA!K192 -> TRUE
B42: _________________________
B43: RESPONSÁVEL TÉCNICO
B44: Leonardo da Rosa Walz
B45: CREA MS 65.212

Sheet PLANILHA
M2: TCU
M3: 0.05
C7: Obra: | D7: =RESUMO!C7 -> FHNIS | J7: Data Base: | K7: =RESUMO!E7 -> Jul./2025 - Não Des.
C8: Local: | D8: =RESUMO!C8 -> MS | J8: Data: | K8: =RESUMO!E8 -> 45965
C9: Área (m²): | D9: =RESUMO!C9 -> 51.53 | J9: BDI: | K9: =RESUMO!E9 -> 0.2222
C10: UH: | D10: =RESUMO!C10 -> 20
C11: Obs.: | D11: =RESUMO!C11 -> Fundação em sapata corrida; Estrutura de cobertura em Madeira; Piso e Forro em toda UH; Fossa e Sumidouro; Mureta para Hidrômetro e Padrão de Energia
B13: PLANILHA ORÇAMENTÁRIA | M13: VERIFICAÇÃO PLANILHA
B14: ITEM | C14: REFERÊNCIA SINAPI / AGEHAB / AGESUL | D14: DESCRIÇÃO | E14: UNID. | F14: QUANT. | G14: QUANT. 1 UH | H14: ="CUSTO UNITÁRIO SEM BDI - "&K7 -> CUSTO UNITÁRIO SEM BDI - Jul./2025 - Não Des. | I14: ="CUSTO UNITÁRIO SEM BDI "&L7 -> CUSTO UNITÁRIO SEM BDI | J14: CUSTO UNITÁRIO | K14: TOTAL | M14: =SUMIF(H15:H190,"CUSTO TOTAL DO ITEM",K15:K190) -> 2758016.9 | N14: =SUM(K15:K191)/2 -> 2758016.9 | O14: =M14=N14 -> TRUE
B15: 1 | D15: SERVIÇOS PRELIMINARES | H15: CUSTO TOTAL DO ITEM | K15: =SUM(K16:K22) -> 35497.56
B16: 1.1 | C16: 98519 | D16: =VLOOKUP(C16,'SINAPI-COMP'!$B:$E,2,FALSE) -> REVOLVIMENTO E LIMPEZA MANUAL DE SOLO. AF_07/2024 | E16: =VLOOKUP(C16,'SINAPI-COMP'!$B:$E,3,FALSE) -> M2 | F16: =G16*$D$10 -> 1030.6 | G16: =VLOOKUP(B16,MECALC!$B:$H,7,0) -> 51.53 | H16: =VLOOKUP(C16,'SINAPI-COMP'!$B:$E,4,FALSE) -> 3.6 | I16: =H16 -> 3.6 | J16: =TRUNC(I16*(1+$K$9),2) -> 4.39 | K16: =TRUNC(J16*F16,2) -> 4524.33 | P16: =K16/K$192 -> 0.0016404287
B17: 1.2 | C17: 010100000 | D17: =VLOOKUP(C17,COMPOSIÇÕES!$B:$H,2,0) -> LOCAÇÃO CONVENCIONAL DE OBRA ATRAVÉS DE GABARITO DE TÁBUAS CORRIDAS PONTALETADAS, COM REAPROVEITAMENTO DE 3 VEZES | E17: =VLOOKUP(C17,COMPOSIÇÕES!$B:$H,3,0) -> M2 | F17: =G17*$D$10 -> 1030.6 | G17: =VLOOKUP(B17,MECALC!$B:$H,7,0) -> 51.53 | H17: =VLOOKUP(C17,COMPOSIÇÕES!$B:$H,7,FALSE) -> 6.91 | I17: =H17 -> 6.91 | J17: =TRUNC(I17*(1+$K$9),2) -> 8.44 | K17: =TRUNC(J17*F17,2) -> 8698.26 | P17: =K17/K$192 -> 0.0031538096
B18: 1.3 | C18: 010100004 | D18: =VLOOKUP(C18,COMPOSIÇÕES!$B:$H,2,0) -> LOCAÇÃO DE CONTAINER PARA DEPÓSITO DE (2,30 X 6,00M), ALT. 2,50M, SEM DIVISÓRIAS INTERNAS E SEM SANITÁRIO, EXC. TRANSP./CARGA/DESCARGA | E18: =VLOOKUP(C18,COMPOSIÇÕES!$B:$H,3,0) -> MÊS | F18: =G18 -> 18 | G18: =VLOOKUP(B18,MECALC!$B:$H,7,0) -> 18 | H18: =VLOOKUP(C18,COMPOSIÇÕES!$B:$H,7,FALSE) -> 662.1 | I18: =H18 -> 662.1 | J18: =TRUNC(I18*(1+$K$9),2) -> 809.21 | K18: =TRUNC(J18*F18,2) -> 14565.78 | L18: --- Alterar a quant. 1UH conforme o cronograma | P18: =K18/K$192 -> 0.0052812513
B19: 1.4 | C19: 103689 | D19: =VLOOKUP(C19,'SINAPI-COMP'!$B:$E,2,FALSE) -> FORNECIMENTO E INSTALAÇÃO DE PLACA DE OBRA COM CHAPA GALVANIZADA E ESTRUTURA DE MADEIRA. AF_03/2022_PS | E19: =VLOOKUP(C19,'SINAPI-COMP'!$B:$E,3,FALSE) -> M2 | F19: =G19 -> 8 | G19: =VLOOKUP(B19,MECALC!$B:$H,7,0) -> 8 | H19: =VLOOKUP(C19,'SINAPI-COMP'!$B:$E,4,FALSE) -> 456.23 | I19: =H19 -> 456.23 | J19: =TRUNC(I19*(1+$K$9),2) -> 557.6 | K19: =TRUNC(J19*F19,2) -> 4460.8 | L19: --- Verificar se for pulverizado, remover o serviço | P19: =K19/K$192 -> 0.001617394
B20: 1.5 | C20: 011399003 | D20: =VLOOKUP(C20,COMPOSIÇÕES!$B:$H,2,0) -> INSTALAÇÃO PROVISÓRIA DE ÁGUA E ESGOTO P/ CANTEIRO DE OBRA | E20: =VLOOKUP(C20,COMPOSIÇÕES!$B:$H,3,0) -> UN | F20: =G20 -> 1 | G20: =VLOOKUP(B20,MECALC!$B:$H,7,0) -> 1 | H20: =VLOOKUP(C20,COMPOSIÇÕES!$B:$H,7,FALSE) -> 1459.43 | I20: =H20 -> 1459.43 | J20: =TRUNC(I20*(1+$K$9),2) -> 1783.71 | K20: =TRUNC(J20*F20,2) -> 1783.71 | P20: =K20/K$192 -> 0.00064673644
B21: 1.6 | C21: 011299000 | D21: =VLOOKUP(C21,COMPOSIÇÕES!$B:$H,2,0) -> INSTALAÇÃO/LIGAÇÃO PROVISÓRIA DE ENERGIA ELÉTRICA DE BAIXA TENSÃO | E21: =VLOOKUP(C21,COMPOSIÇÕES!$B:$H,3,0) -> UN | F21: =G21 -> 1 | G21: =VLOOKUP(B21,MECALC!$B:$H,7,0) -> 1 | H21: =VLOOKUP(C21,COMPOSIÇÕES!$B:$H,7,FALSE) -> 1198.4 | I21: =H21 -> 1198.4 | J21: =TRUNC(I21*(1+$K$9),2) -> 1464.68 | K21: =TRUNC(J21*F21,2) -> 1464.68 | P21: =K21/K$192 -> 0.00053106274
P22: =K22/K$192 -> 0
B23: 2 | D23: SERVIÇOS EM TERRA | H23: CUSTO TOTAL DO ITEM | K23: =SUM(K24:K25) -> 32109.46
B24: 2.1 | C24: 401001126 | D24: ATERRO MANUAL EM CAMADAS DE 20 CM, UMIDECIDAS E FORTEMENTE APILOADAS, COM AQUISICAO DE TERRA | E24: M3 | F24: =G24*$D$10 -> 206.2 | G24: =VLOOKUP(B24,MECALC!$B:$H,7,0) -> 10.31 | H24: 127.41 | I24: =H24 -> 127.41 | J24: =TRUNC(I24*(1+$K$9),2) -> 155.72 | K24: =TRUNC(J24*F24,2) -> 32109.46 | P24: =K24/K$192 -> 0.011642228
P25: =K25/K$192 -> 0
B26: 3 | D26: FUNDAÇÕES (ESTACA, BLOCOS E VIGA BALDRAME) | H26: CUSTO TOTAL DO ITEM | K26: =SUM(K27:K41) -> 287494.25
B27: 3.1 | C27: 93358 | D27: =VLOOKUP(C27,'SINAPI-COMP'!$B:$E,2,FALSE) -> ESCAVAÇÃO MANUAL DE VALA. AF_09/2024 | E27: =VLOOKUP(C27,'SINAPI-COMP'!$B:$E,3,FALSE) -> M3 | F27: =G27*$D$10 -> 85.6 | G27: =VLOOKUP(B27,MECALC!$B:$H,7,0) -> 4.28 | H27: =VLOOKUP(C27,'SINAPI-COMP'!$B:$E,4,FALSE) -> 82.24 | I27: =H27 -> 82.24 | J27: =TRUNC(I27*(1+$K$9),2) -> 100.51 | K27: =TRUNC(J27*F27,2) -> 8603.65 | P27: =K27/K$192 -> 0.0031195059
B28: 3.2 | C28: 96617 | D28: =VLOOKUP(C28,'SINAPI-COMP'!$B:$E,2,FALSE) -> LASTRO DE CONCRETO MAGRO, APLICADO EM BLOCOS DE COROAMENTO OU SAPATAS, ESPESSURA DE 3 CM. AF_01/2024 | E28: =VLOOKUP(C28,'SINAPI-COMP'!$B:$E,3,FALSE) -> M2 | F28: =G28*$D$10 -> 41.6 | G28: =VLOOKUP(B28,MECALC!$B:$H,7,0) -> 2.08 | H28: =VLOOKUP(C28,'SINAPI-COMP'!$B:$E,4,FALSE) -> 18.84 | I28: =H28 -> 18.84 | J28: =TRUNC(I28*(1+$K$9),2) -> 23.02 | K28: =TRUNC(J28*F28,2) -> 957.63 | P28: =K28/K$192 -> 0.00034721688
B29: 3.3 | C29: 92760 | D29: =VLOOKUP(C29,'SINAPI-COMP'!$B:$E,2,FALSE) -> ARMAÇÃO DE PILAR OU VIGA DE ESTRUTURA CONVENCIONAL DE CONCRETO ARMADO UTILIZANDO AÇO CA-50 DE 6,3 MM - MONTAGEM. AF_06/2022 | E29: =VLOOKUP(C29,'SINAPI-COMP'!$B:$E,3,FALSE) -> KG | F29: =G29*$D$10 -> 805.8 | G29: =VLOOKUP(B29,MECALC!$B:$H,7,0) -> 40.29 | H29: =VLOOKUP(C29,'SINAPI-COMP'!$B:$E,4,FALSE) -> 13.03 | I29: =H29 -> 13.03 | J29: =TRUNC(I29*(1+$K$9),2) -> 15.92 | K29: =TRUNC(J29*F29,2) -> 12828.33 | P29: =K29/K$192 -> 0.0046512877
B30: 3.4 | C30: 94971 | D30: =VLOOKUP(C30,'SINAPI-COMP'!$B:$E,2,FALSE) -> CONCRETO FCK = 25MPA, TRAÇO 1:2,3:2,7 (EM MASSA SECA DE CIMENTO/ AREIA MÉDIA/ BRITA 1) - PREPARO MECÂNICO COM BETONEIRA 600 L. AF_05/2021 | E30: =VLOOKUP(C30,'SINAPI-COMP'!$B:$E,3,FALSE) -> M3 | F30: =G30*$D$10 -> 13.4 | G30: =VLOOKUP(B30,MECALC!$B:$H,7,0) -> 0.67 | H30: =VLOOKUP(C30,'SINAPI-COMP'!$B:$E,4,FALSE) -> 492.23 | I30: =H30 -> 492.23 | J30: =TRUNC(I30*(1+$K$9),2) -> 601.6 | K30: =TRUNC(J30*F30,2) -> 8061.44 | P30: =K30/K$192 -> 0.0029229118
B31: 3.5 | C31: 103670 | D31: =VLOOKUP(C31,'SINAPI-COMP'!$B:$E,2,FALSE) -> LANÇAMENTO COM USO DE BALDES, ADENSAMENTO E ACABAMENTO DE CONCRETO EM ESTRUTURAS. AF_02/2022 | E31: =VLOOKUP(C31,'SINAPI-COMP'!$B:$E,3,FALSE) -> M3 | F31: =G31*$D$10 -> 13.4 | G31: =VLOOKUP(B31,MECALC!$B:$H,7,0) -> 0.67 | H31: =VLOOKUP(C31,'SINAPI-COMP'!$B:$E,4,FALSE) -> 281.31 | I31: =H31 -> 281.31 | J31: =TRUNC(I31*(1+$K$9),2) -> 343.81 | K31: =TRUNC(J31*F31,2) -> 4607.05 | P31: =K31/K$192 -> 0.0016704213
B32: 3.6 | C32: 93382 | D32: =VLOOKUP(C32,'SINAPI-COMP'!$B:$E,2,FALSE) -> REATERRO MANUAL DE VALAS, COM COMPACTADOR DE SOLOS DE PERCUSSÃO. AF_08/2023 | E32: =VLOOKUP(C32,'SINAPI-COMP'!$B:$E,3,FALSE) -> M3 | F32: =G32*$D$10 -> 64.2 | G32: =VLOOKUP(B32,MECALC!$B:$H,7,0) -> 3.21 | H32: =VLOOKUP(C32,'SINAPI-COMP'!$B:$E,4,FALSE) -> 25.29 | I32: =H32 -> 25.29 | J32: =TRUNC(I32*(1+$K$9),2) -> 30.9 | K32: =TRUNC(J32*F32,2) -> 1983.78 | P32: =K32/K$192 -> 0.00071927769
B33: 3.7 | C33: 96537 | D33: =VLOOKUP(C33,'SINAPI-COMP'!$B:$E,2,FALSE) -> FABRICAÇÃO, MONTAGEM E DESMONTAGEM DE FÔRMA PARA BLOCO DE COROAMENTO, EM CHAPA DE MADEIRA COMPENSADA RESINADA, E=17 MM, 2 UTILIZAÇÕES. AF_01/2024 | E33: =VLOOKUP(C33,'SINAPI-COMP'!$B:$E,3,FALSE) -> M2 | F33: =G33*$D$10 -> 208 | G33: =VLOOKUP(B33,MECALC!$B:$H,7,0) -> 10.4 | H33: =VLOOKUP(C33,'SINAPI-COMP'!$B:$E,4,FALSE) -> 173.55 | I33: =H33 -> 173.55 | J33: =TRUNC(I33*(1+$K$9),2) -> 212.11 | K33: =TRUNC(J33*F33,2) -> 44118.88 | P33: =K33/K$192 -> 0.015996595
B34: 3.8 | C34: 101173 | D34: =VLOOKUP(C34,'SINAPI-COMP'!$B:$E,2,FALSE) -> ESTACA BROCA DE CONCRETO, DIÂMETRO DE 20CM, ESCAVAÇÃO MANUAL COM TRADO CONCHA, COM ARMADURA DE ARRANQUE. AF_05/2020 | E34: =VLOOKUP(C34,'SINAPI-COMP'!$B:$E,3,FALSE) -> M | F34: =G34*$D$10 -> 1100 | G34: =VLOOKUP(B34,MECALC!$B:$H,7,0) -> 55 | H34: =VLOOKUP(C34,'SINAPI-COMP'!$B:$E,4,FALSE) -> 58.86 | I34: =H34 -> 58.86 | J34: =TRUNC(I34*(1+$K$9),2) -> 71.93 | K34: =TRUNC(J34*F34,2) -> 79123 | P34: =K34/K$192 -> 0.028688367
B35: 3.9 | C35: 96617 | D35: =VLOOKUP(C35,'SINAPI-COMP'!$B:$E,2,FALSE) -> LASTRO DE CONCRETO MAGRO, APLICADO EM BLOCOS DE COROAMENTO OU SAPATAS, ESPESSURA DE 3 CM. AF_01/2024 | E35: =VLOOKUP(C35,'SINAPI-COMP'!$B:$E,3,FALSE) -> M2 | F35: =G35*$D$10 -> 295.6 | G35: =VLOOKUP(B35,MECALC!$B:$H,7,0) -> 14.78 | H35: =VLOOKUP(C35,'SINAPI-COMP'!$B:$E,4,FALSE) -> 18.84 | I35: =H35 -> 18.84 | J35: =TRUNC(I35*(1+$K$9),2) -> 23.02 | K35: =TRUNC(J35*F35,2) -> 6804.71 | P35: =K35/K$192 -> 0.0024672474
B36: 3.10 | C36: 94971 | D36: =VLOOKUP(C36,'SINAPI-COMP'!$B:$E,2,FALSE) -> CONCRETO FCK = 25MPA, TRAÇO 1:2,3:2,7 (EM MASSA SECA DE CIMENTO/ AREIA MÉDIA/ BRITA 1) - PREPARO MECÂNICO COM BETONEIRA 600 L. AF_05/2021 | E36: =VLOOKUP(C36,'SINAPI-COMP'!$B:$E,3,FALSE) -> M3 | F36: =G36*$D$10 -> 46.6 | G36: =VLOOKUP(B36,MECALC!$B:$H,7,0) -> 2.33 | H36: =VLOOKUP(C36,'SINAPI-COMP'!$B:$E,4,FALSE) -> 492.23 | I36: =H36 -> 492.23 | J36: =TRUNC(I36*(1+$K$9),2) -> 601.6 | K36: =TRUNC(J36*F36,2) -> 28034.56 | P36: =K36/K$192 -> 0.010164753
B37: 3.11 | C37: 103670 | D37: =VLOOKUP(C37,'SINAPI-COMP'!$B:$E,2,FALSE) -> LANÇAMENTO COM USO DE BALDES, ADENSAMENTO E ACABAMENTO DE CONCRETO EM ESTRUTURAS. AF_02/2022 | E37: =VLOOKUP(C37,'SINAPI-COMP'!$B:$E,3,FALSE) -> M3 | F37: =G37*$D$10 -> 58.8 | G37: =VLOOKUP(B37,MECALC!$B:$H,7,0) -> 2.94 | H37: =VLOOKUP(C37,'SINAPI-COMP'!$B:$E,4,FALSE) -> 281.31 | I37: =H37 -> 281.31 | J37: =TRUNC(I37*(1+$K$9),2) -> 343.81 | K37: =TRUNC(J37*F37,2) -> 20216.02 | P37: =K37/K$192 -> 0.0073299117
B38: 3.12 | C38: 98555 | D38: =VLOOKUP(C38,'SINAPI-COMP'!$B:$E,2,FALSE) -> IMPERMEABILIZAÇÃO DE SUPERFÍCIE COM ARGAMASSA POLIMÉRICA / MEMBRANA ACRÍLICA, 3 DEMÃOS. AF_09/2023 | E38: =VLOOKUP(C38,'SINAPI-COMP'!$B:$E,3,FALSE) -> M2 | F38: =G38*$D$10 -> 739 | G38: =VLOOKUP(B38,MECALC!$B:$H,7,0) -> 36.95 | H38: =VLOOKUP(C38,'SINAPI-COMP'!$B:$E,4,FALSE) -> 29.89 | I38: =H38 -> 29.89 | J38: =TRUNC(I38*(1+$K$9),2) -> 36.53 | K38: =TRUNC(J38*F38,2) -> 26995.67 | P38: =K38/K$192 -> 0.0097880729
B39: 3.13 | C39: 92759 | D39: =VLOOKUP(C39,'SINAPI-COMP'!$B:$E,2,FALSE) -> ARMAÇÃO DE PILAR OU VIGA DE ESTRUTURA CONVENCIONAL DE CONCRETO ARMADO UTILIZANDO AÇO CA-60 DE 5,0 MM - MONTAGEM. AF_06/2022 | E39: =VLOOKUP(C39,'SINAPI-COMP'!$B:$E,3,FALSE) -> KG | F39: =G39*$D$10 -> 758.6 | G39: =VLOOKUP(B39,MECALC!$B:$H,7,0) -> 37.93 | H39: =VLOOKUP(C39,'SINAPI-COMP'!$B:$E,4,FALSE) -> 13.74 | I39: =H39 -> 13.74 | J39: =TRUNC(I39*(1+$K$9),2) -> 16.79 | K39: =TRUNC(J39*F39,2) -> 12736.89
B40: 3.14 | C40: 92762 | D40: =VLOOKUP(C40,'SINAPI-COMP'!$B:$E,2,FALSE) -> ARMAÇÃO DE PILAR OU VIGA DE ESTRUTURA CONVENCIONAL DE CONCRETO ARMADO UTILIZANDO AÇO CA-50 DE 10,0 MM - MONTAGEM. AF_06/2022 | E40: =VLOOKUP(C40,'SINAPI-COMP'!$B:$E,3,FALSE) -> KG | F40: =G40*$D$10 -> 2419.6 | G40: =VLOOKUP(B40,MECALC!$B:$H,7,0) -> 120.98 | H40: =VLOOKUP(C40,'SINAPI-COMP'!$B:$E,4,FALSE) -> 10.97 | I40: =H40 -> 10.97 | J40: =TRUNC(I40*(1+$K$9),2) -> 13.4 | K40: =TRUNC(J40*F40,2) -> 32422.64
P41: =K41/K$192 -> 0
B42: 4 | D42: SUPRAESTRUTURA (PILARES, ESPERAS E VIGA DE RESPALDO) | H42: CUSTO TOTAL DO ITEM | K42: =SUM(K43:K51) -> 235620.08
B43: 4.1 | C43: 010601002 | D43: =VLOOKUP(C43,COMPOSIÇÕES!$B:$H,2,0) -> FABRICAÇÃO, MONTAGEM E DESMONTAGEM DE FÔRMA PARA PILARES E VIGAS, EM MADEIRA SERRADA, E=25 MM, 4 UTILIZAÇÕES | E43: =VLOOKUP(C43,COMPOSIÇÕES!$B:$H,3,0) -> M2 | F43: =G43*$D$10 -> 827.6 | G43: =VLOOKUP(B43,MECALC!$B:$H,7,0) -> 41.38 | H43: =VLOOKUP(C43,COMPOSIÇÕES!$B:$H,7,FALSE) -> 92.92 | I43: =H43 -> 92.92 | J43: =TRUNC(I43*(1+$K$9),2) -> 113.56 | K43: =TRUNC(J43*F43,2) -> 93982.25 | P43: =K43/K$192 -> 0.034076024
B44: 4.2 | C44: 92273 | D44: =VLOOKUP(C44,'SINAPI-COMP'!$B:$E,2,FALSE) -> FABRICAÇÃO DE ESCORAS DO TIPO PONTALETE, EM MADEIRA, PARA PÉ-DIREITO SIMPLES. AF_09/2020 | E44: =VLOOKUP(C44,'SINAPI-COMP'!$B:$E,3,FALSE) -> M | F44: =G44*$D$10 -> 192 | G44: =VLOOKUP(B44,MECALC!$B:$H,7,0) -> 9.6 | H44: =VLOOKUP(C44,'SINAPI-COMP'!$B:$E,4,FALSE) -> 13.74 | I44: =H44 -> 13.74 | J44: =TRUNC(I44*(1+$K$9),2) -> 16.79 | K44: =TRUNC(J44*F44,2) -> 3223.68 | P44: =K44/K$192 -> 0.0011688398
B45: 4.3 | C45: 94971 | D45: =VLOOKUP(C45,'SINAPI-COMP'!$B:$E,2,FALSE) -> CONCRETO FCK = 25MPA, TRAÇO 1:2,3:2,7 (EM MASSA SECA DE CIMENTO/ AREIA MÉDIA/ BRITA 1) - PREPARO MECÂNICO COM BETONEIRA 600 L. AF_05/2021 | E45: =VLOOKUP(C45,'SINAPI-COMP'!$B:$E,3,FALSE) -> M3 | F45: =G45*$D$10 -> 47.6 | G45: =VLOOKUP(B45,MECALC!$B:$H,7,0) -> 2.38 | H45: =VLOOKUP(C45,'SINAPI-COMP'!$B:$E,4,FALSE) -> 492.23 | I45: =H45 -> 492.23 | J45: =TRUNC(I45*(1+$K$9),2) -> 601.6 | K45: =TRUNC(J45*F45,2) -> 28636.16 | P45: =K45/K$192 -> 0.010382881
B46: 4.4 | C46: 103670 | D46: =VLOOKUP(C46,'SINAPI-COMP'!$B:$E,2,FALSE) -> LANÇAMENTO COM USO DE BALDES, ADENSAMENTO E ACABAMENTO DE CONCRETO EM ESTRUTURAS. AF_02/2022 | E46: =VLOOKUP(C46,'SINAPI-COMP'!$B:$E,3,FALSE) -> M3 | F46: =G46*$D$10 -> 47.6 | G46: =VLOOKUP(B46,MECALC!$B:$H,7,0) -> 2.38 | H46: =VLOOKUP(C46,'SINAPI-COMP'!$B:$E,4,FALSE) -> 281.31 | I46: =H46 -> 281.31 | J46: =TRUNC(I46*(1+$K$9),2) -> 343.81 | K46: =TRUNC(J46*F46,2) -> 16365.35 | P46: =K46/K$192 -> 0.0059337382
B47: 4.5 | C47: 92759 | D47: =VLOOKUP(C47,'SINAPI-COMP'!$B:$E,2,FALSE) -> ARMAÇÃO DE PILAR OU VIGA DE ESTRUTURA CONVENCIONAL DE CONCRETO ARMADO UTILIZANDO AÇO CA-60 DE 5,0 MM - MONTAGEM. AF_06/2022 | E47: =VLOOKUP(C47,'SINAPI-COMP'!$B:$E,3,FALSE) -> KG | F47: =G47*$D$10 -> 1112 | G47: =VLOOKUP(B47,MECALC!$B:$H,7,0) -> 55.6 | H47: =VLOOKUP(C47,'SINAPI-COMP'!$B:$E,4,FALSE) -> 13.74 | I47: =H47 -> 13.74 | J47: =TRUNC(I47*(1+$K$9),2) -> 16.79 | K47: =TRUNC(J47*F47,2) -> 18670.48 | P47: =K47/K$192 -> 0.0067695308
B48: 4.6 | C48: 92761 | D48: =VLOOKUP(C48,'SINAPI-COMP'!$B:$E,2,FALSE) -> ARMAÇÃO DE PILAR OU VIGA DE ESTRUTURA CONVENCIONAL DE CONCRETO ARMADO UTILIZANDO AÇO CA-50 DE 8,0 MM - MONTAGEM. AF_06/2022 | E48: =VLOOKUP(C48,'SINAPI-COMP'!$B:$E,3,FALSE) -> KG | F48: =G48*$D$10 -> 1756 | G48: =VLOOKUP(B48,MECALC!$B:$H,7,0) -> 87.8 | H48: =VLOOKUP(C48,'SINAPI-COMP'!$B:$E,4,FALSE) -> 12.28 | I48: =H48 -> 12.28 | J48: =TRUNC(I48*(1+$K$9),2) -> 15 | K48: =TRUNC(J48*F48,2) -> 26340 | P48: =K48/K$192 -> 0.0095503405
B49: 4.7 | C49: 92762 | D49: =VLOOKUP(C49,'SINAPI-COMP'!$B:$E,2,FALSE) -> ARMAÇÃO DE PILAR OU VIGA DE ESTRUTURA CONVENCIONAL DE CONCRETO ARMADO UTILIZANDO AÇO CA-50 DE 10,0 MM - MONTAGEM. AF_06/2022 | E49: =VLOOKUP(C49,'SINAPI-COMP'!$B:$E,3,FALSE) -> KG | F49: =G49*$D$10 -> 1957 | G49: =VLOOKUP(B49,MECALC!$B:$H,7,0) -> 97.85 | H49: =VLOOKUP(C49,'SINAPI-COMP'!$B:$E,4,FALSE) -> 10.97 | I49: =H49 -> 10.97 | J49: =TRUNC(I49*(1+$K$9),2) -> 13.4 | K49: =TRUNC(J49*F49,2) -> 26223.8 | P49: =K49/K$192 -> 0.0095082087
B50: 4.8 | C50: 010603002 | D50: =VLOOKUP(C50,COMPOSIÇÕES!$B:$H,2,0) -> VERGA E CONTRAVERGA EM CONCRETO COM TRELIÇA DE 12CM | E50: =VLOOKUP(C50,COMPOSIÇÕES!$B:$H,3,0) -> M | F50: =G50*$D$10 -> 502 | G50: =VLOOKUP(B50,MECALC!$B:$H,7,0) -> 25.1 | H50: =VLOOKUP(C50,COMPOSIÇÕES!$B:$H,7,FALSE) -> 36.15 | I50: =H50 -> 36.15 | J50: =TRUNC(I50*(1+$K$9),2) -> 44.18 | K50: =TRUNC(J50*F50,2) -> 22178.36 | P50: =K50/K$192 -> 0.0080414157
P51: =K51/K$192 -> 0
B52: 5 | D52: ALVENARIA DE ELEVAÇÃO | H52: CUSTO TOTAL DO ITEM | K52: =SUM(K53:K54) -> 260081.39
B53: 5.1 | C53: 103328 | D53: =VLOOKUP(C53,'SINAPI-COMP'!$B:$E,2,FALSE) -> ALVENARIA DE VEDAÇÃO DE BLOCOS CERÂMICOS FURADOS NA HORIZONTAL DE 9X19X19 CM (ESPESSURA 9 CM) E ARGAMASSA DE ASSENTAMENTO COM PREPARO EM BETONEIRA. AF_12/2021 | E53: =VLOOKUP(C53,'SINAPI-COMP'!$B:$E,3,FALSE) -> M2 | F53: =G53*$D$10 -> 2323.4 | G53: =VLOOKUP(B53,MECALC!$B:$H,7,0) -> 116.17 | H53: =VLOOKUP(C53,'SINAPI-COMP'!$B:$E,4,FALSE) -> 91.59 | I53: =H53 -> 91.59 | J53: =TRUNC(I53*(1+$K$9),2) -> 111.94 | K53: =TRUNC(J53*F53,2) -> 260081.39 | P53: =K53/K$192 -> 0.094300145
P54: =K54/K$192 -> 0
B55: 6 | D55: ESTRUTURA DE COBERTURA - MADEIRA | H55: CUSTO TOTAL DO ITEM | K55: =SUM(K56:K59) -> 253831.97
B56: 6.1 | C56: 100379 | D56: =VLOOKUP(C56,'SINAPI-COMP'!$B:$E,2,FALSE) -> FABRICAÇÃO E INSTALAÇÃO DE PONTALETES DE MADEIRA NÃO APARELHADA PARA TELHADOS COM ATÉ 2 ÁGUAS E COM TELHA CERÂMICA OU DE CONCRETO EM EDIFÍCIO RESIDENCIAL TÉRREO, INCLUSO TRANSPORTE VERTICAL. AF_07/2019 | E56: =VLOOKUP(C56,'SINAPI-COMP'!$B:$E,3,FALSE) -> M2 | F56: =G56*$D$10 -> 1494.8 | G56: =VLOOKUP(B56,MECALC!$B:$H,7,0) -> 74.74 | H56: =VLOOKUP(C56,'SINAPI-COMP'!$B:$E,4,FALSE) -> 38.43 | I56: =H56 -> 38.43 | J56: =TRUNC(I56*(1+$K$9),2) -> 46.96 | K56: =TRUNC(J56*F56,2) -> 70195.8 | P56: =K56/K$192 -> 0.025451549
B57: 6.2 | C57: 92539 | D57: =VLOOKUP(C57,'SINAPI-COMP'!$B:$E,2,FALSE) -> TRAMA DE MADEIRA COMPOSTA POR RIPAS, CAIBROS E TERÇAS PARA TELHADOS DE ATÉ 2 ÁGUAS PARA TELHA DE ENCAIXE DE CERÂMICA OU DE CONCRETO, INCLUSO TRANSPORTE VERTICAL. AF_07/2019 | E57: =VLOOKUP(C57,'SINAPI-COMP'!$B:$E,3,FALSE) -> M2 | F57: =G57*$D$10 -> 1494.8 | G57: =VLOOKUP(B57,MECALC!$B:$H,7,0) -> 74.74 | H57: =VLOOKUP(C57,'SINAPI-COMP'!$B:$E,4,FALSE) -> 78.41 | I57: =H57 -> 78.41 | J57: =TRUNC(I57*(1+$K$9),2) -> 95.83 | K57: =TRUNC(J57*F57,2) -> 143246.68 | P57: =K57/K$192 -> 0.05193829
B58: 6.3 | C58: 102234 | D58: =VLOOKUP(C58,'SINAPI-COMP'!$B:$E,2,FALSE) -> PINTURA IMUNIZANTE PARA MADEIRA, 2 DEMÃOS. AF_01/2021 | E58: =VLOOKUP(C58,'SINAPI-COMP'!$B:$E,3,FALSE) -> M2 | F58: =G58*$D$10 -> 1494.8 | G58: =VLOOKUP(B58,MECALC!$B:$H,7,0) -> 74.74 | H58: =VLOOKUP(C58,'SINAPI-COMP'!$B:$E,4,FALSE) -> 22.11 | I58: =H58 -> 22.11 | J58: =TRUNC(I58*(1+$K$9),2) -> 27.02 | K58: =TRUNC(J58*F58,2) -> 40389.49 | P58: =K58/K$192 -> 0.014644396
P59: =K59/K$192 -> 0
B60: 7 | D60: COBERTURA | H60: CUSTO TOTAL DO ITEM | K60: =SUM(K61:K65) -> 99750.36
B61: 7.1 | C61: 94442 | D61: =VLOOKUP(C61,'SINAPI-COMP'!$B:$E,2,FALSE) -> TELHAMENTO COM TELHA CERÂMICA DE ENCAIXE, TIPO ROMANA, COM ATÉ 2 ÁGUAS, INCLUSO TRANSPORTE VERTICAL. AF_07/2019 | E61: =VLOOKUP(C61,'SINAPI-COMP'!$B:$E,3,FALSE) -> M2 | F61: =G61*$D$10 -> 1494.8 | G61: =VLOOKUP(B61,MECALC!$B:$H,7,0) -> 74.74 | H61: =VLOOKUP(C61,'SINAPI-COMP'!$B:$E,4,FALSE) -> 41.04 | I61: =H61 -> 41.04 | J61: =TRUNC(I61*(1+$K$9),2) -> 50.15 | K61: =TRUNC(J61*F61,2) -> 74964.22 | P61: =K61/K$192 -> 0.027180479
B62: 7.2 | C62: 94221 | D62: =VLOOKUP(C62,'SINAPI-COMP'!$B:$E,2,FALSE) -> CUMEEIRA PARA TELHA CERÂMICA EMBOÇADA COM ARGAMASSA TRAÇO 1:2:9 (CIMENTO, CAL E AREIA) PARA TELHADOS COM ATÉ 2 ÁGUAS, INCLUSO TRANSPORTE VERTICAL. AF_07/2019 | E62: =VLOOKUP(C62,'SINAPI-COMP'!$B:$E,3,FALSE) -> M | F62: =G62*$D$10 -> 178 | G62: =VLOOKUP(B62,MECALC!$B:$H,7,0) -> 8.9 | H62: =VLOOKUP(C62,'SINAPI-COMP'!$B:$E,4,FALSE) -> 27.92 | I62: =H62 -> 27.92 | J62: =TRUNC(I62*(1+$K$9),2) -> 34.12 | K62: =TRUNC(J62*F62,2) -> 6073.36 | P62: =K62/K$192 -> 0.002202075
B63: 7.3 | C63: 011000000 | D63: =VLOOKUP(C63,COMPOSIÇÕES!$B:$H,2,0) -> TABEIRA DE MADEIRA LEI, 1A QUALIDADE, 2,5X15,0CM PARA BEIRAL DE TELHADO | E63: =VLOOKUP(C63,COMPOSIÇÕES!$B:$H,3,0) -> M | F63: =G63*$D$10 -> 367.6 | G63: =VLOOKUP(B63,MECALC!$B:$H,7,0) -> 18.38 | H63: =VLOOKUP(C63,COMPOSIÇÕES!$B:$H,7,FALSE) -> 32.33 | I63: =H63 -> 32.33 | J63: =TRUNC(I63*(1+$K$9),2) -> 39.51 | K63: =TRUNC(J63*F63,2) -> 14523.87 | P63: =K63/K$192 -> 0.0052660556
B64: 7.4 | C64: 94447 | D64: =VLOOKUP(C64,'SINAPI-COMP'!$B:$E,2,FALSE) -> TELHAMENTO COM TELHA CERÂMICA CAPA-CANAL, TIPO PAULISTA, COM ATÉ 2 ÁGUAS, INCLUSO TRANSPORTE VERTICAL. AF_07/2019 | E64: =VLOOKUP(C64,'SINAPI-COMP'!$B:$E,3,FALSE) -> M2 | F64: =G64*$D$10 -> 58.8 | G64: =VLOOKUP(B64,MECALC!$B:$H,7,0) -> 2.94 | H64: =VLOOKUP(C64,'SINAPI-COMP'!$B:$E,4,FALSE) -> 58.29 | I64: =H64 -> 58.29 | J64: =TRUNC(I64*(1+$K$9),2) -> 71.24 | K64: =TRUNC(J64*F64,2) -> 4188.91 | P64: =K64/K$192 -> 0.0015188123
P65: =K65/K$192 -> 0
B66: 8 | D66: ESQUADRIAS | H66: CUSTO TOTAL DO ITEM | K66: =SUM(K67:K72) -> 203979.27
B67: 8.1 | C67: 94807 | D67: =VLOOKUP(C67,'SINAPI-COMP'!$B:$E,2,FALSE) -> PORTA EM AÇO DE ABRIR TIPO VENEZIANA SEM GUARNIÇÃO, 87X210CM, FIXAÇÃO COM PARAFUSOS - FORNECIMENTO E INSTALAÇÃO. AF_12/2019 | E67: =VLOOKUP(C67,'SINAPI-COMP'!$B:$E,3,FALSE) -> UN | F67: =G67*$D$10 -> 120 | G67: =VLOOKUP(B67,MECALC!$B:$H,7,0) -> 6 | H67: =VLOOKUP(C67,'SINAPI-COMP'!$B:$E,4,FALSE) -> 593.3 | I67: =H67 -> 593.3 | J67: =TRUNC(I67*(1+$K$9),2) -> 725.13 | K67: =TRUNC(J67*F67,2) -> 87015.6 | P67: =K67/K$192 -> 0.031550061
B68: 8.2 | C68: 011102006 | D68: =VLOOKUP(C68,COMPOSIÇÕES!$B:$H,2,0) -> JANELA DE AÇO TIPO BASCULANTE, PARA VIDROS (VIDROS NÃO INCLUSOS), BATENTE/ REQUADRO INCLUSO (6,5 A 14 CM), COM COM PINTURA ANTICORROSIVA, SEM ACABAMENTO, COM FERRAGENS, FIXAÇÃO COM ARGAMASSA, EXCLUSIVE CONTRAMARCO - FORNECIMENTO E INSTALAÇÃO. AF_11/2024 | E68: =VLOOKUP(C68,COMPOSIÇÕES!$B:$H,3,0) -> M2 | F68: =G68*$D$10 -> 14.4 | G68: =VLOOKUP(B68,MECALC!$B:$H,7,0) -> 0.72 | H68: =VLOOKUP(C68,COMPOSIÇÕES!$B:$H,7,FALSE) -> 711.12 | I68: =H68 -> 711.12 | J68: =TRUNC(I68*(1+$K$9),2) -> 869.13 | K68: =TRUNC(J68*F68,2) -> 12515.47 | P68: =K68/K$192 -> 0.0045378512
B69: 8.3 | C69: 94562 | D69: =VLOOKUP(C69,'SINAPI-COMP'!$B:$E,2,FALSE) -> JANELA DE AÇO DE CORRER COM 4 FOLHAS PARA VIDRO (VIDROS NÃO INCLUSOS), BATENTE/ REQUADRO INCLUSO (6 A 14 CM), FIXAÇÃO COM ARGAMASSA, COM PINTURA ANTICORROSIVA, COM FERRAGENS, FIXAÇÃO COM ARGAMASSA, EXCLUSIVE CONTRAMARCO - FORNECIMENTO E INSTALAÇÃO. AF_11/2024 | E69: =VLOOKUP(C69,'SINAPI-COMP'!$B:$E,3,FALSE) -> M2 | F69: =G69*$D$10 -> 60 | G69: =VLOOKUP(B69,MECALC!$B:$H,7,0) -> 3 | H69: =VLOOKUP(C69,'SINAPI-COMP'!$B:$E,4,FALSE) -> 621.83 | I69: =H69 -> 621.83 | J69: =TRUNC(I69*(1+$K$9),2) -> 760 | K69: =TRUNC(J69*F69,2) -> 45600 | P69: =K69/K$192 -> 0.016533619
B70: 8.4 | C70: 011102000 | D70: =VLOOKUP(C70,COMPOSIÇÕES!$B:$H,2,0) -> JANELA DE AÇO DE CORRER, VENEZIANA, FIXAÇÃO COM ARGAMASSA, SEM VIDROS - 100x120 CM | E70: =VLOOKUP(C70,COMPOSIÇÕES!$B:$H,3,0) -> UN | F70: =G70*$D$10 -> 40 | G70: =VLOOKUP(B70,MECALC!$B:$H,7,0) -> 2 | H70: =VLOOKUP(C70,COMPOSIÇÕES!$B:$H,7,FALSE) -> 640.07 | I70: =H70 -> 640.07 | J70: =TRUNC(I70*(1+$K$9),2) -> 782.29 | K70: =TRUNC(J70*F70,2) -> 31291.6 | L70: --- Cotação | P70: =K70/K$192 -> 0.011345688
B71: 8.5 | C71: 101965 | D71: =VLOOKUP(C71,'SINAPI-COMP'!$B:$E,2,FALSE) -> PEITORIL LINEAR EM GRANITO OU MÁRMORE, L = 15CM, ASSENTADO COM ARGAMASSA 1:6 COM ADITIVO. AF_11/2020 | E71: =VLOOKUP(C71,'SINAPI-COMP'!$B:$E,3,FALSE) -> M | F71: =G71*$D$10 -> 127.2 | G71: =VLOOKUP(B71,MECALC!$B:$H,7,0) -> 6.36 | H71: =VLOOKUP(C71,'SINAPI-COMP'!$B:$E,4,FALSE) -> 177.26 | I71: =H71 -> 177.26 | J71: =TRUNC(I71*(1+$K$9),2) -> 216.64 | K71: =TRUNC(J71*F71,2) -> 27556.6 | P71: =K71/K$192 -> 0.0099914545
P72: =K72/K$192 -> 0
B73: 9 | D73: REVESTIMENTOS | H73: CUSTO TOTAL DO ITEM | K73: =SUM(K74:K79) -> 297713.94
B74: 9.1 | D74: REVESTIMENTOS INTERNOS E EXTERNOS | P74: =K74/K$192 -> 0
B75: 9.1.1 | C75: 87879 | D75: =VLOOKUP(C75,'SINAPI-COMP'!$B:$E,2,FALSE) -> CHAPISCO APLICADO EM ALVENARIAS E ESTRUTURAS DE CONCRETO INTERNAS, COM COLHER DE PEDREIRO. ARGAMASSA TRAÇO 1:3 COM PREPARO EM BETONEIRA 400L. AF_10/2022 | E75: =VLOOKUP(C75,'SINAPI-COMP'!$B:$E,3,FALSE) -> M2 | F75: =G75*$D$10 -> 4758.6 | G75: =VLOOKUP(B75,MECALC!$B:$H,7,0) -> 237.93 | H75: =VLOOKUP(C75,'SINAPI-COMP'!$B:$E,4,FALSE) -> 4.27 | I75: =H75 -> 4.27 | J75: =TRUNC(I75*(1+$K$9),2) -> 5.21 | K75: =TRUNC(J75*F75,2) -> 24792.3 | P75: =K75/K$192 -> 0.0089891764
B76: 9.1.2 | C76: 87529 | D76: =VLOOKUP(C76,'SINAPI-COMP'!$B:$E,2,FALSE) -> MASSA ÚNICA, EM ARGAMASSA TRAÇO 1:2:8, PREPARO MECÂNICO, APLICADA MANUALMENTE EM PAREDES INTERNAS DE AMBIENTES COM ÁREA ENTRE 5M² E 10M², E = 17,5MM, COM TALISCAS. AF_03/2024 | E76: =VLOOKUP(C76,'SINAPI-COMP'!$B:$E,3,FALSE) -> M2 | F76: =G76*$D$10 -> 4758.6 | G76: =VLOOKUP(B76,MECALC!$B:$H,7,0) -> 237.93 | H76: =VLOOKUP(C76,'SINAPI-COMP'!$B:$E,4,FALSE) -> 34.87 | I76: =H76 -> 34.87 | J76: =TRUNC(I76*(1+$K$9),2) -> 42.61 | K76: =TRUNC(J76*F76,2) -> 202763.94 | P76: =K76/K$192 -> 0.07351802
B77: 9.2 | D77: AZULEJOS | P77: =K77/K$192 -> 0
B78: 9.2.1 | C78: 87265 | D78: =VLOOKUP(C78,'SINAPI-COMP'!$B:$E,2,FALSE) -> REVESTIMENTO CERÂMICO PARA PAREDES INTERNAS COM PLACAS TIPO ESMALTADA DE DIMENSÕES 20X20 CM APLICADAS NA ALTURA INTEIRA DAS PAREDES. AF_02/2023_PE | E78: =VLOOKUP(C78,'SINAPI-COMP'!$B:$E,3,FALSE) -> M2 | F78: =G78*$D$10 -> 927.2 | G78: =VLOOKUP(B78,MECALC!$B:$H,7,0) -> 46.36 | H78: =VLOOKUP(C78,'SINAPI-COMP'!$B:$E,4,FALSE) -> 60.75 | I78: =H78 -> 60.75 | J78: =TRUNC(I78*(1+$K$9),2) -> 74.24 | K78: =TRUNC(J78*F78,2) -> 68835.32 | P78: =K78/K$192 -> 0.024958267
B79: 9.2.2 | C79: 98555 | D79: =VLOOKUP(C79,'SINAPI-COMP'!$B:$E,2,FALSE)&" (COZINHA / ÁREA DE SERVIÇO)" -> IMPERMEABILIZAÇÃO DE SUPERFÍCIE COM ARGAMASSA POLIMÉRICA / MEMBRANA ACRÍLICA, 3 DEMÃOS. AF_09/2023 (COZINHA / ÁREA DE SERVIÇO) | E79: =VLOOKUP(C79,'SINAPI-COMP'!$B:$E,3,FALSE) -> M2 | F79: =G79*$D$10 -> 36.2 | G79: =VLOOKUP(B79,MECALC!$B:$H,7,0) -> 1.81 | H79: =VLOOKUP(C79,'SINAPI-COMP'!$B:$E,4,FALSE) -> 29.89 | I79: =H79 -> 29.89 | J79: =TRUNC(I79*(1+$K$9),2) -> 36.53 | K79: =TRUNC(J79*F79,2) -> 1322.38 | P79: =K79/K$192 -> 0.0004794677
P80: =K80/K$192 -> 0
B81: 10 | D81: PINTURA | H81: CUSTO TOTAL DO ITEM | K81: =SUM(K82:K86) -> 104047.35
B82: 10.1 | C82: 88485 | D82: =VLOOKUP(C82,'SINAPI-COMP'!$B:$E,2,FALSE) -> FUNDO SELADOR ACRÍLICO, APLICAÇÃO MANUAL EM PAREDE, UMA DEMÃO. AF_04/2023 | E82: =VLOOKUP(C82,'SINAPI-COMP'!$B:$E,3,FALSE) -> M2 | F82: =G82*$D$10 -> 3195.6 | G82: =VLOOKUP(B82,MECALC!$B:$H,7,0) -> 159.78 | H82: =VLOOKUP(C82,'SINAPI-COMP'!$B:$E,4,FALSE) -> 3.84 | I82: =H82 -> 3.84 | J82: =TRUNC(I82*(1+$K$9),2) -> 4.69 | K82: =TRUNC(J82*F82,2) -> 14987.36 | P82: =K82/K$192 -> 0.0054341075
B83: 10.2 | C83: 88489 | D83: =VLOOKUP(C83,'SINAPI-COMP'!$B:$E,2,FALSE) -> PINTURA LÁTEX ACRÍLICA PREMIUM, APLICAÇÃO MANUAL EM PAREDES, DUAS DEMÃOS. AF_04/2023 | E83: =VLOOKUP(C83,'SINAPI-COMP'!$B:$E,3,FALSE) -> M2 | F83: =G83*$D$10 -> 1692.2 | G83: =VLOOKUP(B83,MECALC!$B:$H,7,0) -> 84.61 | H83: =VLOOKUP(C83,'SINAPI-COMP'!$B:$E,4,FALSE) -> 11.98 | I83: =H83 -> 11.98 | J83: =TRUNC(I83*(1+$K$9),2) -> 14.64 | K83: =TRUNC(J83*F83,2) -> 24773.8 | P83: =K83/K$192 -> 0.0089824687
B84: 10.3 | C84: 95305 | D84: =VLOOKUP(C84,'SINAPI-COMP'!$B:$E,2,FALSE) -> TEXTURA ACRÍLICA, APLICAÇÃO MANUAL EM PAREDE, UMA DEMÃO. AF_04/2023 | E84: =VLOOKUP(C84,'SINAPI-COMP'!$B:$E,3,FALSE) -> M2 | F84: =G84*$D$10 -> 1503.4 | G84: =VLOOKUP(B84,MECALC!$B:$H,7,0) -> 75.17 | H84: =VLOOKUP(C84,'SINAPI-COMP'!$B:$E,4,FALSE) -> 12.66 | I84: =H84 -> 12.66 | J84: =TRUNC(I84*(1+$K$9),2) -> 15.47 | K84: =TRUNC(J84*F84,2) -> 23257.59 | P84: =K84/K$192 -> 0.0084327222
B85: 10.4 | C85: 100760 | D85: =VLOOKUP(C85,'SINAPI-COMP'!$B:$E,2,FALSE) -> PINTURA COM TINTA ALQUÍDICA DE ACABAMENTO (ESMALTE SINTÉTICO BRILHANTE) APLICADA A ROLO OU PINCEL SOBRE SUPERFÍCIES METÁLICAS (EXCETO PERFIL) EXECUTADO EM OBRA (02 DEMÃOS). AF_01/2020 | E85: =VLOOKUP(C85,'SINAPI-COMP'!$B:$E,3,FALSE) -> M2 | F85: =G85*$D$10 -> 708 | G85: =VLOOKUP(B85,MECALC!$B:$H,7,0) -> 35.4 | H85: =VLOOKUP(C85,'SINAPI-COMP'!$B:$E,4,FALSE) -> 47.42 | I85: =H85 -> 47.42 | J85: =TRUNC(I85*(1+$K$9),2) -> 57.95 | K85: =TRUNC(J85*F85,2) -> 41028.6 | P85: =K85/K$192 -> 0.014876124
P86: =K86/K$192 -> 0
B87: 11 | D87: FORRO | H87: CUSTO TOTAL DO ITEM | K87: =SUM(K88:K89) -> 112168.05
B88: 11.1 | C88: 96111 | D88: =VLOOKUP(C88,'SINAPI-COMP'!$B:$E,2,FALSE) -> FORRO EM RÉGUAS DE PVC, FRISADO, PARA AMBIENTES RESIDENCIAIS, INCLUSIVE ESTRUTURA UNIDIRECIONAL DE FIXAÇÃO. AF_08/2023_PS | E88: =VLOOKUP(C88,'SINAPI-COMP'!$B:$E,3,FALSE) -> M2 | F88: =G88*$D$10 -> 1293.6 | G88: =VLOOKUP(B88,MECALC!$B:$H,7,0) -> 64.68 | H88: =VLOOKUP(C88,'SINAPI-COMP'!$B:$E,4,FALSE) -> 70.95 | I88: =H88 -> 70.95 | J88: =TRUNC(I88*(1+$K$9),2) -> 86.71 | K88: =TRUNC(J88*F88,2) -> 112168.05 | L88: --- Alterar conforme o ambientes solicitados com forro | P88: =K88/K$192 -> 0.04066982
P89: =K89/K$192 -> 0
B90: 12 | D90: VIDROS | H90: CUSTO TOTAL DO ITEM | K90: =SUM(K91:K92) -> 20278.27
B91: 12.1 | C91: 011900000 | D91: =VLOOKUP(C91,COMPOSIÇÕES!$B:$H,2,0) -> VIDRO FANTASIA TIPO CANELADO, ESPESSURA 4MM | E91: =VLOOKUP(C91,COMPOSIÇÕES!$B:$H,3,0) -> M2 | F91: =G91*$D$10 -> 98.4 | G91: =VLOOKUP(B91,MECALC!$B:$H,7,0) -> 4.92 | H91: =VLOOKUP(C91,COMPOSIÇÕES!$B:$H,7,FALSE) -> 168.62 | I91: =H91 -> 168.62 | J91: =TRUNC(I91*(1+$K$9),2) -> 206.08 | K91: =TRUNC(J91*F91,2) -> 20278.27 | P91: =K91/K$192 -> 0.0073524822
P92: =K92/K$192 -> 0
B93: 13 | D93: PAVIMENTAÇÃO | H93: CUSTO TOTAL DO ITEM | K93: =SUM(K94:K101) -> 149830
B94: 13.1 | D94: CERÂMICA E CONTRAPISO | P94: =K94/K$192 -> 0
B95: 13.1.1 | C95: 87247 | D95: =VLOOKUP(C95,'SINAPI-COMP'!$B:$E,2,FALSE) -> REVESTIMENTO CERÂMICO PARA PISO COM PLACAS TIPO ESMALTADA DE DIMENSÕES 35X35 CM APLICADA EM AMBIENTES DE ÁREA ENTRE 5 M2 E 10 M2. AF_02/2023_PE | E95: =VLOOKUP(C95,'SINAPI-COMP'!$B:$E,3,FALSE) -> M2 | F95: =G95*$D$10 -> 927.2 | G95: =VLOOKUP(B95,MECALC!$B:$H,7,0) -> 46.36 | H95: =VLOOKUP(C95,'SINAPI-COMP'!$B:$E,4,FALSE) -> 62.63 | I95: =H95 -> 62.63 | J95: =TRUNC(I95*(1+$K$9),2) -> 76.54 | K95: =TRUNC(J95*F95,2) -> 70967.88 | L95: --- Alterar conforme o ambientes solicitados com piso | P95: =K95/K$192 -> 0.025731489
B96: 13.1.2 | C96: 88648 | D96: =VLOOKUP(C96,'SINAPI-COMP'!$B:$E,2,FALSE) -> RODAPÉ CERÂMICO DE 7CM DE ALTURA COM PLACAS TIPO ESMALTADA DE DIMENSÕES 35X35CM. AF_02/2023 | E96: =VLOOKUP(C96,'SINAPI-COMP'!$B:$E,3,FALSE) -> M | F96: =G96*$D$10 -> 730.4 | G96: =VLOOKUP(B96,MECALC!$B:$H,7,0) -> 36.52 | H96: =VLOOKUP(C96,'SINAPI-COMP'!$B:$E,4,FALSE) -> 7.84 | I96: =H96 -> 7.84 | J96: =TRUNC(I96*(1+$K$9),2) -> 9.58 | K96: =TRUNC(J96*F96,2) -> 6997.23 | L96: --- Alterar conforme o ambientes solicitados com piso | P96: =K96/K$192 -> 0.0025370512
B97: 13.1.3 | C97: 94990 | D97: =VLOOKUP(C97,'SINAPI-COMP'!$B:$E,2,FALSE)&" (CONTRAPISO)" -> EXECUÇÃO DE PASSEIO (CALÇADA) OU PISO DE CONCRETO COM CONCRETO MOLDADO IN LOCO, FEITO EM OBRA, ACABAMENTO CONVENCIONAL, NÃO ARMADO. AF_08/2022 (CONTRAPISO) | E97: =VLOOKUP(C97,'SINAPI-COMP'!$B:$E,3,FALSE) -> M3 | F97: =G97*$D$10 -> 40 | G97: =VLOOKUP(B97,MECALC!$B:$H,7,0) -> 2 | H97: =VLOOKUP(C97,'SINAPI-COMP'!$B:$E,4,FALSE) -> 753.72 | I97: =H97 -> 753.72 | J97: =TRUNC(I97*(1+$K$9),2) -> 921.19 | K97: =TRUNC(J97*F97,2) -> 36847.6 | L97: --- Alterar conforme o ambientes solicitados com piso | P97: =K97/K$192 -> 0.013360179
B98: 13.1.4 | C98: 98555 | D98: =VLOOKUP(C98,'SINAPI-COMP'!$B:$E,2,FALSE)&" (BANHEIRO)" -> IMPERMEABILIZAÇÃO DE SUPERFÍCIE COM ARGAMASSA POLIMÉRICA / MEMBRANA ACRÍLICA, 3 DEMÃOS. AF_09/2023 (BANHEIRO) | E98: =VLOOKUP(C98,'SINAPI-COMP'!$B:$E,3,FALSE) -> M2 | F98: =G98*$D$10 -> 101.2 | G98: =VLOOKUP(B98,MECALC!$B:$H,7,0) -> 5.06 | H98: =VLOOKUP(C98,'SINAPI-COMP'!$B:$E,4,FALSE) -> 29.89 | I98: =H98 -> 29.89 | J98: =TRUNC(I98*(1+$K$9),2) -> 36.53 | K98: =TRUNC(J98*F98,2) -> 3696.83 | L98: --- Alterar conforme o ambientes solicitados com piso | P98: =K98/K$192 -> 0.0013403943
B99: 13.2 | D99: CALÇADA | P99: =K99/K$192 -> 0
B100: 13.2.1 | C100: 94990 | D100: =VLOOKUP(C100,'SINAPI-COMP'!$B:$E,2,FALSE) -> EXECUÇÃO DE PASSEIO (CALÇADA) OU PISO DE CONCRETO COM CONCRETO MOLDADO IN LOCO, FEITO EM OBRA, ACABAMENTO CONVENCIONAL, NÃO ARMADO. AF_08/2022 | E100: =VLOOKUP(C100,'SINAPI-COMP'!$B:$E,3,FALSE) -> M3 | F100: =G100*$D$10 -> 34 | G100: =VLOOKUP(B100,MECALC!$B:$H,7,0) -> 1.7 | H100: =VLOOKUP(C100,'SINAPI-COMP'!$B:$E,4,FALSE) -> 753.72 | I100: =H100 -> 753.72 | J100: =TRUNC(I100*(1+$K$9),2) -> 921.19 | K100: =TRUNC(J100*F100,2) -> 31320.46 | P100: =K100/K$192 -> 0.011356152
P101: =K101/K$192 -> 0
B102: 14 | D102: INSTALAÇÃO ELÉTRICA | H102: CUSTO TOTAL DO ITEM | K102: =SUM(K103:K129) -> 218808.4
B103: 14.1 | C103: 90447 | D103: =VLOOKUP(C103,'SINAPI-COMP'!$B:$E,2,FALSE) -> RASGO LINEAR MANUAL EM ALVENARIA, PARA ELETRODUTOS, DIÂMETROS MENORES OU IGUAIS A 40 MM. AF_09/2023 | E103: =VLOOKUP(C103,'SINAPI-COMP'!$B:$E,3,FALSE) -> M | F103: =G103*$D$10 -> 460 | G103: =VLOOKUP(B103,MECALC!$B:$H,7,0) -> 23 | H103: =VLOOKUP(C103,'SINAPI-COMP'!$B:$E,4,FALSE) -> 8.41 | I103: =H103 -> 8.41 | J103: =TRUNC(I103*(1+$K$9),2) -> 10.27 | K103: =TRUNC(J103*F103,2) -> 4724.2 | P103: =K103/K$192 -> 0.0017128974
B104: 14.2 | C104: 91834 | D104: =VLOOKUP(C104,'SINAPI-COMP'!$B:$E,2,FALSE) -> ELETRODUTO FLEXÍVEL CORRUGADO, PVC, DN 25 MM (3/4"), PARA CIRCUITOS TERMINAIS, INSTALADO EM FORRO - FORNECIMENTO E INSTALAÇÃO. AF_03/2023 | E104: =VLOOKUP(C104,'SINAPI-COMP'!$B:$E,3,FALSE) -> M | F104: =G104*$D$10 -> 1600 | G104: =VLOOKUP(B104,MECALC!$B:$H,7,0) -> 80 | H104: =VLOOKUP(C104,'SINAPI-COMP'!$B:$E,4,FALSE) -> 18.92 | I104: =H104 -> 18.92 | J104: =TRUNC(I104*(1+$K$9),2) -> 23.12 | K104: =TRUNC(J104*F104,2) -> 36992 | P104: =K104/K$192 -> 0.013412536
B105: 14.3 | C105: 91836 | D105: =VLOOKUP(C105,'SINAPI-COMP'!$B:$E,2,FALSE) -> ELETRODUTO FLEXÍVEL CORRUGADO, PVC, DN 32 MM (1"), PARA CIRCUITOS TERMINAIS, INSTALADO EM FORRO - FORNECIMENTO E INSTALAÇÃO. AF_03/2023 | E105: =VLOOKUP(C105,'SINAPI-COMP'!$B:$E,3,FALSE) -> M | F105: =G105*$D$10 -> 80 | G105: =VLOOKUP(B105,MECALC!$B:$H,7,0) -> 4 | H105: =VLOOKUP(C105,'SINAPI-COMP'!$B:$E,4,FALSE) -> 21.82 | I105: =H105 -> 21.82 | J105: =TRUNC(I105*(1+$K$9),2) -> 26.66 | K105: =TRUNC(J105*F105,2) -> 2132.8 | P105: =K105/K$192 -> 0.00077330927
...

Sheet MECALC
C7: Obra: | D7: =RESUMO!C7 -> FHNIS
C8: Local: | D8: =RESUMO!C8 -> MS | F8: Data: | G8: =RESUMO!E8 -> 45965
C9: Área (m²): | D9: =RESUMO!C9 -> 51.53
C10: UH: | D10: =RESUMO!C10 -> 20
B12: MEMÓRIA DE CÁLCULO
B13: ITEM | C13: REFERÊNCIA SINAPI / AGEHAB / AGESUL | D13: DESCRIÇÃO | E13: CÁLCULO PARA 01 UNIDADE HABITACIONAL | F13: UNID. | G13: ="QUANT. P/ "&D10&"UH" -> QUANT. P/ 20UH | H13: QUANT. 1UH
B14: 1 | D14: =VLOOKUP(B14,PLANILHA!$B:$K,3,0) -> SERVIÇOS PRELIMINARES
B15: 1.1 | C15: =VLOOKUP(B15,PLANILHA!$B:$K,2,0) -> 98519 | D15: =VLOOKUP(B15,PLANILHA!$B:$K,3,0) -> REVOLVIMENTO E LIMPEZA MANUAL DE SOLO. AF_07/2024 | E15: Área da Unidade Habitacional = 51,53m² | F15: =VLOOKUP(B15,PLANILHA!$B:$K,4,0) -> M2 | G15: =H15*$D$10 -> 1030.6 | H15: 51.53 | I15: =G15=VLOOKUP(B15,PLANILHA!$B:$K,5,0) -> TRUE
B16: 1.2 | C16: =VLOOKUP(B16,PLANILHA!$B:$K,2,0) -> 010100000 | D16: =VLOOKUP(B16,PLANILHA!$B:$K,3,0) -> LOCAÇÃO CONVENCIONAL DE OBRA ATRAVÉS DE GABARITO DE TÁBUAS CORRIDAS PONTALETADAS, COM REAPROVEITAMENTO DE 3 VEZES | F16: =VLOOKUP(B16,PLANILHA!$B:$K,4,0) -> M2 | G16: =H16*$D$10 -> 1030.6 | H16: 51.53 | I16: =G16=VLOOKUP(B16,PLANILHA!$B:$K,5,0) -> TRUE
B17: 1.3 | C17: =VLOOKUP(B17,PLANILHA!$B:$K,2,0) -> 010100004 | D17: =VLOOKUP(B17,PLANILHA!$B:$K,3,0) -> LOCAÇÃO DE CONTAINER PARA DEPÓSITO DE (2,30 X 6,00M), ALT. 2,50M, SEM DIVISÓRIAS INTERNAS E SEM SANITÁRIO, EXC. TRANSP./CARGA/DESCARGA | E17: Container para depósito, 2,30m x 6,00m x h=2,50m | F17: =VLOOKUP(B17,PLANILHA!$B:$K,4,0) -> MÊS | G17: =H17 -> 18 | H17: 18 | I17: =G17=VLOOKUP(B17,PLANILHA!$B:$K,5,0) -> TRUE | J17: --- Alterar a [QUANT. P/ 1UH] conforme o cronograma
B18: 1.4 | C18: =VLOOKUP(B18,PLANILHA!$B:$K,2,0) -> 103689 | D18: =VLOOKUP(B18,PLANILHA!$B:$K,3,0) -> FORNECIMENTO E INSTALAÇÃO DE PLACA DE OBRA COM CHAPA GALVANIZADA E ESTRUTURA DE MADEIRA. AF_03/2022_PS | E18: Placa de obra 2,00m x 4,00m = 8,00m² | F18: =VLOOKUP(B18,PLANILHA!$B:$K,4,0) -> M2 | G18: =H18 -> 8 | H18: 8 | I18: =G18=VLOOKUP(B18,PLANILHA!$B:$K,5,0) -> TRUE | J18: --- Verificar se for pulverizado, remover o serviço
B19: 1.5 | C19: =VLOOKUP(B19,PLANILHA!$B:$K,2,0) -> 011399003 | D19: =VLOOKUP(B19,PLANILHA!$B:$K,3,0) -> INSTALAÇÃO PROVISÓRIA DE ÁGUA E ESGOTO P/ CANTEIRO DE OBRA | E19: Instalação provisória 1un. | F19: =VLOOKUP(B19,PLANILHA!$B:$K,4,0) -> UN | G19: =H19 -> 1 | H19: 1 | I19: =G19=VLOOKUP(B19,PLANILHA!$B:$K,5,0) -> TRUE
B20: 1.6 | C20: =VLOOKUP(B20,PLANILHA!$B:$K,2,0) -> 011299000 | D20: =VLOOKUP(B20,PLANILHA!$B:$K,3,0) -> INSTALAÇÃO/LIGAÇÃO PROVISÓRIA DE ENERGIA ELÉTRICA DE BAIXA TENSÃO | F20: =VLOOKUP(B20,PLANILHA!$B:$K,4,0) -> UN | G20: =H20 -> 1 | H20: 1 | I20: =G20=VLOOKUP(B20,PLANILHA!$B:$K,5,0) -> TRUE
B22: 2 | D22: =VLOOKUP(B22,PLANILHA!$B:$K,3,0) -> SERVIÇOS EM TERRA
B23: 2.1 | C23: =VLOOKUP(B23,PLANILHA!$B:$K,2,0) -> 401001126 | D23: =VLOOKUP(B23,PLANILHA!$B:$K,3,0) -> ATERRO MANUAL EM CAMADAS DE 20 CM, UMIDECIDAS E FORTEMENTE APILOADAS, COM AQUISICAO DE TERRA | E23: Área da UH * 0,20 cm aterro (51,53*0,20) | F23: =VLOOKUP(B23,PLANILHA!$B:$K,4,0) -> M3 | G23: =H23*$D$10 -> 206.2 | H23: 10.31 | I23: =G23=VLOOKUP(B23,PLANILHA!$B:$K,5,0) -> TRUE
B25: 3 | D25: =VLOOKUP(B25,PLANILHA!$B:$K,3,0) -> FUNDAÇÕES (ESTACA, BLOCOS E VIGA BALDRAME)
B26: 3.1 | C26: =VLOOKUP(B26,PLANILHA!$B:$K,2,0) -> 93358 | D26: =VLOOKUP(B26,PLANILHA!$B:$K,3,0) -> ESCAVAÇÃO MANUAL DE VALA. AF_09/2024 | E26: 13 blocos * 0,4 * 0,4 * 0,4 + 49,26 (baldrame) * 0,20 * 0,35 | F26: =VLOOKUP(B26,PLANILHA!$B:$K,4,0) -> M3 | G26: =H26*$D$10 -> 85.6 | H26: 4.28 | I26: =G26=VLOOKUP(B26,PLANILHA!$B:$K,5,0) -> TRUE
B27: 3.2 | C27: =VLOOKUP(B27,PLANILHA!$B:$K,2,0) -> 96617 | D27: =VLOOKUP(B27,PLANILHA!$B:$K,3,0) -> LASTRO DE CONCRETO MAGRO, APLICADO EM BLOCOS DE COROAMENTO OU SAPATAS, ESPESSURA DE 3 CM. AF_01/2024 | E27: 13 blocos * 0,4 cm * 0,4 | F27: =VLOOKUP(B27,PLANILHA!$B:$K,4,0) -> M2 | G27: =H27*$D$10 -> 41.6 | H27: 2.08 | I27: =G27=VLOOKUP(B27,PLANILHA!$B:$K,5,0) -> TRUE
B28: 3.3 | C28: =VLOOKUP(B28,PLANILHA!$B:$K,2,0) -> 92760 | D28: =VLOOKUP(B28,PLANILHA!$B:$K,3,0) -> ARMAÇÃO DE PILAR OU VIGA DE ESTRUTURA CONVENCIONAL DE CONCRETO ARMADO UTILIZANDO AÇO CA-50 DE 6,3 MM - MONTAGEM. AF_06/2022 | E28: (0,35 * 4 lados * 9 aneis + 0,05 cm) * 13 blocos *0,245 kg/m | F28: =VLOOKUP(B28,PLANILHA!$B:$K,4,0) -> KG | G28: =H28*$D$10 -> 805.8 | H28: 40.29 | I28: =G28=VLOOKUP(B28,PLANILHA!$B:$K,5,0) -> TRUE
B29: 3.4 | C29: =VLOOKUP(B29,PLANILHA!$B:$K,2,0) -> 94971 | D29: =VLOOKUP(B29,PLANILHA!$B:$K,3,0) -> CONCRETO FCK = 25MPA, TRAÇO 1:2,3:2,7 (EM MASSA SECA DE CIMENTO/ AREIA MÉDIA/ BRITA 1) - PREPARO MECÂNICO COM BETONEIRA 600 L. AF_05/2021 | E29: (80% * 0,4 * 0,4 * 0,4) * 13 | F29: =VLOOKUP(B29,PLANILHA!$B:$K,4,0) -> M3 | G29: =H29*$D$10 -> 13.4 | H29: 0.67 | I29: =G29=VLOOKUP(B29,PLANILHA!$B:$K,5,0) -> TRUE
B30: 3.5 | C30: =VLOOKUP(B30,PLANILHA!$B:$K,2,0) -> 103670 | D30: =VLOOKUP(B30,PLANILHA!$B:$K,3,0) -> LANÇAMENTO COM USO DE BALDES, ADENSAMENTO E ACABAMENTO DE CONCRETO EM ESTRUTURAS. AF_02/2022 | E30: Lançamento conforme o concreto = 0,6144m³ | F30: =VLOOKUP(B30,PLANILHA!$B:$K,4,0) -> M3 | G30: =H30*$D$10 -> 13.4 | H30: =H29 -> 0.67 | I30: =G30=VLOOKUP(B30,PLANILHA!$B:$K,5,0) -> TRUE
B31: 3.6 | C31: =VLOOKUP(B31,PLANILHA!$B:$K,2,0) -> 93382 | D31: =VLOOKUP(B31,PLANILHA!$B:$K,3,0) -> REATERRO MANUAL DE VALAS, COM COMPACTADOR DE SOLOS DE PERCUSSÃO. AF_08/2023 | E31: 75% da escavação | F31: =VLOOKUP(B31,PLANILHA!$B:$K,4,0) -> M3 | G31: =H31*$D$10 -> 64.2 | H31: =0.75*H26 -> 3.21 | I31: =G31=VLOOKUP(B31,PLANILHA!$B:$K,5,0) -> TRUE
B32: 3.7 | C32: =VLOOKUP(B32,PLANILHA!$B:$K,2,0) -> 96537 | D32: =VLOOKUP(B32,PLANILHA!$B:$K,3,0) -> FABRICAÇÃO, MONTAGEM E DESMONTAGEM DE FÔRMA PARA BLOCO DE COROAMENTO, EM CHAPA DE MADEIRA COMPENSADA RESINADA, E=17 MM, 2 UTILIZAÇÕES. AF_01/2024 | E32: 0,4*4*13 / 2 usos = 9,6 | F32: =VLOOKUP(B32,PLANILHA!$B:$K,4,0) -> M2 | G32: =H32*$D$10 -> 208 | H32: 10.4 | I32: =G32=VLOOKUP(B32,PLANILHA!$B:$K,5,0) -> TRUE
B33: 3.8 | C33: =VLOOKUP(B33,PLANILHA!$B:$K,2,0) -> 101173 | D33: =VLOOKUP(B33,PLANILHA!$B:$K,3,0) -> ESTACA BROCA DE CONCRETO, DIÂMETRO DE 20CM, ESCAVAÇÃO MANUAL COM TRADO CONCHA, COM ARMADURA DE ARRANQUE. AF_05/2020 | E33: 13 * 4 metros + 1 * 3 metros | F33: =VLOOKUP(B33,PLANILHA!$B:$K,4,0) -> M | G33: =H33*$D$10 -> 1100 | H33: 55 | I33: =G33=VLOOKUP(B33,PLANILHA!$B:$K,5,0) -> TRUE
B34: 3.9 | C34: =VLOOKUP(B34,PLANILHA!$B:$K,2,0) -> 96617 | D34: =VLOOKUP(B34,PLANILHA!$B:$K,3,0) -> LASTRO DE CONCRETO MAGRO, APLICADO EM BLOCOS DE COROAMENTO OU SAPATAS, ESPESSURA DE 3 CM. AF_01/2024 | E34: Baldrame: 49,26 * 0,3 | F34: =VLOOKUP(B34,PLANILHA!$B:$K,4,0) -> M2 | G34: =H34*$D$10 -> 295.6 | H34: 14.78 | I34: =G34=VLOOKUP(B34,PLANILHA!$B:$K,5,0) -> TRUE
B35: 3.10 | C35: =VLOOKUP(B35,PLANILHA!$B:$K,2,0) -> 94971 | D35: =VLOOKUP(B35,PLANILHA!$B:$K,3,0) -> CONCRETO FCK = 25MPA, TRAÇO 1:2,3:2,7 (EM MASSA SECA DE CIMENTO/ AREIA MÉDIA/ BRITA 1) - PREPARO MECÂNICO COM BETONEIRA 600 L. AF_05/2021 | E35: Baldrame: 0,15*0,3*49,26 + 5% | F35: =VLOOKUP(B35,PLANILHA!$B:$K,4,0) -> M3 | G35: =H35*$D$10 -> 46.6 | H35: 2.33 | I35: =G35=VLOOKUP(B35,PLANILHA!$B:$K,5,0) -> TRUE
B36: 3.11 | C36: =VLOOKUP(B36,PLANILHA!$B:$K,2,0) -> 103670 | D36: =VLOOKUP(B36,PLANILHA!$B:$K,3,0) -> LANÇAMENTO COM USO DE BALDES, ADENSAMENTO E ACABAMENTO DE CONCRETO EM ESTRUTURAS. AF_02/2022 | E36: Lançamento conforme o concreto = 2,94m³ | F36: =VLOOKUP(B36,PLANILHA!$B:$K,4,0) -> M3 | G36: =H36*$D$10 -> 58.8 | H36: 2.94 | I36: =G36=VLOOKUP(B36,PLANILHA!$B:$K,5,0) -> TRUE
B37: 3.12 | C37: =VLOOKUP(B37,PLANILHA!$B:$K,2,0) -> 98555 | D37: =VLOOKUP(B37,PLANILHA!$B:$K,3,0) -> IMPERMEABILIZAÇÃO DE SUPERFÍCIE COM ARGAMASSA POLIMÉRICA / MEMBRANA ACRÍLICA, 3 DEMÃOS. AF_09/2023 | E37: Área superior da viga baldrame (49,26*0,15) + Área área lateral da viga baldrame (2*49,26*0,3) | F37: =VLOOKUP(B37,PLANILHA!$B:$K,4,0) -> M2 | G37: =H37*$D$10 -> 739 | H37: 36.95 | I37: =G37=VLOOKUP(B37,PLANILHA!$B:$K,5,0) -> TRUE
B38: 3.13 | C38: =VLOOKUP(B38,PLANILHA!$B:$K,2,0) -> 92759 | D38: =VLOOKUP(B38,PLANILHA!$B:$K,3,0) -> ARMAÇÃO DE PILAR OU VIGA DE ESTRUTURA CONVENCIONAL DE CONCRETO ARMADO UTILIZANDO AÇO CA-60 DE 5,0 MM - MONTAGEM. AF_06/2022 | E38: 49,26 m de baldrame/0,20 (espaçam. Entre estribos)*0,154 kg/m (peso linear) | F38: =VLOOKUP(B38,PLANILHA!$B:$K,4,0) -> KG | G38: =H38*$D$10 -> 758.6 | H38: 37.93 | I38: =G38=VLOOKUP(B38,PLANILHA!$B:$K,5,0) -> TRUE
B39: 3.14 | C39: =VLOOKUP(B39,PLANILHA!$B:$K,2,0) -> 92762 | D39: =VLOOKUP(B39,PLANILHA!$B:$K,3,0) -> ARMAÇÃO DE PILAR OU VIGA DE ESTRUTURA CONVENCIONAL DE CONCRETO ARMADO UTILIZANDO AÇO CA-50 DE 10,0 MM - MONTAGEM. AF_06/2022 | E39: 49,26 m de baldrame * 4 barras 10mm * 0,614 kg/m (peso linear) | F39: =VLOOKUP(B39,PLANILHA!$B:$K,4,0) -> KG | G39: =H39*$D$10 -> 2419.6 | H39: 120.98 | I39: =G39=VLOOKUP(B39,PLANILHA!$B:$K,5,0) -> TRUE
B41: 4 | D41: =VLOOKUP(B41,PLANILHA!$B:$K,3,0) -> SUPRAESTRUTURA (PILARES, ESPERAS E VIGA DE RESPALDO)
B42: 4.1 | C42: =VLOOKUP(B42,PLANILHA!$B:$K,2,0) -> 010601002 | D42: =VLOOKUP(B42,PLANILHA!$B:$K,3,0) -> FABRICAÇÃO, MONTAGEM E DESMONTAGEM DE FÔRMA PARA PILARES E VIGAS, EM MADEIRA SERRADA, E=25 MM, 4 UTILIZAÇÕES | E42: Área de forma: Pilares = ((0,50m x 2,40m x 11und)+(0,80m x 2,90m x 2und)) + Vigas = (94,16m x 0,25m) | F42: =VLOOKUP(B42,PLANILHA!$B:$K,4,0) -> M2 | G42: =H42*$D$10 -> 827.6 | H42: 41.38 | I42: =G42=VLOOKUP(B42,PLANILHA!$B:$K,5,0) -> TRUE
B43: 4.2 | C43: =VLOOKUP(B43,PLANILHA!$B:$K,2,0) -> 92273 | D43: =VLOOKUP(B43,PLANILHA!$B:$K,3,0) -> FABRICAÇÃO DE ESCORAS DO TIPO PONTALETE, EM MADEIRA, PARA PÉ-DIREITO SIMPLES. AF_09/2020 | E43: Escoramento para Viga de Respaldo, indicado no projeto estrutural = 2,40m x 4und = 9,60m | F43: =VLOOKUP(B43,PLANILHA!$B:$K,4,0) -> M | G43: =H43*$D$10 -> 192 | H43: 9.6 | I43: =G43=VLOOKUP(B43,PLANILHA!$B:$K,5,0) -> TRUE
B44: 4.3 | C44: =VLOOKUP(B44,PLANILHA!$B:$K,2,0) -> 94971 | D44: =VLOOKUP(B44,PLANILHA!$B:$K,3,0) -> CONCRETO FCK = 25MPA, TRAÇO 1:2,3:2,7 (EM MASSA SECA DE CIMENTO/ AREIA MÉDIA/ BRITA 1) - PREPARO MECÂNICO COM BETONEIRA 600 L. AF_05/2021 | E44: Concreto para pilares e viga de respaldo: Pilares ((0,12m x 0,3m x 2,40m x 11und) + (0,20m x 0,20m x 2,90m x 2und) + Vigas = (48,58*0,1*0,2) + 10% | F44: =VLOOKUP(B44,PLANILHA!$B:$K,4,0) -> M3 | G44: =H44*$D$10 -> 47.6 | H44: 2.38 | I44: =G44=VLOOKUP(B44,PLANILHA!$B:$K,5,0) -> TRUE
B45: 4.4 | C45: =VLOOKUP(B45,PLANILHA!$B:$K,2,0) -> 103670 | D45: =VLOOKUP(B45,PLANILHA!$B:$K,3,0) -> LANÇAMENTO COM USO DE BALDES, ADENSAMENTO E ACABAMENTO DE CONCRETO EM ESTRUTURAS. AF_02/2022 | E45: Lançamento conforme o concreto = 2,38m³ | F45: =VLOOKUP(B45,PLANILHA!$B:$K,4,0) -> M3 | G45: =H45*$D$10 -> 47.6 | H45: 2.38 | I45: =G45=VLOOKUP(B45,PLANILHA!$B:$K,5,0) -> TRUE
B46: 4.5 | C46: =VLOOKUP(B46,PLANILHA!$B:$K,2,0) -> 92759 | D46: =VLOOKUP(B46,PLANILHA!$B:$K,3,0) -> ARMAÇÃO DE PILAR OU VIGA DE ESTRUTURA CONVENCIONAL DE CONCRETO ARMADO UTILIZANDO AÇO CA-60 DE 5,0 MM - MONTAGEM. AF_06/2022 | E46: Quantidade conforme projeto estrutural em kg | F46: =VLOOKUP(B46,PLANILHA!$B:$K,4,0) -> KG | G46: =H46*$D$10 -> 1112 | H46: 55.6 | I46: =G46=VLOOKUP(B46,PLANILHA!$B:$K,5,0) -> TRUE
B47: 4.6 | C47: =VLOOKUP(B47,PLANILHA!$B:$K,2,0) -> 92761 | D47: =VLOOKUP(B47,PLANILHA!$B:$K,3,0) -> ARMAÇÃO DE PILAR OU VIGA DE ESTRUTURA CONVENCIONAL DE CONCRETO ARMADO UTILIZANDO AÇO CA-50 DE 8,0 MM - MONTAGEM. AF_06/2022 | F47: =VLOOKUP(B47,PLANILHA!$B:$K,4,0) -> KG | G47: =H47*$D$10 -> 1756 | H47: 87.8 | I47: =G47=VLOOKUP(B47,PLANILHA!$B:$K,5,0) -> TRUE
B48: 4.7 | C48: =VLOOKUP(B48,PLANILHA!$B:$K,2,0) -> 92762 | D48: =VLOOKUP(B48,PLANILHA!$B:$K,3,0) -> ARMAÇÃO DE PILAR OU VIGA DE ESTRUTURA CONVENCIONAL DE CONCRETO ARMADO UTILIZANDO AÇO CA-50 DE 10,0 MM - MONTAGEM. AF_06/2022 | F48: =VLOOKUP(B48,PLANILHA!$B:$K,4,0) -> KG | G48: =H48*$D$10 -> 1957 | H48: 97.85
B49: 4.8 | C49: =VLOOKUP(B49,PLANILHA!$B:$K,2,0) -> 010603002 | D49: =VLOOKUP(B49,PLANILHA!$B:$K,3,0) -> VERGA E CONTRAVERGA EM CONCRETO COM TRELIÇA DE 12CM | E49: Quantidade conforme projeto estrutural em metro | F49: =VLOOKUP(B49,PLANILHA!$B:$K,4,0) -> M | G49: =H49*$D$10 -> 502 | H49: 25.1 | I49: =G49=VLOOKUP(B49,PLANILHA!$B:$K,5,0) -> TRUE
B51: 5 | D51: =VLOOKUP(B51,PLANILHA!$B:$K,3,0) -> ALVENARIA DE ELEVAÇÃO
B52: 5.1 | C52: =VLOOKUP(B52,PLANILHA!$B:$K,2,0) -> 103328 | D52: =VLOOKUP(B52,PLANILHA!$B:$K,3,0) -> ALVENARIA DE VEDAÇÃO DE BLOCOS CERÂMICOS FURADOS NA HORIZONTAL DE 9X19X19 CM (ESPESSURA 9 CM) E ARGAMASSA DE ASSENTAMENTO COM PREPARO EM BETONEIRA. AF_12/2021 | E52: Paredes (42,35m x 2,65m = 112,22m² + 10 m² lavan.) + Oitão (4,20m² x 2und = 8,40m²) - Esquadrias (1,50m² x 2und + 1,20m² x 2und + 0,36m² + 1,68m² x 5und = 14,16m²) = 116,17m² | F52: =VLOOKUP(B52,PLANILHA!$B:$K,4,0) -> M2 | G52: =H52*$D$10 -> 2323.4 | H52: 116.17 | I52: =G52=VLOOKUP(B52,PLANILHA!$B:$K,5,0) -> TRUE
B54: 6 | D54: =VLOOKUP(B54,PLANILHA!$B:$K,3,0) -> ESTRUTURA DE COBERTURA - MADEIRA
B55: 6.1 | C55: =VLOOKUP(B55,PLANILHA!$B:$K,2,0) -> 100379 | D55: =VLOOKUP(B55,PLANILHA!$B:$K,3,0) -> FABRICAÇÃO E INSTALAÇÃO DE PONTALETES DE MADEIRA NÃO APARELHADA PARA TELHADOS COM ATÉ 2 ÁGUAS E COM TELHA CERÂMICA OU DE CONCRETO EM EDIFÍCIO RESIDENCIAL TÉRREO, INCLUSO TRANSPORTE VERTICAL. AF_07/2019 | E55: Área de Cobertura = 3,96m x 8,90m + 3,96m x 8,90m + 1,27m x 3,35m = 74,74m² | F55: =VLOOKUP(B55,PLANILHA!$B:$K,4,0) -> M2 | G55: =H55*$D$10 -> 1494.8 | H55: 74.74 | I55: =G55=VLOOKUP(B55,PLANILHA!$B:$K,5,0) -> TRUE
B56: 6.2 | C56: =VLOOKUP(B56,PLANILHA!B:K,2,0) -> 92539 | D56: =VLOOKUP(B56,PLANILHA!$B:$K,3,0) -> TRAMA DE MADEIRA COMPOSTA POR RIPAS, CAIBROS E TERÇAS PARA TELHADOS DE ATÉ 2 ÁGUAS PARA TELHA DE ENCAIXE DE CERÂMICA OU DE CONCRETO, INCLUSO TRANSPORTE VERTICAL. AF_07/2019 | F56: =VLOOKUP(B56,PLANILHA!$B:$K,4,0) -> M2 | G56: =H56*$D$10 -> 1494.8 | H56: 74.74 | I56: =G56=VLOOKUP(B56,PLANILHA!$B:$K,5,0) -> TRUE
B57: 6.3 | C57: =VLOOKUP(B57,PLANILHA!B:K,2,0) -> 102234 | D57: =VLOOKUP(B57,PLANILHA!$B:$K,3,0) -> PINTURA IMUNIZANTE PARA MADEIRA, 2 DEMÃOS. AF_01/2021 | F57: =VLOOKUP(B57,PLANILHA!$B:$K,4,0) -> M2 | G57: =H57*$D$10 -> 1494.8 | H57: 74.74 | I57: =G57=VLOOKUP(B57,PLANILHA!$B:$K,5,0) -> TRUE
B59: 7 | D59: =VLOOKUP(B59,PLANILHA!$B:$K,3,0) -> COBERTURA
B60: 7.1 | C60: =VLOOKUP(B60,PLANILHA!$B:$K,2,0) -> 94442 | D60: =VLOOKUP(B60,PLANILHA!$B:$K,3,0) -> TELHAMENTO COM TELHA CERÂMICA DE ENCAIXE, TIPO ROMANA, COM ATÉ 2 ÁGUAS, INCLUSO TRANSPORTE VERTICAL. AF_07/2019 | E60: Área de Cobertura = 3,96m x 8,90m + 3,96m x 8,90m + 1,27m x 3,35m = 74,74m² | F60: =VLOOKUP(B60,PLANILHA!$B:$K,4,0) -> M2 | G60: =H60*$D$10 -> 1494.8 | H60: 74.74 | I60: =G60=VLOOKUP(B60,PLANILHA!$B:$K,5,0) -> TRUE
B61: 7.2 | C61: =VLOOKUP(B61,PLANILHA!$B:$K,2,0) -> 94221 | D61: =VLOOKUP(B61,PLANILHA!$B:$K,3,0) -> CUMEEIRA PARA TELHA CERÂMICA EMBOÇADA COM ARGAMASSA TRAÇO 1:2:9 (CIMENTO, CAL E AREIA) PARA TELHADOS COM ATÉ 2 ÁGUAS, INCLUSO TRANSPORTE VERTICAL. AF_07/2019 | E61: Comprimento total = 8,90m | F61: =VLOOKUP(B61,PLANILHA!$B:$K,4,0) -> M | G61: =H61*$D$10 -> 178 | H61: 8.9 | I61: =G61=VLOOKUP(B61,PLANILHA!$B:$K,5,0) -> TRUE
B62: 7.3 | C62: =VLOOKUP(B62,PLANILHA!$B:$K,2,0) -> 011000000 | D62: =VLOOKUP(B62,PLANILHA!$B:$K,3,0) -> TABEIRA DE MADEIRA LEI, 1A QUALIDADE, 2,5X15,0CM PARA BEIRAL DE TELHADO | E62: Comprimento total = 18,38m | F62: =VLOOKUP(B62,PLANILHA!$B:$K,4,0) -> M | G62: =H62*$D$10 -> 367.6 | H62: 18.38 | I62: =G62=VLOOKUP(B62,PLANILHA!$B:$K,5,0) -> TRUE
B63: 7.4 | C63: =VLOOKUP(B63,PLANILHA!$B:$K,2,0) -> 94447 | D63: =VLOOKUP(B63,PLANILHA!$B:$K,3,0) -> TELHAMENTO COM TELHA CERÂMICA CAPA-CANAL, TIPO PAULISTA, COM ATÉ 2 ÁGUAS, INCLUSO TRANSPORTE VERTICAL. AF_07/2019 | E63: Conforme Projeto de Arquitetura = 18,38m x 0,16m = 2,94m² | F63: =VLOOKUP(B63,PLANILHA!$B:$K,4,0) -> M2 | G63: =H63*$D$10 -> 58.8 | H63: 2.94 | I63: =G63=VLOOKUP(B63,PLANILHA!$B:$K,5,0) -> TRUE
B65: 8 | D65: =VLOOKUP(B65,PLANILHA!$B:$K,3,0) -> ESQUADRIAS
B66: 8.1 | C66: =VLOOKUP(B66,PLANILHA!$B:$K,2,0) -> 94807 | D66: =VLOOKUP(B66,PLANILHA!$B:$K,3,0) -> PORTA EM AÇO DE ABRIR TIPO VENEZIANA SEM GUARNIÇÃO, 87X210CM, FIXAÇÃO COM PARAFUSOS - FORNECIMENTO E INSTALAÇÃO. AF_12/2019 | E66: Quantidade total de portas = 6 un. | F66: =VLOOKUP(B66,PLANILHA!$B:$K,4,0) -> UN | G66: =H66*$D$10 -> 120 | H66: 6 | I66: =G66=VLOOKUP(B66,PLANILHA!$B:$K,5,0) -> TRUE
B67: 8.2 | C67: =VLOOKUP(B67,PLANILHA!$B:$K,2,0) -> 011102006 | D67: =VLOOKUP(B67,PLANILHA!$B:$K,3,0) -> JANELA DE AÇO TIPO BASCULANTE, PARA VIDROS (VIDROS NÃO INCLUSOS), BATENTE/ REQUADRO INCLUSO (6,5 A 14 CM), COM COM PINTURA ANTICORROSIVA, SEM ACABAMENTO, COM FERRAGENS, FIXAÇÃO COM ARGAMASSA, EXCLUSIVE CONTRAMARCO - FORNECIMENTO E INSTALAÇÃO. AF_11/2024 | E67: Banheiro e Lavand. (2 * 0,60m x 0,60m = 0,72m²) = 0,72m² | F67: =VLOOKUP(B67,PLANILHA!$B:$K,4,0) -> M2 | G67: =H67*$D$10 -> 14.4 | H67: 0.72 | I67: =G67=VLOOKUP(B67,PLANILHA!$B:$K,5,0) -> TRUE
B68: 8.3 | C68: =VLOOKUP(B68,PLANILHA!$B:$K,2,0) -> 94562 | D68: =VLOOKUP(B68,PLANILHA!$B:$K,3,0) -> JANELA DE AÇO DE CORRER COM 4 FOLHAS PARA VIDRO (VIDROS NÃO INCLUSOS), BATENTE/ REQUADRO INCLUSO (6 A 14 CM), FIXAÇÃO COM ARGAMASSA, COM PINTURA ANTICORROSIVA, COM FERRAGENS, FIXAÇÃO COM ARGAMASSA, EXCLUSIVE CONTRAMARCO - FORNECIMENTO E INSTALAÇÃO. AF_11/2024 | E68: Janela da Sala e Cozinha = (1,50m x 1,00m) x 2und = 3,00m² | F68: =VLOOKUP(B68,PLANILHA!$B:$K,4,0) -> M2 | G68: =H68*$D$10 -> 60 | H68: 3 | I68: =G68=VLOOKUP(B68,PLANILHA!$B:$K,5,0) -> TRUE
B69: 8.4 | C69: =VLOOKUP(B69,PLANILHA!$B:$K,2,0) -> 011102000 | D69: =VLOOKUP(B69,PLANILHA!$B:$K,3,0) -> JANELA DE AÇO DE CORRER, VENEZIANA, FIXAÇÃO COM ARGAMASSA, SEM VIDROS - 100x120 CM | E69: Janela dos Quartos = 2 un. | F69: =VLOOKUP(B69,PLANILHA!$B:$K,4,0) -> UN | G69: =H69*$D$10 -> 40 | H69: 2 | I69: =G69=VLOOKUP(B69,PLANILHA!$B:$K,5,0) -> TRUE
B70: 8.5 | C70: =VLOOKUP(B70,PLANILHA!$B:$K,2,0) -> 101965 | D70: =VLOOKUP(B70,PLANILHA!$B:$K,3,0) -> PEITORIL LINEAR EM GRANITO OU MÁRMORE, L = 15CM, ASSENTADO COM ARGAMASSA 1:6 COM ADITIVO. AF_11/2020 | E70: Comprimento das janelas mais 2cm para cada lado = (1,54m x 2und) + (1,24m x 2und) + 2 * 0,36m) = 6,36m | F70: =VLOOKUP(B70,PLANILHA!$B:$K,4,0) -> M | G70: =H70*$D$10 -> 127.2 | H70: 6.36 | I70: =G70=VLOOKUP(B70,PLANILHA!$B:$K,5,0) -> TRUE
B72: 9 | D72: =VLOOKUP(B72,PLANILHA!$B:$K,3,0) -> REVESTIMENTOS
B73: 9.1 | D73: =VLOOKUP(B73,PLANILHA!$B:$K,3,0) -> REVESTIMENTOS INTERNOS E EXTERNOS
B74: 9.1.1 | C74: =VLOOKUP(B74,PLANILHA!$B:$K,2,0) -> 87879 | D74: =VLOOKUP(B74,PLANILHA!$B:$K,3,0) -> CHAPISCO APLICADO EM ALVENARIAS E ESTRUTURAS DE CONCRETO INTERNAS, COM COLHER DE PEDREIRO. ARGAMASSA TRAÇO 1:3 COM PREPARO EM BETONEIRA 400L. AF_10/2022 | E74: Paredes Internas (67,38m x 2,65m = 178,56m²) - Esquadrias (8 x 0,80m x 2,10m + 2 x 1,50m² + 2 x 1,20m² + 0,72m² = 19,56m²) = 159,00m² + [Paredes Externas (30,06m x 2,65m = 79,65m²) + Oitão (2 x 4,20m² = 8,40m²) - Vãos e Esquadrias (2 x 0,80m x 2,10m + 2 x 1,50m² + 2 x 1,20m² + 0,36m² = 9,12m²) = 78,93m²] | F74: =VLOOKUP(B74,PLANILHA!$B:$K,4,0) -> M2 | G74: =H74*$D$10 -> 4758.6 | H74: =159+78.93 -> 237.93 | I74: =G74=VLOOKUP(B74,PLANILHA!$B:$K,5,0) -> TRUE
B75: 9.1.2 | C75: =VLOOKUP(B75,PLANILHA!$B:$K,2,0) -> 87529 | D75: =VLOOKUP(B75,PLANILHA!$B:$K,3,0) -> MASSA ÚNICA, EM ARGAMASSA TRAÇO 1:2:8, PREPARO MECÂNICO, APLICADA MANUALMENTE EM PAREDES INTERNAS DE AMBIENTES COM ÁREA ENTRE 5M² E 10M², E = 17,5MM, COM TALISCAS. AF_03/2024 | E75: Paredes Internas (67,38m x 2,65m = 178,56m²) - Esquadrias (8 x 0,80m x 2,10m + 2 x 1,50m² + 2 x 1,20m² + 0,72m² = 19,56m²) = 159,00m² + [Paredes Externas (30,06m x 2,65m = 79,65m²) + Oitão (2 x 4,20m² = 8,40m²) - Vãos e Esquadrias (2 x 0,80m x 2,10m + 2 x 1,50m² + 2 x 1,20m² + 0,36m² = 9,12m²) = 78,93m²] | F75: =VLOOKUP(B75,PLANILHA!$B:$K,4,0) -> M2 | G75: =H75*$D$10 -> 4758.6 | H75: =159+78.93 -> 237.93 | I75: =G75=VLOOKUP(B75,PLANILHA!$B:$K,5,0) -> TRUE
B76: 9.2 | D76: =VLOOKUP(B76,PLANILHA!$B:$K,3,0) -> AZULEJOS
B77: 9.2.1 | C77: =VLOOKUP(B77,PLANILHA!$B:$K,2,0) -> 87265 | D77: =VLOOKUP(B77,PLANILHA!$B:$K,3,0) -> REVESTIMENTO CERÂMICO PARA PAREDES INTERNAS COM PLACAS TIPO ESMALTADA DE DIMENSÕES 20X20 CM APLICADAS NA ALTURA INTEIRA DAS PAREDES. AF_02/2023_PE | E77: Banheiro (Box = 1,85m x 2,60m = 4,81m² + Paredes = 4,79m x 1,50m = 7,18m²) + Cozinha (Parede molhada = 6,56m x 1,50m - 0,64m² = 9,20m²) + Área de Serviço (Parede molhada = 2,51m x 1,50m = 3,76m²) = 24,95m² | F77: =VLOOKUP(B77,PLANILHA!$B:$K,4,0) -> M2 | G77: =H77*$D$10 -> 927.2 | H77: 46.36 | I77: =G77=VLOOKUP(B77,PLANILHA!$B:$K,5,0) -> TRUE
B78: 9.2.2 | C78: =VLOOKUP(B78,PLANILHA!$B:$K,2,0) -> 98555 | D78: =VLOOKUP(B78,PLANILHA!$B:$K,3,0) -> IMPERMEABILIZAÇÃO DE SUPERFÍCIE COM ARGAMASSA POLIMÉRICA / MEMBRANA ACRÍLICA, 3 DEMÃOS. AF_09/2023 (COZINHA / ÁREA DE SERVIÇO) | E78: Impermeabilização nas laterais das paredes com altura de 20cm = Área lateral das paredes = 9,07m x 0,20m = 1,81m² | F78: =VLOOKUP(B78,PLANILHA!$B:$K,4,0) -> M2 | G78: =H78*$D$10 -> 36.2 | H78: 1.81 | I78: =G78=VLOOKUP(B78,PLANILHA!$B:$K,5,0) -> TRUE
B80: 10 | D80: =VLOOKUP(B80,PLANILHA!$B:$K,3,0) -> PINTURA
B81: 10.1 | C81: =VLOOKUP(B81,PLANILHA!$B:$K,2,0) -> 88485 | D81: =VLOOKUP(B81,PLANILHA!$B:$K,3,0) -> FUNDO SELADOR ACRÍLICO, APLICAÇÃO MANUAL EM PAREDE, UMA DEMÃO. AF_04/2023 | E81: Área de reboco interno e externo (124,00m² + 78,93m² = 202,93m²) - Área de azulejo (24,95m²) = 177,98m² | F81: =VLOOKUP(B81,PLANILHA!$B:$K,4,0) -> M2 | G81: =H81*$D$10 -> 3195.6 | H81: 159.78 | I81: =G81=VLOOKUP(B81,PLANILHA!$B:$K,5,0) -> TRUE
B82: 10.2 | C82: =VLOOKUP(B82,PLANILHA!$B:$K,2,0) -> 88489 | D82: =VLOOKUP(B82,PLANILHA!$B:$K,3,0) -> PINTURA LÁTEX ACRÍLICA PREMIUM, APLICAÇÃO MANUAL EM PAREDES, DUAS DEMÃOS. AF_04/2023 | E82: Área de reboco interno (124,00m²) - Área de azulejo interno (21,19m²)= 102,81m² | F82: =VLOOKUP(B82,PLANILHA!$B:$K,4,0) -> M2 | G82: =H82*$D$10 -> 1692.2 | H82: 84.61 | I82: =G82=VLOOKUP(B82,PLANILHA!$B:$K,5,0) -> TRUE
B83: 10.3 | C83: =VLOOKUP(B83,PLANILHA!$B:$K,2,0) -> 95305 | D83: =VLOOKUP(B83,PLANILHA!$B:$K,3,0) -> TEXTURA ACRÍLICA, APLICAÇÃO MANUAL EM PAREDE, UMA DEMÃO. AF_04/2023 | E83: Área de reboco externo (78,93m²) - Área de azulejo externo (3,76) = 75,17m² | F83: =VLOOKUP(B83,PLANILHA!$B:$K,4,0) -> M2 | G83: =H83*$D$10 -> 1503.4 | H83: 75.17 | I83: =G83=VLOOKUP(B83,PLANILHA!$B:$K,5,0) -> TRUE
B84: 10.4 | C84: =VLOOKUP(B84,PLANILHA!$B:$K,2,0) -> 100760 | D84: =VLOOKUP(B84,PLANILHA!$B:$K,3,0) -> PINTURA COM TINTA ALQUÍDICA DE ACABAMENTO (ESMALTE SINTÉTICO BRILHANTE) APLICADA A ROLO OU PINCEL SOBRE SUPERFÍCIES METÁLICAS (EXCETO PERFIL) EXECUTADO EM OBRA (02 DEMÃOS). AF_01/2020 | E84: Somatório das áreas das esquadrias = (8,40m² + 5,76m²) x 2,50 = 35,40m² | F84: =VLOOKUP(B84,PLANILHA!$B:$K,4,0) -> M2 | G84: =H84*$D$10 -> 708 | H84: 35.4 | I84: =G84=VLOOKUP(B84,PLANILHA!$B:$K,5,0) -> TRUE
B86: 11 | D86: =VLOOKUP(B86,PLANILHA!$B:$K,3,0) -> FORRO
B87: 11.1 | C87: =VLOOKUP(B87,PLANILHA!$B:$K,2,0) -> 96111 | D87: =VLOOKUP(B87,PLANILHA!$B:$K,3,0) -> FORRO EM RÉGUAS DE PVC, FRISADO, PARA AMBIENTES RESIDENCIAIS, INCLUSIVE ESTRUTURA UNIDIRECIONAL DE FIXAÇÃO. AF_08/2023_PS | E87: Área interna + Área de Serviço + Beiral = 64,68 m² | F87: =VLOOKUP(B87,PLANILHA!$B:$K,4,0) -> M2 | G87: =H87*$D$10 -> 1293.6 | H87: 64.68 | I87: =G87=VLOOKUP(B87,PLANILHA!$B:$K,5,0) -> TRUE | J87: --- Alterar a [QUANT. P/ 1UH] conforme o ambientes solicitados com forro
B89: 12 | D89: =VLOOKUP(B89,PLANILHA!$B:$K,3,0) -> VIDROS
B90: 12.1 | C90: =VLOOKUP(B90,PLANILHA!$B:$K,2,0) -> 011900000 | D90: =VLOOKUP(B90,PLANILHA!$B:$K,3,0) -> VIDRO FANTASIA TIPO CANELADO, ESPESSURA 4MM | E90: Janelas = 1,20m²/2 x 2und + 0,36m² * 2 + 1,50m² x 2und = 4,92m² | F90: =VLOOKUP(B90,PLANILHA!$B:$K,4,0) -> M2 | G90: =H90*$D$10 -> 98.4 | H90: 4.92 | I90: =G90=VLOOKUP(B90,PLANILHA!$B:$K,5,0) -> TRUE
B92: 13 | D92: =VLOOKUP(B92,PLANILHA!$B:$K,3,0) -> PAVIMENTAÇÃO
B93: 13.1 | D93: =VLOOKUP(B93,PLANILHA!$B:$K,3,0) -> CERÂMICA E CONTRAPISO
B94: 13.1.1 | C94: =VLOOKUP(B94,PLANILHA!$B:$K,2,0) -> 87247 | D94: =VLOOKUP(B94,PLANILHA!$B:$K,3,0) -> REVESTIMENTO CERÂMICO PARA PISO COM PLACAS TIPO ESMALTADA DE DIMENSÕES 35X35 CM APLICADA EM AMBIENTES DE ÁREA ENTRE 5 M2 E 10 M2. AF_02/2023_PE | E94: Área interna (40,11m²) + Soleiras (0,80m x 0,13m x 5un. = 0,52m²) = 40,63m² | F94: =VLOOKUP(B94,PLANILHA!$B:$K,4,0) -> M2 | G94: =H94*$D$10 -> 927.2 | H94: 46.36 | I94: =G94=VLOOKUP(B94,PLANILHA!$B:$K,5,0) -> TRUE | J94: --- Alterar a [QUANT. P/ 1UH] conforme o ambientes solicitados com piso
B95: 13.1.2 | C95: =VLOOKUP(B95,PLANILHA!$B:$K,2,0) -> 88648 | D95: =VLOOKUP(B95,PLANILHA!$B:$K,3,0) -> RODAPÉ CERÂMICO DE 7CM DE ALTURA COM PLACAS TIPO ESMALTADA DE DIMENSÕES 35X35CM. AF_02/2023 | E95: Perímetro interno descontando as área molhadas e vãos = 36,52m | F95: =VLOOKUP(B95,PLANILHA!$B:$K,4,0) -> M | G95: =H95*$D$10 -> 730.4 | H95: 36.52 | I95: =G95=VLOOKUP(B95,PLANILHA!$B:$K,5,0) -> TRUE | J95: --- Alterar a [QUANT. P/ 1UH] conforme o ambientes solicitados com piso
B96: 13.1.3 | C96: =VLOOKUP(B96,PLANILHA!$B:$K,2,0) -> 94990 | D96: =VLOOKUP(B96,PLANILHA!$B:$K,3,0) -> EXECUÇÃO DE PASSEIO (CALÇADA) OU PISO DE CONCRETO COM CONCRETO MOLDADO IN LOCO, FEITO EM OBRA, ACABAMENTO CONVENCIONAL, NÃO ARMADO. AF_08/2022 (CONTRAPISO) | E96: Conforme área do Projeto Arquitetônico = 40,11m² x 0,05m = 2,00m³ | F96: =VLOOKUP(B96,PLANILHA!$B:$K,4,0) -> M3 | G96: =H96*$D$10 -> 40 | H96: 2 | I96: =G96=VLOOKUP(B96,PLANILHA!$B:$K,5,0) -> TRUE | J96: --- Alterar a [QUANT. P/ 1UH] conforme o ambientes solicitados com piso
B97: 13.1.4 | C97: =VLOOKUP(B97,PLANILHA!$B:$K,2,0) -> 98555 | D97: =VLOOKUP(B97,PLANILHA!$B:$K,3,0) -> IMPERMEABILIZAÇÃO DE SUPERFÍCIE COM ARGAMASSA POLIMÉRICA / MEMBRANA ACRÍLICA, 3 DEMÃOS. AF_09/2023 (BANHEIRO) | E97: Impermeabilização do piso do banheiro e laterais das paredes com altura de 20cm = Área do banheiro (3,55m²) + Área lateral das paredes (m²) = 1,51m² | F97: =VLOOKUP(B97,PLANILHA!$B:$K,4,0) -> M2 | G97: =H97*$D$10 -> 101.2 | H97: 5.06 | I97: =G97=VLOOKUP(B97,PLANILHA!$B:$K,5,0) -> TRUE | J97: --- Alterar a [QUANT. P/ 1UH] conforme o ambientes solicitados com piso
B98: 13.2 | D98: =VLOOKUP(B98,PLANILHA!$B:$K,3,0) -> CALÇADA
B99: 13.2.1 | C99: =VLOOKUP(B99,PLANILHA!$B:$K,2,0) -> 94990 | D99: =VLOOKUP(B99,PLANILHA!$B:$K,3,0) -> EXECUÇÃO DE PASSEIO (CALÇADA) OU PISO DE CONCRETO COM CONCRETO MOLDADO IN LOCO, FEITO EM OBRA, ACABAMENTO CONVENCIONAL, NÃO ARMADO. AF_08/2022 | E99: Conforme prancha URB1, ESP. = 5 CM | F99: =VLOOKUP(B99,PLANILHA!$B:$K,4,0) -> M3 | G99: =H99*$D$10 -> 34 | H99: 1.7 | I99: =G99=VLOOKUP(B99,PLANILHA!$B:$K,5,0) -> TRUE
B101: 14 | D101: =VLOOKUP(B101,PLANILHA!$B:$K,3,0) -> INSTALAÇÃO ELÉTRICA
B102: 14.1 | C102: =VLOOKUP(B102,PLANILHA!$B:$K,2,0) -> 90447 | D102: =VLOOKUP(B102,PLANILHA!$B:$K,3,0) -> RASGO LINEAR MANUAL EM ALVENARIA, PARA ELETRODUTOS, DIÂMETROS MENORES OU IGUAIS A 40 MM. AF_09/2023 | E102: Conforme Projeto Elétrico | F102: =VLOOKUP(B102,PLANILHA!$B:$K,4,0) -> M | G102: =H102*$D$10 -> 460 | H102: 23 | I102: =G102=VLOOKUP(B102,PLANILHA!$B:$K,5,0) -> TRUE
B103: 14.2 | C103: =VLOOKUP(B103,PLANILHA!$B:$K,2,0) -> 91834 | D103: =VLOOKUP(B103,PLANILHA!$B:$K,3,0) -> ELETRODUTO FLEXÍVEL CORRUGADO, PVC, DN 25 MM (3/4"), PARA CIRCUITOS TERMINAIS, INSTALADO EM FORRO - FORNECIMENTO E INSTALAÇÃO. AF_03/2023 | F103: =VLOOKUP(B103,PLANILHA!$B:$K,4,0) -> M | G103: =H103*$D$10 -> 1600 | H103: 80 | I103: =G103=VLOOKUP(B103,PLANILHA!$B:$K,5,0) -> TRUE
B104: 14.3 | C104: =VLOOKUP(B104,PLANILHA!$B:$K,2,0) -> 91836 | D104: =VLOOKUP(B104,PLANILHA!$B:$K,3,0) -> ELETRODUTO FLEXÍVEL CORRUGADO, PVC, DN 32 MM (1"), PARA CIRCUITOS TERMINAIS, INSTALADO EM FORRO - FORNECIMENTO E INSTALAÇÃO. AF_03/2023 | F104: =VLOOKUP(B104,PLANILHA!$B:$K,4,0) -> M | G104: =H104*$D$10 -> 80 | H104: 4 | I104: =G104=VLOOKUP(B104,PLANILHA!$B:$K,5,0) -> TRUE
B105: 14.4 | C105: =VLOOKUP(B105,PLANILHA!$B:$K,2,0) -> 91926 | D105: =VLOOKUP(B105,PLANILHA!$B:$K,3,0) -> CABO DE COBRE FLEXÍVEL ISOLADO, 2,5 MM², ANTI-CHAMA 450/750 V, PARA CIRCUITOS TERMINAIS - FORNECIMENTO E INSTALAÇÃO. AF_03/2023 | F105: =VLOOKUP(B105,PLANILHA!$B:$K,4,0) -> M | G105: =H105*$D$10 -> 4000 | H105: 200 | I105: =G105=VLOOKUP(B105,PLANILHA!$B:$K,5,0) -> TRUE
B106: 14.5 | C106: =VLOOKUP(B106,PLANILHA!$B:$K,2,0) -> 91930 | D106: =VLOOKUP(B106,PLANILHA!$B:$K,3,0) -> CABO DE COBRE FLEXÍVEL ISOLADO, 6 MM², ANTI-CHAMA 450/750 V, PARA CIRCUITOS TERMINAIS - FORNECIMENTO E INSTALAÇÃO. AF_03/2023 | F106: =VLOOKUP(B106,PLANILHA!$B:$K,4,0) -> M | G106: =H106*$D$10 -> 240 | H106: 12 | I106: =G106=VLOOKUP(B106,PLANILHA!$B:$K,5,0) -> TRUE
B107: 14.6 | C107: =VLOOKUP(B107,PLANILHA!$B:$K,2,0) -> 91934 | D107: =VLOOKUP(B107,PLANILHA!$B:$K,3,0) -> CABO DE COBRE FLEXÍVEL ISOLADO, 16 MM², ANTI-CHAMA 450/750 V, PARA CIRCUITOS TERMINAIS - FORNECIMENTO E INSTALAÇÃO. AF_03/2023 | F107: =VLOOKUP(B107,PLANILHA!$B:$K,4,0) -> M | G107: =H107*$D$10 -> 1220 | H107: 61 | I107: =G107=VLOOKUP(B107,PLANILHA!$B:$K,5,0) -> TRUE
B108: 14.7 | C108: =VLOOKUP(B108,PLANILHA!$B:$K,2,0) -> 92000 | D108: =VLOOKUP(B108,PLANILHA!$B:$K,3,0) -> TOMADA BAIXA DE EMBUTIR (1 MÓDULO), 2P+T 10 A, INCLUINDO SUPORTE E PLACA - FORNECIMENTO E INSTALAÇÃO. AF_03/2023 | F108: =VLOOKUP(B108,PLANILHA!$B:$K,4,0) -> UN | G108: =H108*$D$10 -> 160 | H108: 8 | I108: =G108=VLOOKUP(B108,PLANILHA!$B:$K,5,0) -> TRUE
B109: 14.8 | C109: =VLOOKUP(B109,PLANILHA!$B:$K,2,0) -> 92008 | D109: =VLOOKUP(B109,PLANILHA!$B:$K,3,0) -> TOMADA BAIXA DE EMBUTIR (2 MÓDULOS), 2P+T 10 A, INCLUINDO SUPORTE E PLACA - FORNECIMENTO E INSTALAÇÃO. AF_03/2023 | F109: =VLOOKUP(B109,PLANILHA!$B:$K,4,0) -> UN | G109: =H109*$D$10 -> 20 | H109: 1 | I109: =G109=VLOOKUP(B109,PLANILHA!$B:$K,5,0) -> TRUE
B110: 14.9 | C110: =VLOOKUP(B110,PLANILHA!$B:$K,2,0) -> 91996 | D110: =VLOOKUP(B110,PLANILHA!$B:$K,3,0) -> TOMADA MÉDIA DE EMBUTIR (1 MÓDULO), 2P+T 10 A, INCLUINDO SUPORTE E PLACA - FORNECIMENTO E INSTALAÇÃO. AF_03/2023 | F110: =VLOOKUP(B110,PLANILHA!$B:$K,4,0) -> UN | G110: =H110*$D$10 -> 100 | H110: 5 | I110: =G110=VLOOKUP(B110,PLANILHA!$B:$K,5,0) -> TRUE
B111: 14.10 | C111: =VLOOKUP(B111,PLANILHA!$B:$K,2,0) -> 92004 | D111: =VLOOKUP(B111,PLANILHA!$B:$K,3,0) -> TOMADA MÉDIA DE EMBUTIR (2 MÓDULOS), 2P+T 10 A, INCLUINDO SUPORTE E PLACA - FORNECIMENTO E INSTALAÇÃO. AF_03/2023 | F111: =VLOOKUP(B111,PLANILHA!$B:$K,4,0) -> UN | G111: =H111*$D$10 -> 20 | H111: 1 | I111: =G111=VLOOKUP(B111,PLANILHA!$B:$K,5,0) -> TRUE
B112: 14.11 | C112: =VLOOKUP(B112,PLANILHA!$B:$K,2,0) -> 91992 | D112: =VLOOKUP(B112,PLANILHA!$B:$K,3,0) -> TOMADA ALTA DE EMBUTIR (1 MÓDULO), 2P+T 10 A, INCLUINDO SUPORTE E PLACA - FORNECIMENTO E INSTALAÇÃO. AF_03/2023 | F112: =VLOOKUP(B112,PLANILHA!$B:$K,4,0) -> UN | G112: =H112*$D$10 -> 80 | H112: 4 | I112: =G112=VLOOKUP(B112,PLANILHA!$B:$K,5,0) -> TRUE
B113: 14.12 | C113: =VLOOKUP(B113,PLANILHA!$B:$K,2,0) -> 91953 | D113: =VLOOKUP(B113,PLANILHA!$B:$K,3,0) -> INTERRUPTOR SIMPLES (1 MÓDULO), 10A/250V, INCLUINDO SUPORTE E PLACA - FORNECIMENTO E INSTALAÇÃO. AF_03/2023 | F113: =VLOOKUP(B113,PLANILHA!$B:$K,4,0) -> UN | G113: =H113*$D$10 -> 60 | H113: 3 | I113: =G113=VLOOKUP(B113,PLANILHA!$B:$K,5,0) -> TRUE
B114: 14.13 | C114: =VLOOKUP(B114,PLANILHA!$B:$K,2,0) -> 91959 | D114: =VLOOKUP(B114,PLANILHA!$B:$K,3,0) -> INTERRUPTOR SIMPLES (2 MÓDULOS), 10A/250V, INCLUINDO SUPORTE E PLACA - FORNECIMENTO E INSTALAÇÃO. AF_03/2023 | F114: =VLOOKUP(B114,PLANILHA!$B:$K,4,0) -> UN | G114: =H114*$D$10 -> 20 | H114: 1 | I114: =G114=VLOOKUP(B114,PLANILHA!$B:$K,5,0) -> TRUE
... B124: 14.23 | C124: =VLOOKUP(B124,PLANILHA!$B:$K,2,0) -> 103782 | D124: =VLOOKUP(B124,PLANILHA!$B:$K,3,0) -> LUMINÁRIA TIPO PLAFON CIRCULAR, DE SOBREPOR, COM LED DE 12/13 W - FORNECIMENTO E INSTALAÇÃO. AF_09/2024 | F124: =VLOOKUP(B124,PLANILHA!$B:$K,4,0) -> UN | G124: =H124*$D$10 -> 200 | H124: 10 | I124: =G124=VLOOKUP(B124,PLANILHA!$B:$K,5,0) -> TRUE
B125: 14.24 | C125: =VLOOKUP(B125,PLANILHA!$B:$K,2,0) -> 101548 | D125: =VLOOKUP(B125,PLANILHA!$B:$K,3,0) -> ISOLADOR, TIPO ROLDANA, PARA BAIXA TENSÃO - FORNECIMENTO E INSTALAÇÃO. AF_07/2020 | F125: =VLOOKUP(B125,PLANILHA!$B:$K,4,0) -> UN | G125: =H125*$D$10 -> 40 | H125: 2
B126: 14.25 | C126: =VLOOKUP(B126,PLANILHA!$B:$K,2,0) -> 011204000 | D126: =VLOOKUP(B126,PLANILHA!$B:$K,3,0) -> CURVA PVC 135G 1'' P/ ELETRODUTO ROSCÁVEL | F126: =VLOOKUP(B126,PLANILHA!$B:$K,4,0) -> UN | G126: =H126*$D$10 -> 20 | H126: 1
B127: 14.26 | C127: =VLOOKUP(B127,PLANILHA!$B:$K,2,0) -> 011208103 | D127: =VLOOKUP(B127,PLANILHA!$B:$K,3,0) -> ENTRADA DE ENERGIA ELÉTRICA (MODELO CONCESSIONÁRIA LOCAL), ENTRADA E SAÍDA AÉREA, DISJUNTOR TIPO DIN DE 50A BIFÁSICO, COM CAIXA DE SOBREPOR, CABO DE 10MM2. INCLUSO POSTE DE AÇO GALVANIZADO COMPLETO. CONCRETAR BASE (CONCRETO 20MPA) COM PROFUNDIDADE DE 1,30M E DIÂMETRO DE 20CM. FORNECIMENTO E INSTALAÇÃO - Nota: Adquirir o Padrão de Energia somente com empresas homologadas pela Concessionária Local. NÃO montar o Padrão de Energia na obra. | F127: =VLOOKUP(B127,PLANILHA!$B:$K,4,0) -> UN | G127: =H127*$D$10 -> 20 | H127: 1 | I127: =G127=VLOOKUP(B127,PLANILHA!$B:$K,5,0) -> TRUE
B129: 15 | D129: =VLOOKUP(B129,PLANILHA!$B:$K,3,0) -> INSTALAÇÃO HIDRÁULICA
B130: 15.1 | C130: =VLOOKUP(B130,PLANILHA!$B:$K,2,0) -> 90443 | D130: =VLOOKUP(B130,PLANILHA!$B:$K,3,0) -> RASGO LINEAR MANUAL EM ALVENARIA, PARA RAMAIS/ DISTRIBUIÇÃO DE INSTALAÇÕES HIDRÁULICAS, DIÂMETROS MENORES OU IGUAIS A 40 MM. AF_09/2023 | E130: Conforme Projeto Hidráulico | F130: =VLOOKUP(B130,PLANILHA!$B:$K,4,0) -> M | G130: =H130*$D$10 -> 200 | H130: 10 | I130: =G130=VLOOKUP(B130,PLANILHA!$B:$K,5,0) -> TRUE
...

Sheet COMPOSIÇÕES
B7: Obra: | C7: =RESUMO!C7 -> FHNIS | G7: Data Base: | H7: =RESUMO!E7 -> Jul./2025 - Não Des.
B8: Local: | C8: =RESUMO!C8 -> MS | G8: Data: | H8: =RESUMO!E8 -> 45965
B9: Área (m²): | C9: =RESUMO!C9 -> 51.53
B11: COMPOSIÇÕES | J11: VERIFICAÇÃO COMPOSIÇÕES
B12: REFERÊNCIA SINAPI / AGEHAB / AGESUL | C12: DESCRIÇÃO | D12: UNID. | E12: COEFICIENTE | F12: ="CUSTO UNITÁRIO SEM BDI - "&H7 -> CUSTO UNITÁRIO SEM BDI - Jul./2025 - Não Des. | G12: CUSTO UNITÁRIO | H12: TOTAL | J12: =H13+H21+H24+H40+H47+H53+H62+H66+H72+H83+H90+H102+H108+H114+H118+H122+H126+H145+H152+H159+H165+H173+H188+H199+H205+H213+H221+H236+H249+H256+H263+H96 -> 121679.45 | K12: =SUM(H13:H264)/2 -> 121679.45 | L12: =J12=K12 -> TRUE
B13: 010100000 | C13: LOCAÇÃO CONVENCIONAL DE OBRA ATRAVÉS DE GABARITO DE TÁBUAS CORRIDAS PONTALETADAS, COM REAPROVEITAMENTO DE 3 VEZES | D13: M2 | H13: =SUM(H14:H19) -> 6.91
B14: 43132 | C14: =VLOOKUP(B14,'SINAPI-INS'!$B:$F,2,FALSE) -> ARAME RECOZIDO 16 BWG, D = 1,65 MM (0,016 KG/M) OU 18 BWG, D = 1,25 MM (0,01 KG/M) | D14: =VLOOKUP(B14,'SINAPI-INS'!$B:$F,3,FALSE) -> KG | E14: 0.02 | F14: =VLOOKUP(B14,'SINAPI-INS'!$B:$F,5,FALSE) -> 19.78 | G14: =IF(F14=0,VLOOKUP(B14,'SINAPI-INS'!$B:$G,6,FALSE),F14) -> 19.78 | H14: =TRUNC(E14*G14,2) -> 0.39
B15: 4491 | C15: =VLOOKUP(B15,'SINAPI-INS'!$B:$F,2,FALSE) -> PONTALETE *7,5 X 7,5* CM EM PINUS, MISTA OU EQUIVALENTE DA REGIAO - BRUTA | D15: =VLOOKUP(B15,'SINAPI-INS'!$B:$F,3,FALSE) -> M | E15: 0.12 | F15: =VLOOKUP(B15,'SINAPI-INS'!$B:$F,5,FALSE) -> 7.23 | G15: =IF(F15=0,VLOOKUP(B15,'SINAPI-INS'!$B:$G,6,FALSE),F15) -> 7.23 | H15: =TRUNC(E15*G15,2) -> 0.86
B16: 5061 | C16: =VLOOKUP(B16,'SINAPI-INS'!$B:$F,2,FALSE) -> PREGO DE ACO POLIDO COM CABECA 18 X 27 (2 1/2 X 10) | D16: =VLOOKUP(B16,'SINAPI-INS'!$B:$F,3,FALSE) -> KG | E16: 0.01 | F16: =VLOOKUP(B16,'SINAPI-INS'!$B:$F,5,FALSE) -> 19.9 | G16: =IF(F16=0,VLOOKUP(B16,'SINAPI-INS'!$B:$G,6,FALSE),F16) -> 19.9 | H16: =TRUNC(E16*G16,2) -> 0.19
B17: 10567 | C17: =VLOOKUP(B17,'SINAPI-INS'!$B:$F,2,FALSE) -> TABUA *2,5 X 23* CM EM PINUS, MISTA OU EQUIVALENTE DA REGIAO - BRUTA | D17: =VLOOKUP(B17,'SINAPI-INS'!$B:$F,3,FALSE) -> M | E17: 0.1067 | F17: =VLOOKUP(B17,'SINAPI-INS'!$B:$F,5,FALSE) -> 8.18 | G17: =IF(F17=0,VLOOKUP(B17,'SINAPI-INS'!$B:$G,6,FALSE),F17) -> 8.18 | H17: =TRUNC(E17*G17,2) -> 0.87
B18: 88262 | C18: =VLOOKUP(B18,'SINAPI-COMP'!$B:$G,2,FALSE) -> CARPINTEIRO DE FORMAS COM ENCARGOS COMPLEMENTARES | D18: =VLOOKUP(B18,'SINAPI-COMP'!$B:$G,3,FALSE) -> H | E18: 0.1 | F18: =VLOOKUP(B18,'SINAPI-COMP'!$B:$G,4,FALSE) -> 25.37 | G18: =F18 -> 25.37 | H18: =TRUNC(E18*G18,2) -> 2.53
B19: 88316 | C19: =VLOOKUP(B19,'SINAPI-COMP'!$B:$G,2,FALSE) -> SERVENTE COM ENCARGOS COMPLEMENTARES | D19: =VLOOKUP(B19,'SINAPI-COMP'!$B:$G,3,FALSE) -> H | E19: 0.1 | F19: =VLOOKUP(B19,'SINAPI-COMP'!$B:$G,4,FALSE) -> 20.79 | G19: =F19 -> 20.79 | H19: =TRUNC(E19*G19,2) -> 2.07
B21: 010100004 | C21: LOCAÇÃO DE CONTAINER PARA DEPÓSITO DE (2,30 X 6,00M), ALT. 2,50M, SEM DIVISÓRIAS INTERNAS E SEM SANITÁRIO, EXC. TRANSP./CARGA/DESCARGA | D21: MÊS | H21: =SUM(H22) -> 662.1
B22: 10776 | C22: =VLOOKUP(B22,'SINAPI-INS'!$B:$F,2,FALSE) -> LOCACAO DE CONTAINER 2,30 X 6,00 M, ALT. 2,50 M, PARA ESCRITORIO, SEM DIVISORIAS INTERNAS E SEM SANITARIO (NAO INCLUI MOBILIZACAO/DESMOBILIZACAO) | D22: =VLOOKUP(B22,'SINAPI-INS'!$B:$F,3,FALSE) -> MES | E22: 1 | F22: =VLOOKUP(B22,'SINAPI-INS'!$B:$F,5,FALSE) -> 0 | G22: =IF(F22=0,VLOOKUP(B22,'SINAPI-INS'!$B:$G,6,FALSE),F22) -> 662.1 | H22: =TRUNC(E22*G22,2) -> 662.1
B24: 011399003 | C24: INSTALAÇÃO PROVISÓRIA DE ÁGUA E ESGOTO P/ CANTEIRO DE OBRA | D24: UN | H24: =SUM(H25:H38) -> 1459.43
B25: 370 | C25: =VLOOKUP(B25,'SINAPI-INS'!$B:$F,2,FALSE) -> AREIA MEDIA - POSTO JAZIDA/FORNECEDOR (RETIRADO NA JAZIDA, SEM TRANSPORTE) | D25: =VLOOKUP(B25,'SINAPI-INS'!$B:$F,3,FALSE) -> M3 | E25: 0.0189 | F25: =VLOOKUP(B25,'SINAPI-INS'!$B:$F,5,FALSE) -> 87 | G25: =IF(F25=0,VLOOKUP(B25,'SINAPI-INS'!$B:$G,6,FALSE),F25) -> 87 | H25: =TRUNC(E25*G25,2) -> 1.64
B26: 10420 | C26: =VLOOKUP(B26,'SINAPI-INS'!$B:$F,2,FALSE) -> BACIA SANITARIA (VASO) CONVENCIONAL, DE LOUCA BRANCA, SIFAO APARENTE, SAIDA VERTICAL (SEM ASSENTO) | D26: =VLOOKUP(B26,'SINAPI-INS'!$B:$F,3,FALSE) -> UN | E26: 0.0232 | F26: =VLOOKUP(B26,'SINAPI-INS'!$B:$F,5,FALSE) -> 218 | G26: =IF(F26=0,VLOOKUP(B26,'SINAPI-INS'!$B:$G,6,FALSE),F26) -> 218 | H26: =TRUNC(E26*G26,2) -> 5.05
B27: 34637 | C27: =VLOOKUP(B27,'SINAPI-INS'!$B:$F,2,FALSE) -> CAIXA D'AGUA / RESERVATORIO EM POLIETILENO, 500 LITROS, COM TAMPA | D27: =VLOOKUP(B27,'SINAPI-INS'!$B:$F,3,FALSE) -> UN | E27: 0.0232 | F27: =VLOOKUP(B27,'SINAPI-INS'!$B:$F,5,FALSE) -> 280.66 | G27: =IF(F27=0,VLOOKUP(B27,'SINAPI-INS'!$B:$G,6,FALSE),F27) -> 280.66 | H27: =TRUNC(E27*G27,2) -> 6.51
B28: 1030 | C28: =VLOOKUP(B28,'SINAPI-INS'!$B:$F,2,FALSE) -> CAIXA DE DESCARGA PLASTICA PARA BACIA / VASO SANITARIO, EXTERNA, CAPACIDADE 9 LITROS, PUXADOR FIO DE NYLON, NAO INCLUSO CANO, BOLSA, ENGATE | D28: =VLOOKUP(B28,'SINAPI-INS'!$B:$F,3,FALSE) -> UN | E28: 0.0232 | F28: =VLOOKUP(B28,'SINAPI-INS'!$B:$F,5,FALSE) -> 48.57 | G28: =IF(F28=0,VLOOKUP(B28,'SINAPI-INS'!$B:$G,6,FALSE),F28) -> 48.57 | H28: =TRUNC(E28*G28,2) -> 1.12
B29: 14439 | C29: =VLOOKUP(B29,'SINAPI-INS'!$B:$F,2,FALSE) -> PONTALETE ROLICO SEM TRATAMENTO, D = 8 A 11 CM, H = 6 M, EM EUCALIPTO OU EQUIVALENTE DA REGIAO - BRUTA (PARA ESCORAMENTO) | D29: =VLOOKUP(B29,'SINAPI-INS'!$B:$F,3,FALSE) -> M | E29: 25 | F29: =VLOOKUP(B29,'SINAPI-INS'!$B:$F,5,FALSE) -> 7.15 | G29: =IF(F29=0,VLOOKUP(B29,'SINAPI-INS'!$B:$G,6,FALSE),F29) -> 7.15 | H29: =TRUNC(E29*G29,2) -> 178.75
B30: 20247 | C30: =VLOOKUP(B30,'SINAPI-INS'!$B:$F,2,FALSE) -> PREGO DE ACO POLIDO COM CABECA 15 X 15 (1 1/4 X 13) | D30: =VLOOKUP(B30,'SINAPI-INS'!$B:$F,3,FALSE) -> KG | E30: 1 | F30: =VLOOKUP(B30,'SINAPI-INS'!$B:$F,5,FALSE) -> 22.41 | G30: =IF(F30=0,VLOOKUP(B30,'SINAPI-INS'!$B:$G,6,FALSE),F30) -> 22.41 | H30: =TRUNC(E30*G30,2) -> 22.41
B31: 6189 | C31: =VLOOKUP(B31,'SINAPI-INS'!$B:$F,2,FALSE) -> TABUA NAO APARELHADA *2,5 X 30* CM, EM MACARANDUBA/MASSARANDUBA, ANGELIM OU EQUIVALENTE DA REGIAO - BRUTA | D31: =VLOOKUP(B31,'SINAPI-INS'!$B:$F,3,FALSE) -> M | E31: 8 | F31: =VLOOKUP(B31,'SINAPI-INS'!$B:$F,5,FALSE) -> 28.25 | G31: =IF(F31=0,VLOOKUP(B31,'SINAPI-INS'!$B:$G,6,FALSE),F31) -> 28.25 | H31: =TRUNC(E31*G31,2) -> 226
B32: 7258 | C32: =VLOOKUP(B32,'SINAPI-INS'!$B:$F,2,FALSE) -> TIJOLO CERAMICO MACICO COMUM DE *5 X 10 X 20* CM (L X A X C) | D32: =VLOOKUP(B32,'SINAPI-INS'!$B:$F,3,FALSE) -> UN | E32: 30 | F32: =VLOOKUP(B32,'SINAPI-INS'!$B:$F,5,FALSE) -> 0.65 | G32: =IF(F32=0,VLOOKUP(B32,'SINAPI-INS'!$B:$G,6,FALSE),F32) -> 0.65 | H32: =TRUNC(E32*G32,2) -> 19.5
B33: 9836 | C33: =VLOOKUP(B33,'SINAPI-INS'!$B:$F,2,FALSE) -> TUBO PVC SERIE NORMAL, DN 100 MM, PARA ESGOTO PREDIAL (NBR 5688) | D33: =VLOOKUP(B33,'SINAPI-INS'!$B:$F,3,FALSE) -> M | E33: 5 | F33: =VLOOKUP(B33,'SINAPI-INS'!$B:$F,5,FALSE) -> 15.58 | G33: =IF(F33=0,VLOOKUP(B33,'SINAPI-INS'!$B:$G,6,FALSE),F33) -> 15.58 | H33: =TRUNC(E33*G33,2) -> 77.9
B34: 9868 | C34: =VLOOKUP(B34,'SINAPI-INS'!$B:$F,2,FALSE) -> TUBO PVC, SOLDAVEL, DE 25 MM, AGUA FRIA (NBR-5648) | D34: =VLOOKUP(B34,'SINAPI-INS'!$B:$F,3,FALSE) -> M | E34: 30 | F34: =VLOOKUP(B34,'SINAPI-INS'!$B:$F,5,FALSE) -> 4.57 | G34: =IF(F34=0,VLOOKUP(B34,'SINAPI-INS'!$B:$G,6,FALSE),F34) -> 4.57 | H34: =TRUNC(E34*G34,2) -> 137.1
B35: 88262 | C35: =VLOOKUP(B35,'SINAPI-COMP'!$B:$G,2,FALSE) -> CARPINTEIRO DE FORMAS COM ENCARGOS COMPLEMENTARES | D35: =VLOOKUP(B35,'SINAPI-COMP'!$B:$G,3,FALSE) -> H | E35: 8 | F35: =VLOOKUP(B35,'SINAPI-COMP'!$B:$G,4,FALSE) -> 25.37 | G35: =F35 -> 25.37 | H35: =TRUNC(E35*G35,2) -> 202.96
B36: 88267 | C36: =VLOOKUP(B36,'SINAPI-COMP'!$B:$G,2,FALSE) -> ENCANADOR OU BOMBEIRO HIDRÁULICO COM ENCARGOS COMPLEMENTARES | D36: =VLOOKUP(B36,'SINAPI-COMP'!$B:$G,3,FALSE) -> H | E36: 8 | F36: =VLOOKUP(B36,'SINAPI-COMP'!$B:$G,4,FALSE) -> 25.71 | G36: =F36 -> 25.71 | H36: =TRUNC(E36*G36,2) -> 205.68
B37: 88309 | C37: =VLOOKUP(B37,'SINAPI-COMP'!$B:$G,2,FALSE) -> PEDREIRO COM ENCARGOS COMPLEMENTARES | D37: =VLOOKUP(B37,'SINAPI-COMP'!$B:$G,3,FALSE) -> H | E37: 8 | F37: =VLOOKUP(B37,'SINAPI-COMP'!$B:$G,4,FALSE) -> 25.75 | G37: =F37 -> 25.75 | H37: =TRUNC(E37*G37,2) -> 206
B38: 88316 | C38: =VLOOKUP(B38,'SINAPI-COMP'!$B:$G,2,FALSE) -> SERVENTE COM ENCARGOS COMPLEMENTARES | D38: =VLOOKUP(B38,'SINAPI-COMP'!$B:$G,3,FALSE) -> H | E38: 8.12 | F38: =VLOOKUP(B38,'SINAPI-COMP'!$B:$G,4,FALSE) -> 20.79 | G38: =F38 -> 20.79 | H38: =TRUNC(E38*G38,2) -> 168.81
B40: 011299000 | C40: INSTALAÇÃO/LIGAÇÃO PROVISÓRIA DE ENERGIA ELÉTRICA DE BAIXA TENSÃO | D40: UN | H40: =SUM(H41:H45) -> 1198.4
B41: 1008 | C41: =VLOOKUP(B41,'SINAPI-INS'!$B:$F,2,FALSE) -> CABO DE COBRE, RIGIDO, CLASSE 2, ISOLACAO EM PVC/A, ANTICHAMA BWF-B, 1 CONDUTOR, 450/750 V, SECAO NOMINAL 6 MM2 | D41: =VLOOKUP(B41,'SINAPI-INS'!$B:$F,3,FALSE) -> M | E41: 27 | F41: =VLOOKUP(B41,'SINAPI-INS'!$B:$F,5,FALSE) -> 6.2 | G41: =IF(F41=0,VLOOKUP(B41,'SINAPI-INS'!$B:$G,6,FALSE),F41) -> 6.2 | H41: =TRUNC(E41*G41,2) -> 167.4
B42: 1062 | C42: =VLOOKUP(B42,'SINAPI-INS'!$B:$F,2,FALSE) -> CAIXA INTERNA/EXTERNA DE MEDICAO PARA 1 MEDIDOR TRIFASICO, COM VISOR, EM CHAPA DE ACO 18 USG (PADRAO DA CONCESSIONARIA LOCAL) | D42: =VLOOKUP(B42,'SINAPI-INS'!$B:$F,3,FALSE) -> UN | E42: 1 | F42: =VLOOKUP(B42,'SINAPI-INS'!$B:$F,5,FALSE) -> 0 | G42: =IF(F42=0,VLOOKUP(B42,'SINAPI-INS'!$B:$G,6,FALSE),F42) -> 223.26 | H42: =TRUNC(E42*G42,2) -> 223.26
B43: 7701 | C43: =VLOOKUP(B43,'SINAPI-INS'!$B:$F,2,FALSE) -> TUBO ACO GALVANIZADO COM COSTURA, CLASSE MEDIA, DN 2.1/2", E = *3,65* MM, PESO *6,51* KG/M (NBR 5580) | D43: =VLOOKUP(B43,'SINAPI-INS'!$B:$F,3,FALSE) -> M | E43: 6 | F43: =VLOOKUP(B43,'SINAPI-INS'!$B:$F,5,FALSE) -> 0 | G43: =IF(F43=0,VLOOKUP(B43,'SINAPI-INS'!$B:$G,6,FALSE),F43) -> 92.24 | H43: =TRUNC(E43*G43,2) -> 553.44
B44: 88264 | C44: =VLOOKUP(B44,'SINAPI-COMP'!$B:$G,2,FALSE) -> ELETRICISTA COM ENCARGOS COMPLEMENTARES | D44: =VLOOKUP(B44,'SINAPI-COMP'!$B:$G,3,FALSE) -> H | E44: 7.5 | F44: =VLOOKUP(B44,'SINAPI-COMP'!$B:$G,4,FALSE) -> 29.75 | G44: =F44 -> 29.75 | H44: =TRUNC(E44*G44,2) -> 223.12
B45: 88316 | C45: =VLOOKUP(B45,'SINAPI-COMP'!$B:$G,2,FALSE) -> SERVENTE COM ENCARGOS COMPLEMENTARES | D45: =VLOOKUP(B45,'SINAPI-COMP'!$B:$G,3,FALSE) -> H | E45: 1.5 | F45: =VLOOKUP(B45,'SINAPI-COMP'!$B:$G,4,FALSE) -> 20.79 | G45: =F45 -> 20.79 | H45: =TRUNC(E45*G45,2) -> 31.18
B47: 010603000 | C47: CANALETA CONCRETO 14X19X39 (ESPESSURA DE 14CM) E ARGAMASSA DE ASSENTAMENTO COM PREPARO EM BETONEIRA | D47: M2 | H47: =SUM(H48:H51) -> 103.19
B48: 38597 | C48: =VLOOKUP(B48,'SINAPI-INS'!$B:$F,2,FALSE) -> CANALETA DE CONCRETO ESTRUTURAL 14 X 19 X 39 CM, FBK 4,5 MPA (NBR 6136) | D48: =VLOOKUP(B48,'SINAPI-INS'!$B:$F,3,FALSE) -> UN | E48: 13.66 | F48: =VLOOKUP(B48,'SINAPI-INS'!$B:$F,5,FALSE) -> 5.71 | G48: =F48 -> 5.71 | H48: =TRUNC(E48*G48,2) -> 77.99
B49: 87292 | C49: =VLOOKUP(B49,'SINAPI-COMP'!$B:$G,2,FALSE) -> ARGAMASSA TRAÇO 1:2:8 (EM VOLUME DE CIMENTO, CAL E AREIA MÉDIA ÚMIDA) PARA EMBOÇO/MASSA ÚNICA/ASSENTAMENTO DE ALVENARIA DE VEDAÇÃO, PREPARO MECÂNICO COM BETONEIRA 400 L. AF_08/2019 | D49: =VLOOKUP(B49,'SINAPI-COMP'!$B:$G,3,FALSE) -> M3 | E49: 0.0104 | F49: =VLOOKUP(B49,'SINAPI-COMP'!$B:$G,4,FALSE) -> 585.83 | G49: =F49 -> 585.83 | H49: =TRUNC(E49*G49,2) -> 6.09
B50: 88309 | C50: =VLOOKUP(B50,'SINAPI-COMP'!$B:$G,2,FALSE) -> PEDREIRO COM ENCARGOS COMPLEMENTARES | D50: =VLOOKUP(B50,'SINAPI-COMP'!$B:$G,3,FALSE) -> H | E50: 0.46 | F50: =VLOOKUP(B50,'SINAPI-COMP'!$B:$G,4,FALSE) -> 25.75 | G50: =F50 -> 25.75 | H50: =TRUNC(E50*G50,2) -> 11.84
B51: 88316 | C51: =VLOOKUP(B51,'SINAPI-COMP'!$B:$G,2,FALSE) -> SERVENTE COM ENCARGOS COMPLEMENTARES | D51: =VLOOKUP(B51,'SINAPI-COMP'!$B:$G,3,FALSE) -> H | E51: 0.35 | F51: =VLOOKUP(B51,'SINAPI-COMP'!$B:$G,4,FALSE) -> 20.79 | G51: =F51 -> 20.79 | H51: =TRUNC(E51*G51,2) -> 7.27
B53: 010601003 | C53: FABRICAÇÃO, MONTAGEM E DESMONTAGEM DE FÔRMA PARA RADIER,PISO DE CONCRETO OU LAJE SOBRE SOLO, EM MADEIRA SERRADA, E=25 MM, 4 UTILIZAÇÕES | D53: M2 | H53: =SUM(H54:H60) -> 107.34 | I53: --- SINAPI 97086 (Out./2024)
B54: 2692 | C54: =VLOOKUP(B54,'SINAPI-INS'!$B:$F,2,FALSE) -> DESMOLDANTE PROTETOR PARA FORMAS DE MADEIRA, DE BASE OLEOSA EMULSIONADA EM AGUA | D54: =VLOOKUP(B54,'SINAPI-INS'!$B:$F,3,FALSE) -> L | E54: 0.017 | F54: =VLOOKUP(B54,'SINAPI-INS'!$B:$F,5,FALSE) -> 6.97 | G54: =F54 -> 6.97 | H54: =TRUNC(E54*G54,2) -> 0.11
B55: 4491 | C55: =VLOOKUP(B55,'SINAPI-INS'!$B:$F,2,FALSE) -> PONTALETE *7,5 X 7,5* CM EM PINUS, MISTA OU EQUIVALENTE DA REGIAO - BRUTA | D55: =VLOOKUP(B55,'SINAPI-INS'!$B:$F,3,FALSE) -> M | E55: 0.37 | F55: =VLOOKUP(B55,'SINAPI-INS'!$B:$F,5,FALSE) -> 7.23 | G55: =F55 -> 7.23 | H55: =TRUNC(E55*G55,2) -> 2.67
B56: 5068 | C56: =VLOOKUP(B56,'SINAPI-INS'!$B:$F,2,FALSE) -> PREGO DE ACO POLIDO COM CABECA 17 X 21 (2 X 11) | D56: =VLOOKUP(B56,'SINAPI-INS'!$B:$F,3,FALSE) -> KG | E56: 0.095 | F56: =VLOOKUP(B56,'SINAPI-INS'!$B:$F,5,FALSE) -> 20.24 | G56: =F56 -> 20.24 | H56: =TRUNC(E56*G56,2) -> 1.92
B57: 4517 | C57: =VLOOKUP(B57,'SINAPI-INS'!$B:$F,2,FALSE) -> SARRAFO *2,5 X 7,5* CM EM PINUS, MISTA OU EQUIVALENTE DA REGIAO - BRUTA | D57: =VLOOKUP(B57,'SINAPI-INS'!$B:$F,3,FALSE) -> M | E57: 0.44 | F57: =VLOOKUP(B57,'SINAPI-INS'!$B:$F,5,FALSE) -> 2.53 | G57: =F57 -> 2.53 | H57: =TRUNC(E57*G57,2) -> 1.11
B58: 10567 | C58: =VLOOKUP(B58,'SINAPI-INS'!$B:$F,2,FALSE) -> TABUA *2,5 X 23* CM EM PINUS, MISTA OU EQUIVALENTE DA REGIAO - BRUTA | D58: =VLOOKUP(B58,'SINAPI-INS'!$B:$F,3,FALSE) -> M | E58: 1.38 | F58: =VLOOKUP(B58,'SINAPI-INS'!$B:$F,5,FALSE) -> 8.18 | G58: =F58 -> 8.18 | H58: =TRUNC(E58*G58,2) -> 11.28
B59: 88239 | C59: =VLOOKUP(B59,'SINAPI-COMP'!$B:$G,2,FALSE) -> AJUDANTE DE CARPINTEIRO COM ENCARGOS COMPLEMENTARES | D59: =VLOOKUP(B59,'SINAPI-COMP'!$B:$G,3,FALSE) -> H | E59: 1.444 | F59: =VLOOKUP(B59,'SINAPI-COMP'!$B:$G,4,FALSE) -> 21.1 | G59: =F59 -> 21.1 | H59: =TRUNC(E59*G59,2) -> 30.46
B60: 88262 | C60: =VLOOKUP(B60,'SINAPI-COMP'!$B:$G,2,FALSE) -> CARPINTEIRO DE FORMAS COM ENCARGOS COMPLEMENTARES | D60: =VLOOKUP(B60,'SINAPI-COMP'!$B:$G,3,FALSE) -> H | E60: 2.357 | F60: =VLOOKUP(B60,'SINAPI-COMP'!$B:$G,4,FALSE) -> 25.37 | G60: =F60 -> 25.37 | H60: =TRUNC(E60*G60,2) -> 59.79
B62: 010602000 | C62: TRELIÇA T12 (TR12646 - NBR14862) | D62: M | H62: =SUM(H63:H64) -> 6.78
B63: 42407 | C63: =VLOOKUP(B63,'SINAPI-INS'!$B:$F,2,FALSE) -> TRELICA NERVURADA (ESPACADOR), ALTURA = 120,0 MM, DIAMETRO DOS BANZOS INFERIORES E SUPERIOR = 6,0 MM, DIAMETRO DA DIAGONAL = 4,2 MM | D63: =VLOOKUP(B63,'SINAPI-INS'!$B:$F,3,FALSE) -> M | E63: 1.05 | F63: =VLOOKUP(B63,'SINAPI-INS'!$B:$F,5,FALSE) -> 5.98 | G63: =F63 -> 5.98 | H63: =TRUNC(E63*G63,2) -> 6.27
B64: 88245 | C64: =VLOOKUP(B64,'SINAPI-COMP'!$B:$G,2,FALSE) -> ARMADOR COM ENCARGOS COMPLEMENTARES | D64: =VLOOKUP(B64,'SINAPI-COMP'!$B:$G,3,FALSE) -> H | E64: 0.02 | F64: =VLOOKUP(B64,'SINAPI-COMP'!$B:$G,4,FALSE) -> 25.57 | G64: =F64 -> 25.57 | H64: =TRUNC(E64*G64,2) -> 0.51
B66: 010602001 | C66: ARMAÇÃO EM TELA DE AÇO SOLDADA NERVURADA Q-196, AÇO CA-60, 5,0MM, MALHA 10X10CM | D66: KG | H66: =SUM(H67:H70) -> 10.22
B67: 43132 | C67: =VLOOKUP(B67,'SINAPI-INS'!$B:$F,2,FALSE) -> ARAME RECOZIDO 16 BWG, D = 1,65 MM (0,016 KG/M) OU 18 BWG, D = 1,25 MM (0,01 KG/M) | D67: =VLOOKUP(B67,'SINAPI-INS'!$B:$F,3,FALSE) -> KG | E67: 0.01 | F67: =VLOOKUP(B67,'SINAPI-INS'!$B:$F,5,FALSE) -> 19.78 | G67: =F67 -> 19.78 | H67: =TRUNC(E67*G67,2) -> 0.19
B68: 7156 | C68: =VLOOKUP(B68,'SINAPI-INS'!$B:$F,2,FALSE) -> TELA DE ACO SOLDADA NERVURADA, CA-60, Q-196, (3,11 KG/M2), DIAMETRO DO FIO = 5,0 MM, LARGURA = 2,45 M, ESPACAMENTO DA MALHA = 10 X 10 CM | D68: =VLOOKUP(B68,'SINAPI-INS'!$B:$F,3,FALSE) -> M2 | E68: 0.3315 | F68: =VLOOKUP(B68,'SINAPI-INS'!$B:$F,5,FALSE) -> 26.23 | G68: =F68 -> 26.23 | H68: =TRUNC(E68*G68,2) -> 8.69
B69: 88245 | C69: =VLOOKUP(B69,'SINAPI-COMP'!$B:$G,2,FALSE) -> ARMADOR COM ENCARGOS COMPLEMENTARES | D69: =VLOOKUP(B69,'SINAPI-COMP'!$B:$G,3,FALSE) -> H | E69: 0.02 | F69: =VLOOKUP(B69,'SINAPI-COMP'!$B:$G,4,FALSE) -> 25.57 | G69: =F69 -> 25.57 | H69: =TRUNC(E69*G69,2) -> 0.51
B70: 88316 | C70: =VLOOKUP(B70,'SINAPI-COMP'!$B:$G,2,FALSE) -> SERVENTE COM ENCARGOS COMPLEMENTARES | D70: =VLOOKUP(B70,'SINAPI-COMP'!$B:$G,3,FALSE) -> H | E70: 0.04 | F70: =VLOOKUP(B70,'SINAPI-COMP'!$B:$G,4,FALSE) -> 20.79 | G70: =F70 -> 20.79 | H70: =TRUNC(E70*G70,2) -> 0.83
B72: 010601002 | C72: FABRICAÇÃO, MONTAGEM E DESMONTAGEM DE FÔRMA PARA PILARES E VIGAS, EM MADEIRA SERRADA, E=25 MM, 4 UTILIZAÇÕES | D72: M2 | H72: =SUM(H73:H81) -> 92.92
B73: 2692 | C73: =VLOOKUP(B73,'SINAPI-INS'!$B:$F,2,FALSE) -> DESMOLDANTE PROTETOR PARA FORMAS DE MADEIRA, DE BASE OLEOSA EMULSIONADA EM AGUA | D73: =VLOOKUP(B73,'SINAPI-INS'!$B:$F,3,FALSE) -> L | E73: 0.017 | F73: =VLOOKUP(B73,'SINAPI-INS'!$B:$F,5,FALSE) -> 6.97 | G73: =IF(F73=0,VLOOKUP(B73,'SINAPI-INS'!$B:$G,6,FALSE),F73) -> 6.97 | H73: =TRUNC(E73*G73,2) -> 0.11
B74: 40304 | C74: =VLOOKUP(B74,'SINAPI-INS'!$B:$F,2,FALSE) -> PREGO DE ACO POLIDO COM CABECA DUPLA 17 X 27 (2 1/2 X 11) | D74: =VLOOKUP(B74,'SINAPI-INS'!$B:$F,3,FALSE) -> KG | E74: 0.027 | F74: =VLOOKUP(B74,'SINAPI-INS'!$B:$F,5,FALSE) -> 24.98 | G74: =IF(F74=0,VLOOKUP(B74,'SINAPI-INS'!$B:$G,6,FALSE),F74) -> 24.98 | H74: =TRUNC(E74*G74,2) -> 0.67
B75: 5068 | C75: =VLOOKUP(B75,'SINAPI-INS'!$B:$F,2,FALSE) -> PREGO DE ACO POLIDO COM CABECA 17 X 21 (2 X 11) | D75: =VLOOKUP(B75,'SINAPI-INS'!$B:$F,3,FALSE) -> KG | E75: 0.02365 | F75: =VLOOKUP(B75,'SINAPI-INS'!$B:$F,5,FALSE) -> 20.24 | G75: =IF(F75=0,VLOOKUP(B75,'SINAPI-INS'!$B:$G,6,FALSE),F75) -> 20.24 | H75: =TRUNC(E75*G75,2) -> 0.47
B76: 4517 | C76: =VLOOKUP(B76,'SINAPI-INS'!$B:$F,2,FALSE) -> SARRAFO *2,5 X 7,5* CM EM PINUS, MISTA OU EQUIVALENTE DA REGIAO - BRUTA | D76: =VLOOKUP(B76,'SINAPI-INS'!$B:$F,3,FALSE) -> M | E76: 1.2188 | F76: =VLOOKUP(B76,'SINAPI-INS'!$B:$F,5,FALSE) -> 2.53 | G76: =IF(F76=0,VLOOKUP(B76,'SINAPI-INS'!$B:$G,6,FALSE),F76) -> 2.53 | H76: =TRUNC(E76*G76,2) -> 3.08
B77: 6212 | C77: =VLOOKUP(B77,'SINAPI-INS'!$B:$F,2,FALSE) -> TABUA *2,5 X 30 CM EM PINUS, MISTA OU EQUIVALENTE DA REGIAO - BRUTA | D77: =VLOOKUP(B77,'SINAPI-INS'!$B:$F,3,FALSE) -> M | E77: 1.79575 | F77: =VLOOKUP(B77,'SINAPI-INS'!$B:$F,5,FALSE) -> 12 | G77: =IF(F77=0,VLOOKUP(B77,'SINAPI-INS'!$B:$G,6,FALSE),F77) -> 12 | H77: =TRUNC(E77*G77,2) -> 21.54
B78: 88239 | C78: =VLOOKUP(B78,'SINAPI-COMP'!$B:$G,2,FALSE) -> AJUDANTE DE CARPINTEIRO COM ENCARGOS COMPLEMENTARES | D78: =VLOOKUP(B78,'SINAPI-COMP'!$B:$G,3,FALSE) -> H | E78: 0.415325 | F78: =VLOOKUP(B78,'SINAPI-COMP'!$B:$G,4,FALSE) -> 21.1 | G78: =F78 -> 21.1 | H78: =TRUNC(E78*G78,2) -> 8.76
B79: 88262 | C79: =VLOOKUP(B79,'SINAPI-COMP'!$B:$G,2,FALSE) -> CARPINTEIRO DE FORMAS COM ENCARGOS COMPLEMENTARES | D79: =VLOOKUP(B79,'SINAPI-COMP'!$B:$G,3,FALSE) -> H | E79: 2.218925 | F79: =VLOOKUP(B79,'SINAPI-COMP'!$B:$G,4,FALSE) -> 25.37 | G79: =F79 -> 25.37 | H79: =TRUNC(E79*G79,2) -> 56.29
B80: 91692 | C80: =VLOOKUP(B80,'SINAPI-COMP'!$B:$G,2,FALSE) -> SERRA CIRCULAR DE BANCADA COM MOTOR ELÉTRICO POTÊNCIA DE 5HP, COM COIFA PARA DISCO 10" - CHP DIURNO. AF_08/2015 | D80: =VLOOKUP(B80,'SINAPI-COMP'!$B:$G,3,FALSE) -> CHP | E80: 0.01375 | F80: =VLOOKUP(B80,'SINAPI-COMP'!$B:$G,4,FALSE) -> 30.42 | G80: =F80 -> 30.42 | H80: =TRUNC(E80*G80,2) -> 0.41
B81: 91693 | C81: =VLOOKUP(B81,'SINAPI-COMP'!$B:$G,2,FALSE) -> SERRA CIRCULAR DE BANCADA COM MOTOR ELÉTRICO POTÊNCIA DE 5HP, COM COIFA PARA DISCO 10" - CHI DIURNO. AF_08/2015 | D81: =VLOOKUP(B81,'SINAPI-COMP'!$B:$G,3,FALSE) -> CHI | E81: 0.055275 | F81: =VLOOKUP(B81,'SINAPI-COMP'!$B:$G,4,FALSE) -> 28.89 | G81: =F81 -> 28.89 | H81: =TRUNC(E81*G81,2) -> 1.59
B83: 010603002 | C83: VERGA E CONTRAVERGA EM CONCRETO COM TRELIÇA DE 12CM | D83: M | H83: =SUM(H84:H88) -> 36.15
B84: 6194 | C84: =VLOOKUP(B84,'SINAPI-INS'!$B:$F,2,FALSE) -> TABUA *2,5 X 15 CM EM PINUS, MISTA OU EQUIVALENTE DA REGIAO - BRUTA | D84: =VLOOKUP(B84,'SINAPI-INS'!$B:$F,3,FALSE) -> M | E84: 2 | F84: =VLOOKUP(B84,'SINAPI-INS'!$B:$F,5,FALSE) -> 5.16 | G84: =IF(F84=0,VLOOKUP(B84,'SINAPI-INS'!$B:$G,6,FALSE),F84) -> 5.16 | H84: =TRUNC(E84*G84,2) -> 10.32
B85: 42407 | C85: =VLOOKUP(B85,'SINAPI-INS'!$B:$F,2,FALSE) -> TRELICA NERVURADA (ESPACADOR), ALTURA = 120,0 MM, DIAMETRO DOS BANZOS INFERIORES E SUPERIOR = 6,0 MM, DIAMETRO DA DIAGONAL = 4,2 MM | D85: =VLOOKUP(B85,'SINAPI-INS'!$B:$F,3,FALSE) -> M | E85: 1 | F85: =VLOOKUP(B85,'SINAPI-INS'!$B:$F,5,FALSE) -> 5.98 | G85: =IF(F85=0,VLOOKUP(B85,'SINAPI-INS'!$B:$G,6,FALSE),F85) -> 5.98 | H85: =TRUNC(E85*G85,2) -> 5.98
B86: 94970 | C86: =VLOOKUP(B86,'SINAPI-COMP'!$B:$G,2,FALSE) -> CONCRETO FCK = 20MPA, TRAÇO 1:2,7:3 (EM MASSA SECA DE CIMENTO/ AREIA MÉDIA/ BRITA 1) - PREPARO MECÂNICO COM BETONEIRA 600 L. AF_05/2021 | D86: =VLOOKUP(B86,'SINAPI-COMP'!$B:$G,3,FALSE) -> M3 | E86: 0.0135 | F86: =VLOOKUP(B86,'SINAPI-COMP'!$B:$G,4,FALSE) -> 464.48 | G86: =F86 -> 464.48 | H86: =TRUNC(E86*G86,2) -> 6.27
B87: 88309 | C87: =VLOOKUP(B87,'SINAPI-COMP'!$B:$G,2,FALSE) -> PEDREIRO COM ENCARGOS COMPLEMENTARES | D87: =VLOOKUP(B87,'SINAPI-COMP'!$B:$G,3,FALSE) -> H | E87: 0.376 | F87: =VLOOKUP(B87,'SINAPI-COMP'!$B:$G,4,FALSE) -> 25.75 | G87: =F87 -> 25.75 | H87: =TRUNC(E87*G87,2) -> 9.68
B88: 88316 | C88: =VLOOKUP(B88,'SINAPI-COMP'!$B:$G,2,FALSE) -> SERVENTE COM ENCARGOS COMPLEMENTARES | D88: =VLOOKUP(B88,'SINAPI-COMP'!$B:$G,3,FALSE) -> H | E88: 0.188 | F88: =VLOOKUP(B88,'SINAPI-COMP'!$B:$G,4,FALSE) -> 20.79 | G88: =F88 -> 20.79 | H88: =TRUNC(E88*G88,2) -> 3.9
B90: 011000000 | C90: TABEIRA DE MADEIRA LEI, 1A QUALIDADE, 2,5X15,0CM PARA BEIRAL DE TELHADO | D90: M | H90: =SUM(H91:H94) -> 32.33
B91: 5066 | C91: =VLOOKUP(B91,'SINAPI-INS'!$B:$F,2,FALSE) -> PREGO DE ACO POLIDO COM CABECA 12 X 12 | D91: =VLOOKUP(B91,'SINAPI-INS'!$B:$F,3,FALSE) -> KG | E91: 0.05 | F91: =VLOOKUP(B91,'SINAPI-INS'!$B:$F,5,FALSE) -> 26.67 | G91: =IF(F91=0,VLOOKUP(B91,'SINAPI-INS'!$B:$G,6,FALSE),F91) -> 26.67 | H91: =TRUNC(E91*G91,2) -> 1.33
B92: 3993 | C92: =VLOOKUP(B92,'SINAPI-INS'!$B:$F,2,FALSE) -> TABUA APARELHADA *2,5 X 15* CM, EM MACARANDUBA/MASSARANDUBA, ANGELIM OU EQUIVALENTE DA REGIAO | D92: =VLOOKUP(B92,'SINAPI-INS'!$B:$F,3,FALSE) -> M2 | E92: 0.15 | F92: =VLOOKUP(B92,'SINAPI-INS'!$B:$F,5,FALSE) -> 125.13 | G92: =IF(F92=0,VLOOKUP(B92,'SINAPI-INS'!$B:$G,6,FALSE),F92) -> 125.13 | H92: =TRUNC(E92*G92,2) -> 18.76
B93: 88239 | C93: =VLOOKUP(B93,'SINAPI-COMP'!$B:$G,2,FALSE) -> AJUDANTE DE CARPINTEIRO COM ENCARGOS COMPLEMENTARES | D93: =VLOOKUP(B93,'SINAPI-COMP'!$B:$G,3,FALSE) -> H | E93: 0.4 | F93: =VLOOKUP(B93,'SINAPI-COMP'!$B:$G,4,FALSE) -> 21.1 | G93: =F93 -> 21.1 | H93: =TRUNC(E93*G93,2) -> 8.44
B94: 88262 | C94: =VLOOKUP(B94,'SINAPI-COMP'!$B:$G,2,FALSE) -> CARPINTEIRO DE FORMAS COM ENCARGOS COMPLEMENTARES | D94: =VLOOKUP(B94,'SINAPI-COMP'!$B:$G,3,FALSE) -> H | E94: 0.15 | F94: =VLOOKUP(B94,'SINAPI-COMP'!$B:$G,4,FALSE) -> 25.37 | G94: =F94 -> 25.37 | H94: =TRUNC(E94*G94,2) -> 3.8
B96: 011102006 | C96: JANELA DE AÇO TIPO BASCULANTE, PARA VIDROS (VIDROS NÃO INCLUSOS), BATENTE/ REQUADRO INCLUSO (6,5 A 14 CM), COM COM PINTURA ANTICORROSIVA, SEM ACABAMENTO, COM FERRAGENS, FIXAÇÃO COM ARGAMASSA, EXCLUSIVE CONTRAMARCO - FORNECIMENTO E INSTALAÇÃO. AF_11/2024 | D96: M2 | H96: =SUM(H97:H100) -> 711.12
B97: 11190 | C97: =VLOOKUP(B97,'SINAPI-INS'!$B:$F,2,FALSE) -> JANELA BASCULANTE, ACO, COM BATENTE/REQUADRO, 60 X 60 CM (SEM VIDROS) | D97: =VLOOKUP(B97,'SINAPI-INS'!$B:$F,3,FALSE) -> UN | E97: 2.778 | F97: =VLOOKUP(B97,'SINAPI-INS'!$B:$F,5,FALSE) -> 0 | G97: =IF(F97=0,VLOOKUP(B97,'SINAPI-INS'!$B:$G,6,FALSE),F97) -> 184.69 | H97: =TRUNC(E97*G97,2) -> 513.06
B98: 88629 | C98: =VLOOKUP(B98,'SINAPI-COMP'!$B:$G,2,FALSE) -> ARGAMASSA TRAÇO 1:3 (EM VOLUME DE CIMENTO E AREIA MÉDIA ÚMIDA), PREPARO MANUAL. AF_08/2019 | D98: =VLOOKUP(B98,'SINAPI-COMP'!$B:$G,3,FALSE) -> M3 | E98: 0.021 | F98: =VLOOKUP(B98,'SINAPI-COMP'!$B:$G,4,FALSE) -> 657.62 | G98: =F98 -> 657.62 | H98: =TRUNC(E98*G98,2) -> 13.81
B99: 88316 | C99: =VLOOKUP(B99,'SINAPI-COMP'!$B:$G,2,FALSE) -> SERVENTE COM ENCARGOS COMPLEMENTARES | D99: =VLOOKUP(B99,'SINAPI-COMP'!$B:$G,3,FALSE) -> H | E99: 2.548932 | F99: =VLOOKUP(B99,'SINAPI-COMP'!$B:$G,4,FALSE) -> 20.79 | G99: =F99 -> 20.79 | H99: =TRUNC(E99*G99,2) -> 52.99
B100: 88309 | C100: =VLOOKUP(B100,'SINAPI-COMP'!$B:$G,2,FALSE) -> PEDREIRO COM ENCARGOS COMPLEMENTARES | D100: =VLOOKUP(B100,'SINAPI-COMP'!$B:$G,3,FALSE) -> H | E100: 5.097864 | F100: =VLOOKUP(B100,'SINAPI-COMP'!$B:$G,4,FALSE) -> 25.75 | G100: =F100 -> 25.75 | H100: =TRUNC(E100*G100,2) -> 131.26
B102: 011102000 | C102: JANELA DE AÇO DE CORRER, VENEZIANA, FIXAÇÃO COM ARGAMASSA, SEM VIDROS - 100x120 CM | D102: UN | H102: =SUM(H103:H106) -> 640.07
B103: 021102000 | C103: =VLOOKUP(B103,COTAÇÕES!$B:$H,2,FALSE) -> JANELA DE AÇO DE CORRER, 100X120CM. VENEZIANA, SEM VIDROS | D103: =VLOOKUP(B103,COTAÇÕES!$B:$H,3,FALSE) -> UN | E103: 1 | F103: =VLOOKUP(B103,COTAÇÕES!$B:$H,7,FALSE) -> 542.74 | G103: =F103 -> 542.74 | H103: =TRUNC(E103*G103,2) -> 542.74 | I103: --- Cotação
B104: 88629 | C104: =VLOOKUP(B104,'SINAPI-COMP'!$B:$G,2,FALSE) -> ARGAMASSA TRAÇO 1:3 (EM VOLUME DE CIMENTO E AREIA MÉDIA ÚMIDA), PREPARO MANUAL. AF_08/2019 | D104: =VLOOKUP(B104,'SINAPI-COMP'!$B:$G,3,FALSE) -> M3 | E104: 0.0096 | F104: =VLOOKUP(B104,'SINAPI-COMP'!$B:$G,4,FALSE) -> 657.62 | G104: =F104 -> 657.62 | H104: =TRUNC(E104*G104,2) -> 6.31
B105: 88309 | C105: =VLOOKUP(B105,'SINAPI-COMP'!$B:$G,2,FALSE) -> PEDREIRO COM ENCARGOS COMPLEMENTARES | D105: =VLOOKUP(B105,'SINAPI-COMP'!$B:$G,3,FALSE) -> H | E105: 2.5188 | F105: =VLOOKUP(B105,'SINAPI-COMP'!$B:$G,4,FALSE) -> 25.75 | G105: =F105 -> 25.75 | H105: =TRUNC(E105*G105,2) -> 64.85
B106: 88316 | C106: =VLOOKUP(B106,'SINAPI-COMP'!$B:$G,2,FALSE) -> SERVENTE COM ENCARGOS COMPLEMENTARES | D106: =VLOOKUP(B106,'SINAPI-COMP'!$B:$G,3,FALSE) -> H | E106: 1.2588 | F106: =VLOOKUP(B106,'SINAPI-COMP'!$B:$G,4,FALSE) -> 20.79 | G106: =F106 -> 20.79 | H106: =TRUNC(E106*G106,2) -> 26.17
B108: 011900000 | C108: VIDRO FANTASIA TIPO CANELADO, ESPESSURA 4MM | D108: M2 | H108: =SUM(H109:H112) -> 168.62
B109: 10498 | C109: =VLOOKUP(B109,'SINAPI-INS'!$B:$F,2,FALSE) -> MASSA PARA VIDRO | D109: =VLOOKUP(B109,'SINAPI-INS'!$B:$F,3,FALSE) -> KG | E109: 1.5 | F109: =VLOOKUP(B109,'SINAPI-INS'!$B:$F,5,FALSE) -> 10.21 | G109: =IF(F109=0,VLOOKUP(B109,'SINAPI-INS'!$B:$G,6,FALSE),F109) -> 10.21 | H109: =TRUNC(E109*G109,2) -> 15.31
B110: 10499 | C110: =VLOOKUP(B110,'SINAPI-INS'!$B:$F,2,FALSE) -> VIDRO MARTELADO OU CANELADO, 4 MM - SEM COLOCACAO | D110: =VLOOKUP(B110,'SINAPI-INS'!$B:$F,3,FALSE) -> M2 | E110: 1 | F110: =VLOOKUP(B110,'SINAPI-INS'!$B:$F,5,FALSE) -> 133.64 | G110: =IF(F110=0,VLOOKUP(B110,'SINAPI-INS'!$B:$G,6,FALSE),F110) -> 133.64 | H110: =TRUNC(E110*G110,2) -> 133.64
B111: 88316 | C111: =VLOOKUP(B111,'SINAPI-COMP'!$B:$G,2,FALSE) -> SERVENTE COM ENCARGOS COMPLEMENTARES | D111: =VLOOKUP(B111,'SINAPI-COMP'!$B:$G,3,FALSE) -> H | E111: 0.45 | F111: =VLOOKUP(B111,'SINAPI-COMP'!$B:$G,4,FALSE) -> 20.79 | G111: =F111 -> 20.79 | H111: =TRUNC(E111*G111,2) -> 9.35
B112: 88325 | C112: =VLOOKUP(B112,'SINAPI-COMP'!$B:$G,2,FALSE) -> VIDRACEIRO COM ENCARGOS COMPLEMENTARES | D112: =VLOOKUP(B112,'SINAPI-COMP'!$B:$G,3,FALSE) -> H | E112: 0.45 | F112: =VLOOKUP(B112,'SINAPI-COMP'!$B:$G,4,FALSE) -> 22.95 | G112: =F112 -> 22.95 | H112: =TRUNC(E112*G112,2) -> 10.32
B114: 011202000 | C114: ESPELHO PLÁSTICO 4X2'' - FORNECIMENTO E INSTALAÇÃO | D114: UN | H114: =SUM(H115:H116) -> 4.27
B115: 38091 | C115: =VLOOKUP(B115,'SINAPI-INS'!$B:$F,2,FALSE) -> ESPELHO / PLACA CEGA 4" X 2", PARA INSTALACAO DE TOMADAS E INTERRUPTORES | D115: =VLOOKUP(B115,'SINAPI-INS'!$B:$F,3,FALSE) -> UN | E115: 1 | F115: =VLOOKUP(B115,'SINAPI-INS'!$B:$F,5,FALSE) -> 2.11 | G115: =IF(F115=0,VLOOKUP(B115,'SINAPI-INS'!$B:$G,6,FALSE),F115) -> 2.11 | H115: =TRUNC(E115*G115,2) -> 2.11
B116: 88247 | C116: =VLOOKUP(B116,'SINAPI-COMP'!$B:$G,2,FALSE) -> AUXILIAR DE ELETRICISTA COM ENCARGOS COMPLEMENTARES | D116: =VLOOKUP(B116,'SINAPI-COMP'!$B:$G,3,FALSE) -> H | E116: 0.1 | F116: =VLOOKUP(B116,'SINAPI-COMP'!$B:$G,4,FALSE) -> 21.69 | G116: =F116 -> 21.69 | H116: =TRUNC(E116*G116,2) -> 2.16
B118: 011205000 | C118: CAIXA DE LUZ 4 X 2'' EM AÇO ESMALTADA | D118: UN | H118: =SUM(H119:H120) -> 3.48
B119: 2556 | C119: =VLOOKUP(B119,'SINAPI-INS'!$B:$F,2,FALSE) -> CAIXA DE LUZ "4 X 2" EM ACO ESMALTADA | D119: =VLOOKUP(B119,'SINAPI-INS'!$B:$F,3,FALSE) -> UN | E119: 1 | F119: =VLOOKUP(B119,'SINAPI-INS'!$B:$F,5,FALSE) -> 0 | G119: =IF(F119=0,VLOOKUP(B119,'SINAPI-INS'!$B:$G,6,FALSE),F119) -> 1.32 | H119: =TRUNC(E119*G119,2) -> 1.32
B120: 88247 | C120: =VLOOKUP(B120,'SINAPI-COMP'!$B:$G,2,FALSE) -> AUXILIAR DE ELETRICISTA COM ENCARGOS COMPLEMENTARES | D120: =VLOOKUP(B120,'SINAPI-COMP'!$B:$G,3,FALSE) -> H | E120: 0.1 | F120: =VLOOKUP(B120,'SINAPI-COMP'!$B:$G,4,FALSE) -> 21.69 | G120: =F120 -> 21.69 | H120: =TRUNC(E120*G120,2) -> 2.16
B122: 011204000 | C122: CURVA PVC 135G 1'' P/ ELETRODUTO ROSCÁVEL | D122: UN | H122: =SUM(H123:H124) -> 4.66
B123: 1880 | C123: =VLOOKUP(B123,'SINAPI-INS'!$B:$F,2,FALSE) -> CURVA 135 GRAUS, DE PVC RIGIDO ROSCAVEL, DE 1", PARA ELETRODUTO | D123: =VLOOKUP(B123,'SINAPI-INS'!$B:$F,3,FALSE) -> UN | E123: 1 | F123: =VLOOKUP(B123,'SINAPI-INS'!$B:$F,5,FALSE) -> 2.5 | G123: =IF(F123=0,VLOOKUP(B123,'SINAPI-INS'!$B:$G,6,FALSE),F123) -> 2.5 | H123: =TRUNC(E123*G123,2) -> 2.5
...

Sheet COTAÇÕES
B7: Obra: | C7: =RESUMO!C7 -> FHNIS
B8: Local: | C8: =RESUMO!C8 -> MS | F8: Data: | G8: =RESUMO!E8 -> 45965
B9: Área (m²): | C9: =RESUMO!C9 -> 51.53
B11: COTAÇÕES
B12: REFERÊNCIA | C12: DESCRIÇÃO | D12: UNID. | E12: EMPRESA 1 | F12: EMPRESA 2 | G12: EMPRESA 3 | H12: MEDIANA
B13: 021102000 | C13: JANELA DE AÇO DE CORRER, 100X120CM. VENEZIANA, SEM VIDROS | D13: UN | E13: ALVORADA | F13: LEROY | G13: SERTÃO | H13: =MEDIAN(E14:G14) -> 542.74
E14: 542.74 | F14: 447.94 | G14: 699
B15: 021301000 | C15: CAIXA HIDRÔMETRO SANESUL | D15: UN | E15: MAMACONSTRU | F15: SANTRI | G15: WANDERSON | H15: =MEDIAN(E16:G16) -> 165.75
E16: 156 | F16: 231 | G16: 165.75
B17: 021304000 | C17: VÁLVULA DE RETENÇÃO PARA ESGOTO - D=100MM | D17: UN | E17: ALVORADA | F17: LEROY | G17: SERTÃO | H17: =MEDIAN(E18:G18) -> 117.9
E18: 120.25 | F18: 117.9 | G18: 92

Sheet CRONOGRAMA (18M)
B7: Obra: | C7: =RESUMO!C7 -> FHNIS | G7: Data Base: | H7: =RESUMO!E7 -> Jul./2025 - Não Des.
B8: Local: | C8: =RESUMO!C8 -> MS | G8: Data: | H8: =RESUMO!E8 -> 45965
B9: Área (m²): | C9: =RESUMO!C9 -> 51.53 | G9: BDI: | H9: =RESUMO!E9 -> 0.2222
B11: CRONOGRAMA FÍSICO FINANCEIRO
B13: ITEM | C13: DESCRIÇÃO | D13: VALOR DO SERVIÇO | E13: % | F13: PERÍODO 120 DIAS | J13: PERÍODO 120 DIAS | N13: PERÍODO 120 DIAS | R13: PERÍODO 120 DIAS | V13: PERÍODO 60 DIAS | W13: PERÍODO 120 DIAS
F14: 30 DIAS | G14: 60 DIAS | H14: 90 DIAS | I14: 120 DIAS | J14: 150 DIAS | K14: 180 DIAS | L14: 210 DIAS | M14: 240 DIAS | N14: 270 DIAS | O14: 300 DIAS | P14: 330 DIAS | Q14: 360 DIAS | R14: 390 DIAS | S14: 420 DIAS | T14: 450 DIAS | U14: 480 DIAS | V14: 510 DIAS | W14: 540 DIAS
B15: 1 | C15: =VLOOKUP(B15,PLANILHA!$B:$L,3,0) -> SERVIÇOS PRELIMINARES | D15: =VLOOKUP(B15,PLANILHA!$B:$L,10,0) -> 35497.56 | E15: =D15/$D$53 -> 0.012870683 | F15: 0.2 | J15: 0.25 | N15: 0.25 | R15: 0.25 | V15: 0.05
F16: =TRUNC($D$15*F15,2) -> 7099.51 | G16: =TRUNC($D$15*G15,2) -> 0 | H16: =TRUNC($D$15*H15,2) -> 0 | I16: =TRUNC($D$15*I15,2) -> 0 | J16: =TRUNC($D$15*J15,2) -> 8874.39 | K16: =TRUNC($D$15*K15,2) -> 0 | L16: =TRUNC($D$15*L15,2) -> 0 | M16: =TRUNC($D$15*M15,2) -> 0 | ... U16: =TRUNC($D$15*U15,2) -> 0 | V16: =TRUNC($D$15*V15,2)+0.01 -> 1774.88 | W16: =TRUNC($D$15*W15,2) -> 0 | X16: =SUM(F16:W16) -> 35497.56 | Y16: =X16=D15 -> TRUE | Z16: =D15-X16 -> 0
B17: 2 | C17: =VLOOKUP(B17,PLANILHA!$B:$L,3,0) -> SERVIÇOS EM TERRA | D17: =VLOOKUP(B17,PLANILHA!$B:$L,10,0) -> 32109.46 | E17: =D17/$D$53 -> 0.011642228 | F17: 1 | Z17: =D16-X17 -> 0
F18: =TRUNC($D$17*F17,2) -> 32109.46 | G18: =TRUNC($D$17*G17,2) -> 0 | H18: =TRUNC($D$17*H17,2) -> 0 | I18: =TRUNC($D$17*I17,2) -> 0 | J18: =TRUNC($D$17*J17,2) -> 0 | K18: =TRUNC($D$17*K17,2) -> 0 | L18: =TRUNC($D$17*L17,2) -> 0 | M18: =TRUNC($D$17*M17,2) -> 0 | ... W18: =TRUNC($D$17*W17,2) -> 0 | X18: =SUM(F18:W18) -> 32109.46 | Y18: =X18=D17 -> TRUE | Z18: =D17-X18 -> 0
B19: 3 | C19: =VLOOKUP(B19,PLANILHA!$B:$L,3,0) -> FUNDAÇÕES (ESTACA, BLOCOS E VIGA BALDRAME) | D19: =VLOOKUP(B19,PLANILHA!$B:$L,10,0) -> 287494.25 | E19: =D19/$D$53 -> 0.10423948 | F19: 0.2 | J19: 0.2 | N19: 0.2 | R19: 0.25 | T19: 0.1 | V19: 0.05 | Z19: =D18-X19 -> 0
F20: =TRUNC($D$19*F19,2) -> 57498.85 | G20: =TRUNC($D$19*G19,2) -> 0 | H20: =TRUNC($D$19*H19,2) -> 0 | I20: =TRUNC($D$19*I19,2) -> 0 | J20: =TRUNC($D$19*J19,2) -> 57498.85 | K20: =TRUNC($D$19*K19,2) -> 0 | L20: =TRUNC($D$19*L19,2) -> 0 | M20: =TRUNC($D$19*M19,2) -> 0 | ... U20: =TRUNC($D$19*U19,2) -> 0 | V20: =TRUNC($D$19*V19,2)+0.04 -> 14374.75 | W20: =TRUNC($D$19*W19,2) -> 0 | X20: =SUM(F20:W20) -> 287494.28 | Y20: =X20=D19 -> FALSE | Z20: =D19-X20 -> -0.03
B21: 4 | C21: =VLOOKUP(B21,PLANILHA!$B:$L,3,0) -> SUPRAESTRUTURA (PILARES, ESPERAS E VIGA DE RESPALDO) | D21: =VLOOKUP(B21,PLANILHA!$B:$L,10,0) -> 235620.08 | E21: =D21/$D$53 -> 0.085430979 | F21: 0.07 | G21: 0.07 | H21: 0.07 | J21: 0.07 | K21: 0.08 | L21: 0.08 | N21: 0.07 | O21: 0.08 | P21: 0.08 | R21: 0.07 | S21: 0.08 | T21: 0.08 | V21: 0.05 | W21: 0.05 | Z21: =D20-X21 -> 0
F22: =TRUNC($D$21*F21,2)+0.02 -> 16493.42 | G22: =TRUNC($D$21*G21,2) -> 16493.4 | H22: =TRUNC($D$21*H21,2) -> 16493.4 | I22: =TRUNC($D$21*I21,2) -> 0 | J22: =TRUNC($D$21*J21,2) -> 16493.4 | K22: =TRUNC($D$21*K21,2) -> 18849.6 | L22: =TRUNC($D$21*L21,2) -> 18849.6 | M22: =TRUNC($D$21*M21,2) -> 0 | N22: =TRUNC($D$21*N21,2) -> 16493.4 | ... U22: =TRUNC($D$21*U21,2) -> 0 | V22: =TRUNC($D$21*V21,2)+0.06 -> 11781.06 | W22: =TRUNC($D$21*W21,2)+0.03 -> 11781.03 | X22: =SUM(F22:W22) -> 235620.11 | Y22: =X22=D21 -> FALSE | Z22: =D21-X22 -> -0.03
B23: 5 | C23: =VLOOKUP(B23,PLANILHA!$B:$L,3,0) -> ALVENARIA DE ELEVAÇÃO | D23: =VLOOKUP(B23,PLANILHA!$B:$L,10,0) -> 260081.39 | E23: =D23/$D$53 -> 0.094300145 | F23: 0.16 | G23: 0.03 | H23: 0.03 | J23: 0.16 | K23: 0.03 | L23: 0.03 | N23: 0.16 | O23: 0.03 | P23: 0.03 | R23: 0.16 | S23: 0.05 | T23: 0.05 | V23: 0.04 | W23: 0.04 | Z23: =D22-X23 -> 0
F24: =TRUNC($D$23*F23,2)+0.01 -> 41613.03 | G24: =TRUNC($D$23*G23,2) -> 7802.44 | H24: =TRUNC($D$23*H23,2) -> 7802.44 | I24: =TRUNC($D$23*I23,2) -> 0 | J24: =TRUNC($D$23*J23,2) -> 41613.02 | K24: =TRUNC($D$23*K23,2) -> 7802.44 | L24: =TRUNC($D$23*L23,2) -> 7802.44 | M24: =TRUNC($D$23*M23,2) -> 0 | N24: =TRUNC($D$23*N23,2) -> 41613.02 | ... V24: =TRUNC($D$23*V23,2) -> 10403.25 | W24: =TRUNC($D$23*W23,2)+0.04 -> 10403.29 | X24: =SUM(F24:W24) -> 260081.39 | Y24: =X24=D23 -> TRUE | Z24: =D23-X24 -> 0
B25: 6 | C25: =VLOOKUP(B25,PLANILHA!$B:$L,3,0) -> ESTRUTURA DE COBERTURA - MADEIRA | D25: =VLOOKUP(B25,PLANILHA!$B:$L,10,0) -> 253831.97 | E25: =D25/$D$53 -> 0.092034234 | F25: 0.16 | G25: 0.03 | H25: 0.03 | J25: 0.16 | K25: 0.03 | L25: 0.03 | N25: 0.16 | O25: 0.03 | P25: 0.03 | R25: 0.16 | S25: 0.05 | T25: 0.05 | V25: 0.04 | W25: 0.04 | Z25: =D24-X25 -> 0
F26: =TRUNC($D$25*F25,2)+0.01 -> 40613.12 | G26: =TRUNC($D$25*G25,2) -> 7614.95 | H26: =TRUNC($D$25*H25,2) -> 7614.95 | I26: =TRUNC($D$25*I25,2) -> 0 | J26: =TRUNC($D$25*J25,2) -> 40613.11 | K26: =TRUNC($D$25*K25,2) -> 7614.95 | L26: =TRUNC($D$25*L25,2) -> 7614.95 | M26: =TRUNC($D$25*M25,2) -> 0 | N26: =TRUNC($D$25*N25,2) -> 40613.11 | ... V26: =TRUNC($D$25*V25,2) -> 10153.27 | W26: =TRUNC($D$25*W25,2)+0.1 -> 10153.37 | X26: =SUM(F26:W26) -> 253831.97 | Y26: =X26=D25 -> TRUE | Z26: =D25-X26 -> 0
B27: 7 | C27: =VLOOKUP(B27,PLANILHA!$B:$L,3,0) -> COBERTURA | D27: =VLOOKUP(B27,PLANILHA!$B:$L,10,0) -> 99750.36 | E27: =D27/$D$53 -> 0.036167422 | G27: 0.1 | H27: 0.1 | K27: 0.1 | L27: 0.1 | O27: 0.1 | P27: 0.15 | S27: 0.15 | T27: 0.1 | V27: 0.05 | W27: 0.05 | Z27: =D26-X27 -> 0
F28: =TRUNC($D$27*F27,2) -> 0 | G28: =TRUNC($D$27*G27,2)+0.01 -> 9975.04 | H28: =TRUNC($D$27*H27,2) -> 9975.03 | I28: =TRUNC($D$27*I27,2) -> 0 | J28: =TRUNC($D$27*J27,2) -> 0 | K28: =TRUNC($D$27*K27,2) -> 9975.03 | L28: =TRUNC($D$27*L27,2) -> 9975.03 | M28: =TRUNC($D$27*M27,2) -> 0 | N28: =TRUNC($D$27*N27,2) -> 0 | O28: =TRUNC($D$27*O27,2) -> 9975.03 | ... V28: =TRUNC($D$27*V27,2) -> 4987.51 | W28: =TRUNC($D$27*W27,2)+0.05 -> 4987.56 | X28: =SUM(F28:W28) -> 99750.36 | Y28: =X28=D27 -> TRUE | Z28: =D27-X28 -> 0
B29: 8 | C29: =VLOOKUP(B29,PLANILHA!$B:$L,3,0) -> ESQUADRIAS | D29: =VLOOKUP(B29,PLANILHA!$B:$L,10,0) -> 203979.27 | E29: =D29/$D$53 -> 0.073958674 | G29: 0.07 | H29: 0.1 | I29: 0.03 | K29: 0.07 | L29: 0.1 | M29: 0.03 | O29: 0.07 | P29: 0.1 | Q29: 0.08 | S29: 0.07 | T29: 0.1 | U29: 0.08 | V29: 0.05 | W29: 0.05 | Z29: =D28-X29 -> 0
F30: =TRUNC($D$29*F29,2) -> 0 | G30: =TRUNC($D$29*G29,2)+0.01 -> 14278.55 | H30: =TRUNC($D$29*H29,2) -> 20397.92 | I30: =TRUNC($D$29*I29,2) -> 6119.37 | J30: =TRUNC($D$29*J29,2) -> 0 | K30: =TRUNC($D$29*K29,2) -> 14278.54 | L30: =TRUNC($D$29*L29,2) -> 20397.92 | M30: =TRUNC($D$29*M29,2) -> 6119.37 | N30: =TRUNC($D$29*N29,2) -> 0 | O30: =TRUNC($D$29*O29,2) -> 14278.54 | ... V30: =TRUNC($D$29*V29,2) -> 10198.96 | W30: =TRUNC($D$29*W29,2)+0.08 -> 10199.04 | X30: =SUM(F30:W30) -> 203979.27 | Y30: =X30=D29 -> TRUE | Z30: =D29-X30 -> 0
B31: 9 | C31: =VLOOKUP(B31,PLANILHA!$B:$L,3,0) -> REVESTIMENTOS | D31: =VLOOKUP(B31,PLANILHA!$B:$L,10,0) -> 297713.94 | E31: =D31/$D$53 -> 0.10794493 | G31: 0.08 | H31: 0.1 | I31: 0.02 | K31: 0.08 | L31: 0.1 | M31: 0.03 | O31: 0.08 | P31: 0.1 | Q31: 0.03 | S31: 0.1 | T31: 0.1 | U31: 0.1 | V31: 0.05 | W31: 0.03 | Z31: =D30-X31 -> 0
F32: =TRUNC($D$31*F31,2) -> 0 | G32: =TRUNC($D$31*G31,2)+0.01 -> 23817.12 | H32: =TRUNC($D$31*H31,2) -> 29771.39 | I32: =TRUNC($D$31*I31,2) -> 5954.27 | J32: =TRUNC($D$31*J31,2) -> 0 | K32: =TRUNC($D$31*K31,2) -> 23817.11 | L32: =TRUNC($D$31*L31,2) -> 29771.39 | M32: =TRUNC($D$31*M31,2) -> 8931.41 | N32: =TRUNC($D$31*N31,2) -> 0 | O32: =TRUNC($D$31*O31,2) -> 23817.11 | ... V32: =TRUNC($D$31*V31,2) -> 14885.69 | W32: =TRUNC($D$31*W31,2)+0.07 -> 8931.48 | X32: =SUM(F32:W32) -> 297713.94 | Y32: =X32=D31 -> TRUE | Z32: =D31-X32 -> 0
B33: 10 | C33: =VLOOKUP(B33,PLANILHA!$B:$L,3,0) -> PINTURA | D33: =VLOOKUP(B33,PLANILHA!$B:$L,10,0) -> 104047.35 | E33: =D33/$D$53 -> 0.037725422 | I33: 0.2 | M33: 0.2 | Q33: 0.2 | U33: 0.2 | V33: 0.1 | W33: 0.1 | Z33: =D32-X33 -> 0
F34: =TRUNC($D$33*F33,2) -> 0 | G34: =TRUNC($D$33*G33,2) -> 0 | H34: =TRUNC($D$33*H33,2) -> 0 | I34: =TRUNC($D$33*I33,2) -> 20809.47 | J34: =TRUNC($D$33*J33,2) -> 0 | K34: =TRUNC($D$33*K33,2) -> 0 | L34: =TRUNC($D$33*L33,2) -> 0 | M34: =TRUNC($D$33*M33,2) -> 20809.47 | ... V34: =TRUNC($D$33*V33,2) -> 10404.73 | W34: =TRUNC($D$33*W33,2)+0.01 -> 10404.74 | X34: =SUM(F34:W34) -> 104047.35 | Y34: =X34=D33 -> TRUE | Z34: =D33-X34 -> 0
B35: 11 | C35: =VLOOKUP(B35,PLANILHA!$B:$L,3,0) -> FORRO | D35: =VLOOKUP(B35,PLANILHA!$B:$L,10,0) -> 112168.05 | E35: =D35/$D$53 -> 0.04066982 | H35: 0.13 | I35: 0.08 | L35: 0.13 | M35: 0.08 | P35: 0.13 | Q35: 0.08 | T35: 0.14 | U35: 0.09 | V35: 0.08 | W35: 0.06 | Z35: =D34-X35 -> 0
F36: =TRUNC($D$35*F35,2) -> 0 | G36: =TRUNC($D$35*G35,2) -> 0 | H36: =TRUNC($D$35*H35,2)+0.01 -> 14581.85 | I36: =TRUNC($D$35*I35,2) -> 8973.44 | J36: =TRUNC($D$35*J35,2) -> 0 | K36: =TRUNC($D$35*K35,2) -> 0 | L36: =TRUNC($D$35*L35,2) -> 14581.84 | M36: =TRUNC($D$35*M35,2) -> 8973.44 | N36: =TRUNC($D$35*N35,2) -> 0 | O36: =TRUNC($D$35*O35,2) -> 0 | P36: =TRUNC($D$35*P35,2) -> 14581.84 | ... V36: =TRUNC($D$35*V35,2) -> 8973.44 | W36: =TRUNC($D$35*W35,2)+0.04 -> 6730.12 | X36: =SUM(F36:W36) -> 112168.05 | Y36: =X36=D35 -> TRUE | Z36: =D35-X36 -> 0
B37: 12 | C37: =VLOOKUP(B37,PLANILHA!$B:$L,3,0) -> VIDROS | D37: =VLOOKUP(B37,PLANILHA!$B:$L,10,0) -> 20278.27 | E37: =D37/$D$53 -> 0.0073524822 | H37: 0.16 | I37: 0.04 | L37: 0.16 | M37: 0.04 | P37: 0.16 | Q37: 0.04 | T37: 0.16 | U37: 0.04 | V37: 0.1 | W37: 0.1 | Z37: =D36-X37 -> 0
F38: =TRUNC($D$37*F37,2) -> 0 | G38: =TRUNC($D$37*G37,2) -> 0 | H38: =TRUNC($D$37*H37,2)+0.01 -> 3244.53 | I38: =TRUNC($D$37*I37,2) -> 811.13 | J38: =TRUNC($D$37*J37,2) -> 0 | K38: =TRUNC($D$37*K37,2) -> 0 | L38: =TRUNC($D$37*L37,2) -> 3244.52 | M38: =TRUNC($D$37*M37,2) -> 811.13 | N38: =TRUNC($D$37*N37,2) -> 0 | O38: =TRUNC($D$37*O37,2) -> 0 | P38: =TRUNC($D$37*P37,2) -> 3244.52 | ... V38: =TRUNC($D$37*V37,2) -> 2027.82 | W38: =TRUNC($D$37*W37,2)-0.06 -> 2027.76 | X38: =SUM(F38:W38)+0.08 -> 20278.27 | Y38: =X38=D37 -> TRUE | Z38: =D37-X38 -> 0
B39: 13 | C39: =VLOOKUP(B39,PLANILHA!$B:$L,3,0) -> PAVIMENTAÇÃO | D39: =VLOOKUP(B39,PLANILHA!$B:$L,10,0) -> 149830 | E39: =D39/$D$53 -> 0.054325266 | H39: 0.16 | I39: 0.06 | L39: 0.16 | M39: 0.06 | P39: 0.16 | Q39: 0.06 | T39: 0.16 | U39: 0.06 | V39: 0.06 | W39: 0.06 | Z39: =D38-X39 -> 0
F40: =TRUNC($D$39*F39,2) -> 0 | G40: =TRUNC($D$39*G39,2) -> 0 | H40: =TRUNC($D$39*H39,2)+0.01 -> 23972.81 | I40: =TRUNC($D$39*I39,2) -> 8989.8 | J40: =TRUNC($D$39*J39,2) -> 0 | K40: =TRUNC($D$39*K39,2) -> 0 | L40: =TRUNC($D$39*L39,2) -> 23972.8 | M40: =TRUNC($D$39*M39,2) -> 8989.8 | N40: =TRUNC($D$39*N39,2) -> 0 | O40: =TRUNC($D$39*O39,2) -> 0 | P40: =TRUNC($D$39*P39,2) -> 23972.8 | ... V40: =TRUNC($D$39*V39,2) -> 8989.8 | W40: =TRUNC($D$39*W39,2)-0.01 -> 8989.79 | X40: =SUM(F40:W40) -> 149830 | Y40: =X40=D39 -> TRUE | Z40: =D39-X40 -> 0
B41: 14 | C41: =VLOOKUP(B41,PLANILHA!$B:$L,3,0) -> INSTALAÇÃO ELÉTRICA | D41: =VLOOKUP(B41,PLANILHA!$B:$L,10,0) -> 218808.4 | E41: =D41/$D$53 -> 0.079335411 | G41: 0.07 | H41: 0.07 | I41: 0.1 | K41: 0.07 | L41: 0.07 | M41: 0.1 | O41: 0.06 | P41: 0.06 | Q41: 0.1 | S41: 0.06 | T41: 0.06 | U41: 0.1 | V41: 0.04 | W41: 0.04 | Z41: =D40-X41 -> 0
F42: =TRUNC($D$41*F41,2) -> 0 | G42: =TRUNC($D$41*G41,2) -> 15316.58 | H42: =TRUNC($D$41*H41,2) -> 15316.58 | I42: =TRUNC($D$41*I41,2) -> 21880.84 | J42: =TRUNC($D$41*J41,2) -> 0 | K42: =TRUNC($D$41*K41,2) -> 15316.58 | L42: =TRUNC($D$41*L41,2) -> 15316.58 | M42: =TRUNC($D$41*M41,2) -> 21880.84 | ... V42: =TRUNC($D$41*V41,2) -> 8752.33 | W42: =TRUNC($D$41*W41,2)+0.06 -> 8752.39 | X42: =SUM(F42:W42) -> 218808.4 | Y42: =X42=D41 -> TRUE | Z42: =D41-X42 -> 0
B43: 15 | C43: =VLOOKUP(B43,PLANILHA!$B:$L,3,0) -> INSTALAÇÃO HIDRÁULICA | D43: =VLOOKUP(B43,PLANILHA!$B:$L,10,0) -> 54237.2 | E43: =D43/$D$53 -> 0.01966529 | G43: 0.07 | H43: 0.09 | I43: 0.04 | K43: 0.07 | L43: 0.09 | M43: 0.04 | O43: 0.07 | P43: 0.09 | Q43: 0.04 | S43: 0.07 | T43: 0.09 | U43: 0.04 | V43: 0.1 | W43: 0.1 | Z43: =D42-X43 -> 0
F44: =TRUNC($D$43*F43,2) -> 0 | G44: =TRUNC($D$43*G43,2)+0.02 -> 3796.62 | H44: =TRUNC($D$43*H43,2) -> 4881.34 | I44: =TRUNC($D$43*I43,2) -> 2169.48 | J44: =TRUNC($D$43*J43,2) -> 0 | K44: =TRUNC($D$43*K43,2) -> 3796.6 | L44: =TRUNC($D$43*L43,2) -> 4881.34 | M44: =TRUNC($D$43*M43,2) -> 2169.48 | N44: =TRUNC($D$43*N43,2) -> 0 | O44: =TRUNC($D$43*O43,2) -> 3796.6 | ... V44: =TRUNC($D$43*V43,2) -> 5423.72 | W44: =TRUNC($D$43*W43,2)+0.06 -> 5423.78 | X44: =SUM(F44:W44) -> 54237.2 | Y44: =X44=D43 -> TRUE | Z44: =D43-X44 -> 0
B45: 16 | C45: =VLOOKUP(B45,PLANILHA!$B:$L,3,0) -> INSTALAÇÃO SANITÁRIA | D45: =VLOOKUP(B45,PLANILHA!$B:$L,10,0) -> 166635.82 | E45: =D45/$D$53 -> 0.06041871 | G45: 0.07 | H45: 0.1 | I45: 0.03 | K45: 0.07 | L45: 0.1 | M45: 0.03 | O45: 0.07 | P45: 0.1 | Q45: 0.03 | S45: 0.07 | T45: 0.1 | U45: 0.03 | V45: 0.1 | W45: 0.1 | Z45: =D44-X45 -> 0
F46: =TRUNC($D$45*F45,2) -> 0 | G46: =TRUNC($D$45*G45,2)+0.01 -> 11664.51 | H46: =TRUNC($D$45*H45,2) -> 16663.58 | I46: =TRUNC($D$45*I45,2) -> 4999.07 | J46: =TRUNC($D$45*J45,2) -> 0 | K46: =TRUNC($D$45*K45,2) -> 11664.5 | L46: =TRUNC($D$45*L45,2) -> 16663.58 | M46: =TRUNC($D$45*M45,2) -> 4999.07 | N46: =TRUNC($D$45*N45,2) -> 0 | O46: =TRUNC($D$45*O45,2) -> 11664.5 | ... V46: =TRUNC($D$45*V45,2) -> 16663.58 | W46: =TRUNC($D$45*W45,2)+0.05 -> 16663.63 | X46: =SUM(F46:W46) -> 166635.82 | Y46: =X46=D45 -> TRUE | Z46: =D45-X46 -> 0
B47: 17 | C47: =VLOOKUP(B47,PLANILHA!$B:$L,3,0) -> EQUIPAMENTOS HIDROSSANITÁRIOS | D47: =VLOOKUP(B47,PLANILHA!$B:$L,10,0) -> 59400.18 | E47: =D47/$D$53 -> 0.02153728 | G47: 0.07 | H47: 0.07 | I47: 0.06 | K47: 0.07 | L47: 0.07 | M47: 0.06 | O47: 0.07 | P47: 0.07 | Q47: 0.06 | S47: 0.07 | T47: 0.07 | U47: 0.06 | V47: 0.1 | W47: 0.1 | Z47: =D46-X47 -> 0
F48: =TRUNC($D$47*F47,2) -> 0 | G48: =TRUNC($D$47*G47,2)+0.01 -> 4158.02 | H48: =TRUNC($D$47*H47,2) -> 4158.01 | I48: =TRUNC($D$47*I47,2) -> 3564.01 | J48: =TRUNC($D$47*J47,2) -> 0 | K48: =TRUNC($D$47*K47,2) -> 4158.01 | L48: =TRUNC($D$47*L47,2) -> 4158.01 | M48: =TRUNC($D$47*M47,2) -> 3564.01 | N48: =TRUNC($D$47*N47,2) -> 0 | O48: =TRUNC($D$47*O47,2) -> 4158.01 | ... V48: =TRUNC($D$47*V47,2) -> 5940.01 | W48: =TRUNC($D$47*W47,2)+0.03 -> 5940.04 | X48: =SUM(F48:W48) -> 59400.18 | Y48: =X48=D47 -> TRUE | Z48: =D47-X48 -> 0
B49: 18 | C49: =VLOOKUP(B49,PLANILHA!$B:$L,3,0) -> LIMPEZA GERAL E URBANIZAÇÃO | D49: =VLOOKUP(B49,PLANILHA!$B:$L,10,0) -> 35199.19 | E49: =D49/$D$53 -> 0.0127625 | I49: 0.2 | M49: 0.2 | Q49: 0.2 | U49: 0.2 | V49: 0.1 | W49: 0.1 | Z49: =D48-X49 -> 0
F50: =TRUNC($D$49*F49,2) -> 0 | G50: =TRUNC($D$49*G49,2) -> 0 | H50: =TRUNC($D$49*H49,2) -> 0 | I50: =TRUNC($D$49*I49,2) -> 7039.83 | J50: =TRUNC($D$49*J49,2) -> 0 | K50: =TRUNC($D$49*K49,2) -> 0 | L50: =TRUNC($D$49*L49,2) -> 0 | M50: =TRUNC($D$49*M49,2) -> 7039.83 | ... V50: =TRUNC($D$49*V49,2) -> 3519.91 | W50: =TRUNC($D$49*W49,2)+0.05 -> 3519.96 | X50: =SUM(F50:W50) -> 35199.19 | Y50: =X50=D49 -> TRUE | Z50: =D49-X50 -> 0
B51: 19 | C51: =VLOOKUP(B51,PLANILHA!$B:$L,3,0) -> ADMINISTRAÇÃO LOCAL | D51: =VLOOKUP(B51,PLANILHA!$B:$L,10,0) -> 131334.12 | E51: =D51/$D$53 -> 0.047619042 | F51: 0.07 | G51: 0.06 | H51: 0.05 | I51: 0.05 | J51: 0.07 | K51: 0.06 | L51: 0.05 | M51: 0.05 | N51: 0.07 | O51: 0.06 | P51: 0.05 | Q51: 0.05 | R51: 0.07 | S51: 0.06 | T51: 0.05 | U51: 0.05 | V51: 0.04 | W51: 0.04 | Z51: =D50-X51 -> 0
F52: =TRUNC($D$51*F51,2)+0.01 -> 9193.39 | G52: =TRUNC($D$51*G51,2) -> 7880.04 | H52: =TRUNC($D$51*H51,2) -> 6566.7 | I52: =TRUNC($D$51*I51,2) -> 6566.7 | J52: =TRUNC($D$51*J51,2) -> 9193.38 | K52: =TRUNC($D$51*K51,2) -> 7880.04 | L52: =TRUNC($D$51*L51,2) -> 6566.7 | M52: =TRUNC($D$51*M51,2) -> 6566.7 | N52: =TRUNC($D$51*N51,2) -> 9193.38 | ... V52: =TRUNC($D$51*V51,2) -> 5253.36 | W52: =TRUNC($D$51*W51,2)+0.11 -> 5253.47 | X52: =SUM(F52:W52) -> 131334.12 | Y52: =X52=D51 -> TRUE | Z52: =D51-X52 -> 0
B53: TOTAL DO DESEMBOLSO MENSAL | D53: =TRUNC(SUM(D15:D52),2) -> 2758016.9 | F53: =F16+F18+F20+F22+F24+F26+F28+F30+F32+F34+F36+F38+F40+F42+F44+F46+F48+F50+F52 -> 204620.78 | G53: =G16+G18+G20+G22+G24+G26+G28+G30+G32+G34+G36+G38+G40+G42+G44+G46+G48+G50+G52 -> 122797.27 | H53: =H16+H18+H20+H22+H24+H26+H28+H30+H32+H34+H36+H38+H40+H42+H44+H46+H48+H50+H52 -> 181440.53 | I53: =I16+I18+I20+I22+I24+I26+I28+I30+I32+I34+I36+I38+I40+I42+I44+I46+I48+I50+I52 -> 97877.41 | J53: =J16+J18+J20+J22+J24+J26+J28+J30+J32+J34+J36+J38+J40+J42+J44+J46+J48+J50+J52 -> 174286.15 | K53: =K16+K18+K20+K22+K24+K26+K28+K30+K32+K34+K36+K38+K40+K42+K44+K46+K48+K50+K52 -> 125153.4 | L53: =L16+L18+L20+L22+L24+L26+L28+L30+L32+L34+L36+L38+L40+L42+L44+L46+L48+L50+L52 -> 183796.7 | M53: =M16+M18+M20+M22+M24+M26+M28+M30+M32+M34+M36+M38+M40+M42+M44+M46+M48+M50+M52 -> 100854.55 | ... W53: =W16+W18+W20+W22+W24+W26+W28+W30+W32+W34+W36+W38+W40+W42+W44+W46+W48+W50+W52 -> 130161.45 | Z53: =D52-X53 -> 0
B54: DESEMBOLSO ACUMULADO | F54: =F53 -> 204620.78 | G54: =G53+F54 -> 327418.05 | H54: =H53+G54 -> 508858.58 | I54: =I53+H54 -> 606735.99 | J54: =J53+I54 -> 781022.14 | K54: =K53+J54 -> 906175.54 | L54: =L53+K54 -> 1089972.2 | M54: =M53+L54 -> 1190826.8 | N54: =N53+M54 -> 1365112.9 | ... V54: =V53+U54 -> 2627855.4 | W54: =W53+V54+0.08 -> 2758016.9 | Y54: =D53=I54 -> FALSE | Z54: =I54=PLANILHA!K192 -> FALSE
B55: PERCENTUAL MENSAL | E55: =SUM(E15:E52) -> 1 | F55: =F53/$D$53 -> 0.074191272 | G55: =G53/$D$53 -> 0.044523756 | H55: =H53/$D$53 -> 0.065786592 | I55: =I53/$D$53 -> 0.035488329 | J55: =J53/$D$53 -> 0.063192561 | K55: =K53/$D$53 -> 0.04537804 | L55: =L53/$D$53 -> 0.066640891 | M55: =M53/$D$53 -> 0.036567779 | ... W55: =W53/$D$53 -> 0.047193856
B56: PERENTUAL ACUMULADO | F56: =F55 -> 0.074191272 | G56: =G55+F56 -> 0.11871503 | H56: =H55+G56 -> 0.18450162 | I56: =I55+H56 -> 0.21998995 | J56: =J55+I56 -> 0.28318251 | K56: =K55+J56 -> 0.32856055 | L56: =L55+K56 -> 0.39520144 | M56: =M55+L56 -> 0.43176922 | N56: =N55+M56 -> 0.49496178 | ... W56: =W55+V56 -> 0.99999999

Sheet CRONOGRAMA (6M)
B7: Obra: | C7: =RESUMO!C7 -> FHNIS | I7: Data Base: | J7: =RESUMO!E7 -> Jul./2025 - Não Des.
B8: Local: | C8: =RESUMO!C8 -> MS | I8: Data: | J8: =RESUMO!E8 -> 45965
B9: Área (m²): | C9: =RESUMO!C9 -> 51.53 | I9: BDI: | J9: =RESUMO!E9 -> 0.2222
B11: CRONOGRAMA FÍSICO FINANCEIRO
B13: ITEM | C13: DESCRIÇÃO | D13: VALOR DO SERVIÇO | E13: % | F13: PERÍODO 180 DIAS
F14: 30 DIAS | G14: 60 DIAS | H14: 90 DIAS | I14: 120 DIAS | J14: 150 DIAS | K14: 180 DIAS
B15: 1 | C15: =VLOOKUP(B15,PLANILHA!$B:$L,3,0) -> SERVIÇOS PRELIMINARES | D15: =VLOOKUP(B15,PLANILHA!$B:$L,10,0) -> 35497.56 | E15: =D15/$D$53 -> 0.012870683 | F15: 0.4 | G15: 0.1 | H15: 0.15 | I15: 0.15 | J15: 0.1 | K15: 0.1
F16: =TRUNC($D$15*F15,2) -> 14199.02 | G16: =TRUNC($D$15*G15,2) -> 3549.75 | H16: =TRUNC($D$15*H15,2) -> 5324.63 | I16: =TRUNC($D$15*I15,2) -> 5324.63 | J16: =TRUNC($D$15*J15,2) -> 3549.75 | K16: =TRUNC($D$15*K15,2) -> 3549.75 | L16: =SUM(F16:K16) -> 35497.53 | M16: =L16=D15 -> FALSE
B17: 2 | C17: =VLOOKUP(B17,PLANILHA!$B:$L,3,0) -> SERVIÇOS EM TERRA | D17: =VLOOKUP(B17,PLANILHA!$B:$L,10,0) -> 32109.46 | E17: =D17/$D$53 -> 0.011642228 | F17: 0.6 | G17: 0.4
F18: =TRUNC($D$17*F17,2) -> 19265.67 | G18: =TRUNC($D$17*G17,2) -> 12843.78 | H18: =TRUNC($D$17*H17,2) -> 0 | I18: =TRUNC($D$17*I17,2) -> 0 | J18: =TRUNC($D$17*J17,2) -> 0 | K18: =TRUNC($D$17*K17,2) -> 0 | L18: =SUM(F18:K18) -> 32109.45 | M18: =L18=D17 -> FALSE
B19: 3 | C19: =VLOOKUP(B19,PLANILHA!$B:$L,3,0) -> FUNDAÇÕES (ESTACA, BLOCOS E VIGA BALDRAME) | D19: =VLOOKUP(B19,PLANILHA!$B:$L,10,0) -> 287494.25 | E19: =D19/$D$53 -> 0.10423948 | F19: 0.4 | G19: 0.4 | H19: 0.2
F20: =TRUNC($D$19*F19,2) -> 114997.7 | G20: =TRUNC($D$19*G19,2) -> 114997.7 | H20: =TRUNC($D$19*H19,2) -> 57498.85 | I20: =TRUNC($D$19*I19,2) -> 0 | J20: =TRUNC($D$19*J19,2) -> 0 | K20: =TRUNC($D$19*K19,2) -> 0 | L20: =SUM(F20:K20) -> 287494.25 | M20: =L20=D19 -> TRUE
B21: 4 | C21: =VLOOKUP(B21,PLANILHA!$B:$L,3,0) -> SUPRAESTRUTURA (PILARES, ESPERAS E VIGA DE RESPALDO) | D21: =VLOOKUP(B21,PLANILHA!$B:$L,10,0) -> 235620.08 | E21: =D21/$D$53 -> 0.085430979 | F21: 0.2 | G21: 0.2 | H21: 0.4 | I21: 0.2
F22: =TRUNC($D$21*F21,2) -> 47124.01 | G22: =TRUNC($D$21*G21,2) -> 47124.01 | H22: =TRUNC($D$21*H21,2) -> 94248.03 | I22: =TRUNC($D$21*I21,2) -> 47124.01 | J22: =TRUNC($D$21*J21,2) -> 0 | K22: =TRUNC($D$21*K21,2) -> 0 | L22: =SUM(F22:K22) -> 235620.06 | M22: =L22=D21 -> FALSE
B23: 5 | C23: =VLOOKUP(B23,PLANILHA!$B:$L,3,0) -> ALVENARIA DE ELEVAÇÃO | D23: =VLOOKUP(B23,PLANILHA!$B:$L,10,0) -> 260081.39 | E23: =D23/$D$53 -> 0.094300145 | G23: 0.4 | H23: 0.4 | I23: 0.2
F24: =TRUNC($D$23*F23,2) -> 0 | G24: =TRUNC($D$23*G23,2) -> 104032.55 | H24: =TRUNC($D$23*H23,2) -> 104032.55 | I24: =TRUNC($D$23*I23,2) -> 52016.27 | J24: =TRUNC($D$23*J23,2) -> 0 | K24: =TRUNC($D$23*K23,2) -> 0 | L24: =SUM(F24:K24) -> 260081.37 | M24: =L24=D23 -> FALSE
B25: 6 | C25: =VLOOKUP(B25,PLANILHA!$B:$L,3,0) -> ESTRUTURA DE COBERTURA - MADEIRA | D25: =VLOOKUP(B25,PLANILHA!$B:$L,10,0) -> 253831.97 | E25: =D25/$D$53 -> 0.092034234 | H25: 0.2 | I25: 0.4 | J25: 0.4
F26: =TRUNC($D$25*F25,2) -> 0 | G26: =TRUNC($D$25*G25,2) -> 0 | H26: =TRUNC($D$25*H25,2) -> 50766.39 | I26: =TRUNC($D$25*I25,2) -> 101532.78 | J26: =TRUNC($D$25*J25,2) -> 101532.78 | K26: =TRUNC($D$25*K25,2) -> 0 | L26: =SUM(F26:K26) -> 253831.95 | M26: =L26=D25 -> FALSE
B27: 7 | C27: =VLOOKUP(B27,PLANILHA!$B:$L,3,0) -> COBERTURA | D27: =VLOOKUP(B27,PLANILHA!$B:$L,10,0) -> 99750.36 | E27: =D27/$D$53 -> 0.036167422 | G27: 0.1 | H27: 0.1 | I27: 0.4 | J27: 0.4
F28: =TRUNC($D$27*F27,2) -> 0 | G28: =TRUNC($D$27*G27,2) -> 9975.03 | H28: =TRUNC($D$27*H27,2) -> 9975.03 | I28: =TRUNC($D$27*I27,2) -> 39900.14 | J28: =TRUNC($D$27*J27,2) -> 39900.14 | K28: =TRUNC($D$27*K27,2) -> 0 | L28: =SUM(F28:K28) -> 99750.34 | M28: =L28=D27 -> FALSE
B29: 8 | C29: =VLOOKUP(B29,PLANILHA!$B:$L,3,0) -> ESQUADRIAS | D29: =VLOOKUP(B29,PLANILHA!$B:$L,10,0) -> 203979.27 | E29: =D29/$D$53 -> 0.073958674 | G29: 0.1 | H29: 0.2 | I29: 0.3 | J29: 0.3 | K29: 0.1
F30: =TRUNC($D$29*F29,2) -> 0 | G30: =TRUNC($D$29*G29,2) -> 20397.92 | H30: =TRUNC($D$29*H29,2) -> 40795.85 | I30: =TRUNC($D$29*I29,2) -> 61193.78 | J30: =TRUNC($D$29*J29,2) -> 61193.78 | K30: =TRUNC($D$29*K29,2) -> 20397.92 | L30: =SUM(F30:K30) -> 203979.25 | M30: =L30=D29 -> FALSE
B31: 9 | C31: =VLOOKUP(B31,PLANILHA!$B:$L,3,0) -> REVESTIMENTOS | D31: =VLOOKUP(B31,PLANILHA!$B:$L,10,0) -> 297713.94 | E31: =D31/$D$53 -> 0.10794493 | H31: 0.2 | I31: 0.3 | J31: 0.5
F32: =TRUNC($D$31*F31,2) -> 0 | G32: =TRUNC($D$31*G31,2) -> 0 | H32: =TRUNC($D$31*H31,2) -> 59542.78 | I32: =TRUNC($D$31*I31,2) -> 89314.18 | J32: =TRUNC($D$31*J31,2) -> 148856.97 | K32: =TRUNC($D$31*K31,2) -> 0 | L32: =SUM(F32:K32) -> 297713.93 | M32: =L32=D31 -> FALSE
B33: 10 | C33: =VLOOKUP(B33,PLANILHA!$B:$L,3,0) -> PINTURA | D33: =VLOOKUP(B33,PLANILHA!$B:$L,10,0) -> 104047.35 | E33: =D33/$D$53 -> 0.037725422 | J33: 0.3 | K33: 0.7
F34: =TRUNC($D$33*F33,2) -> 0 | G34: =TRUNC($D$33*G33,2) -> 0 | H34: =TRUNC($D$33*H33,2) -> 0 | I34: =TRUNC($D$33*I33,2) -> 0 | J34: =TRUNC($D$33*J33,2) -> 31214.2 | K34: =TRUNC($D$33*K33,2) -> 72833.14 | L34: =SUM(F34:K34) -> 104047.34 | M34: =L34=D33 -> FALSE
B35: 11 | C35: =VLOOKUP(B35,PLANILHA!$B:$L,3,0) -> FORRO | D35: =VLOOKUP(B35,PLANILHA!$B:$L,10,0) -> 112168.05 | E35: =D35/$D$53 -> 0.04066982 | I35: 0.3 | J35: 0.7
F36: =TRUNC($D$35*F35,2) -> 0 | G36: =TRUNC($D$35*G35,2) -> 0 | H36: =TRUNC($D$35*H35,2) -> 0 | I36: =TRUNC($D$35*I35,2) -> 33650.41 | J36: =TRUNC($D$35*J35,2) -> 78517.63 | K36: =TRUNC($D$35*K35,2) -> 0 | L36: =SUM(F36:K36) -> 112168.04 | M36: =L36=D35 -> FALSE
B37: 12 | C37: =VLOOKUP(B37,PLANILHA!$B:$L,3,0) -> VIDROS | D37: =VLOOKUP(B37,PLANILHA!$B:$L,10,0) -> 20278.27 | E37: =D37/$D$53 -> 0.0073524822 | K37: 1
F38: =TRUNC($D$37*F37,2) -> 0 | G38: =TRUNC($D$37*G37,2) -> 0 | H38: =TRUNC($D$37*H37,2) -> 0 | I38: =TRUNC($D$37*I37,2) -> 0 | J38: =TRUNC($D$37*J37,2) -> 0 | K38: =TRUNC($D$37*K37,2) -> 20278.27 | L38: =SUM(F38:K38) -> 20278.27 | M38: =L38=D37 -> TRUE
B39: 13 | C39: =VLOOKUP(B39,PLANILHA!$B:$L,3,0) -> PAVIMENTAÇÃO | D39: =VLOOKUP(B39,PLANILHA!$B:$L,10,0) -> 149830 | E39: =D39/$D$53 -> 0.054325266 | H39: 0.3 | I39: 0.3 | J39: 0.3 | K39: 0.1
F40: =TRUNC($D$39*F39,2) -> 0 | G40: =TRUNC($D$39*G39,2) -> 0 | H40: =TRUNC($D$39*H39,2) -> 44949 | I40: =TRUNC($D$39*I39,2) -> 44949 | J40: =TRUNC($D$39*J39,2) -> 44949 | K40: =TRUNC($D$39*K39,2) -> 14983 | L40: =SUM(F40:K40) -> 149830 | M40: =L40=D39 -> TRUE
B41: 14 | C41: =VLOOKUP(B41,PLANILHA!$B:$L,3,0) -> INSTALAÇÃO ELÉTRICA | D41: =VLOOKUP(B41,PLANILHA!$B:$L,10,0) -> 218808.4 | E41: =D41/$D$53 -> 0.079335411 | H41: 0.2 | I41: 0.15 | J41: 0.15 | K41: 0.5
F42: =TRUNC($D$41*F41,2) -> 0 | G42: =TRUNC($D$41*G41,2) -> 0 | H42: =TRUNC($D$41*H41,2) -> 43761.68 | I42: =TRUNC($D$41*I41,2) -> 32821.26 | J42: =TRUNC($D$41*J41,2) -> 32821.26 | K42: =TRUNC($D$41*K41,2) -> 109404.2 | L42: =SUM(F42:K42) -> 218808.4 | M42: =L42=D41 -> TRUE
B43: 15 | C43: =VLOOKUP(B43,PLANILHA!$B:$L,3,0) -> INSTALAÇÃO HIDRÁULICA | D43: =VLOOKUP(B43,PLANILHA!$B:$L,10,0) -> 54237.2 | E43: =D43/$D$53 -> 0.01966529 | G43: 0.2 | H43: 0.2 | I43: 0.2 | J43: 0.2 | K43: 0.2
F44: =TRUNC($D$43*F43,2) -> 0 | G44: =TRUNC($D$43*G43,2) -> 10847.44 | H44: =TRUNC($D$43*H43,2) -> 10847.44 | I44: =TRUNC($D$43*I43,2) -> 10847.44 | J44: =TRUNC($D$43*J43,2) -> 10847.44 | K44: =TRUNC($D$43*K43,2) -> 10847.44 | L44: =SUM(F44:K44) -> 54237.2 | M44: =L44=D43 -> TRUE
B45: 16 | C45: =VLOOKUP(B45,PLANILHA!$B:$L,3,0) -> INSTALAÇÃO SANITÁRIA | D45: =VLOOKUP(B45,PLANILHA!$B:$L,10,0) -> 166635.82 | E45: =D45/$D$53 -> 0.06041871 | F45: 0.3 | G45: 0.3 | H45: 0.2 | I45: 0.2
F46: =TRUNC($D$45*F45,2) -> 49990.74 | G46: =TRUNC($D$45*G45,2) -> 49990.74 | H46: =TRUNC($D$45*H45,2) -> 33327.16 | I46: =TRUNC($D$45*I45,2) -> 33327.16 | J46: =TRUNC($D$45*J45,2) -> 0 | K46: =TRUNC($D$45*K45,2) -> 0 | L46: =SUM(F46:K46) -> 166635.8 | M46: =L46=D45 -> FALSE
B47: 17 | C47: =VLOOKUP(B47,PLANILHA!$B:$L,3,0) -> EQUIPAMENTOS HIDROSSANITÁRIOS | D47: =VLOOKUP(B47,PLANILHA!$B:$L,10,0) -> 59400.18 | E47: =D47/$D$53 -> 0.02153728 | J47: 0.3 | K47: 0.7
F48: =TRUNC($D$47*F47,2) -> 0 | G48: =TRUNC($D$47*G47,2) -> 0 | H48: =TRUNC($D$47*H47,2) -> 0 | I48: =TRUNC($D$47*I47,2) -> 0 | J48: =TRUNC($D$47*J47,2) -> 17820.05 | K48: =TRUNC($D$47*K47,2) -> 41580.12 | L48: =SUM(F48:K48) -> 59400.17 | M48: =L48=D47 -> FALSE
B49: 18 | C49: =VLOOKUP(B49,PLANILHA!$B:$L,3,0) -> LIMPEZA GERAL E URBANIZAÇÃO | D49: =VLOOKUP(B49,PLANILHA!$B:$L,10,0) -> 35199.19 | E49: =D49/$D$53 -> 0.0127625 | K49: 1
F50: =TRUNC($D$49*F49,2) -> 0 | G50: =TRUNC($D$49*G49,2) -> 0 | H50: =TRUNC($D$49*H49,2) -> 0 | I50: =TRUNC($D$49*I49,2) -> 0 | J50: =TRUNC($D$49*J49,2) -> 0 | K50: =TRUNC($D$49*K49,2) -> 35199.19 | L50: =SUM(F50:K50) -> 35199.19 | M50: =L50=D49 -> TRUE
B51: 19 | C51: =VLOOKUP(B51,PLANILHA!$B:$L,3,0) -> ADMINISTRAÇÃO LOCAL | D51: =VLOOKUP(B51,PLANILHA!$B:$L,10,0) -> 131334.12 | E51: =D51/$D$53 -> 0.047619042 | F51: 0.15 | G51: 0.15 | H51: 0.15 | I51: 0.15 | J51: 0.2 | K51: 0.2
F52: =TRUNC($D$51*F51,2) -> 19700.11 | G52: =TRUNC($D$51*G51,2) -> 19700.11 | H52: =TRUNC($D$51*H51,2) -> 19700.11 | I52: =TRUNC($D$51*I51,2) -> 19700.11 | J52: =TRUNC($D$51*J51,2) -> 26266.82 | K52: =TRUNC($D$51*K51,2) -> 26266.82 | L52: =SUM(F52:K52) -> 131334.08 | M52: =L52=D51 -> FALSE
B53: TOTAL DO DESEMBOLSO MENSAL | D53: =TRUNC(SUM(D15:D52),2) -> 2758016.9 | F53: =F16+F18+F20+F22+F24+F26+F28+F30+F32+F34+F36+F38+F40+F42+F44+F46+F48+F50+F52 -> 265277.25 | G53: =G16+G18+G20+G22+G24+G26+G28+G30+G32+G34+G36+G38+G40+G42+G44+G46+G48+G50+G52 -> 393459.03 | H53: =H16+H18+H20+H22+H24+H26+H28+H30+H32+H34+H36+H38+H40+H42+H44+H46+H48+H50+H52 -> 574769.5 | I53: =I16+I18+I20+I22+I24+I26+I28+I30+I32+I34+I36+I38+I40+I42+I44+I46+I48+I50+I52 -> 571701.17 | J53: =J16+J18+J20+J22+J24+J26+J28+J30+J32+J34+J36+J38+J40+J42+J44+J46+J48+J50+J52 -> 597469.82 | K53: =K16+K18+K20+K22+K24+K26+K28+K30+K32+K34+K36+K38+K40+K42+K44+K46+K48+K50+K52 -> 355339.85
B54: DESEMBOLSO ACUMULADO | F54: =F53 -> 265277.25 | G54: =G53+F54 -> 658736.28 | H54: =H53+G54 -> 1233505.8 | I54: =I53+H54 -> 1805206.9 | J54: =J53+I54 -> 2402676.8 | K54: =K53+J54 -> 2758016.6 | M54: =D53=K54 -> FALSE | N54: =K54=PLANILHA!K192 -> FALSE
B55: PERCENTUAL MENSAL | E55: =SUM(E15:E52) -> 1 | F55: =F53/$D$53 -> 0.096184057 | G55: =G53/$D$53 -> 0.14266013 | H55: =H53/$D$53 -> 0.20839956 | I55: =I53/$D$53 -> 0.20728705 | J55: =J53/$D$53 -> 0.21663023 | K55: =K53/$D$53 -> 0.1288389
B56: PERENTUAL ACUMULADO | F56: =F55 -> 0.096184057 | G56: =G55+F56 -> 0.23884418 | H56: =H55+G56 -> 0.44724374 | I56: =I55+H56 -> 0.65453079 | J56: =J55+I56 -> 0.87116102 | K56: =K55+J56 -> 0.99999991

Sheet CRONOGRAMA (8M)
B7: Obra: | C7: =RESUMO!C7 -> FHNIS | K7: Data Base: | L7: =RESUMO!E7 -> Jul./2025 - Não Des.
B8: Local: | C8: =RESUMO!C8 -> MS | K8: Data: | L8: =RESUMO!E8 -> 45965
B9: Área (m²): | C9: =RESUMO!C9 -> 51.53 | K9: BDI: | L9: =RESUMO!E9 -> 0.2222
B11: CRONOGRAMA FÍSICO FINANCEIRO
B13: ITEM | C13: DESCRIÇÃO | D13: VALOR DO SERVIÇO | E13: % | F13: PERÍODO 240 DIAS
F14: 30 DIAS | G14: 60 DIAS | H14: 90 DIAS | I14: 120 DIAS | J14: 150 DIAS | K14: 180 DIAS | L14: 210 DIAS | M14: 240 DIAS
B15: 1 | C15: =VLOOKUP(B15,PLANILHA!$B:$L,3,0) -> SERVIÇOS PRELIMINARES | D15: =VLOOKUP(B15,PLANILHA!$B:$L,10,0) -> 35497.56 | E15: =D15/$D$53 -> 0.012870683 | F15: 0.4 | G15: 0.1 | H15: 0.075 | I15: 0.075 | J15: 0.15 | K15: 0.05 | L15: 0.05 | M15: 0.1
F16: =TRUNC($D$15*F15,2) -> 14199.02 | G16: =TRUNC($D$15*G15,2) -> 3549.75 | H16: =TRUNC($D$15*H15,2) -> 2662.31 | I16: =TRUNC($D$15*I15,2) -> 2662.31 | J16: =TRUNC($D$15*J15,2) -> 5324.63 | K16: =TRUNC($D$15*K15,2) -> 1774.87 | L16: =TRUNC($D$15*L15,2) -> 1774.87 | M16: =TRUNC($D$15*M15,2) -> 3549.75 | N16: =SUM(F16:M16) -> 35497.51 | O16: =N16=D15 -> FALSE
B17: 2 | C17: =VLOOKUP(B17,PLANILHA!$B:$L,3,0) -> SERVIÇOS EM TERRA | D17: =VLOOKUP(B17,PLANILHA!$B:$L,10,0) -> 32109.46 | E17: =D17/$D$53 -> 0.011642228 | F17: 0.6 | G17: 0.4
F18: =TRUNC($D$17*F17,2) -> 19265.67 | G18: =TRUNC($D$17*G17,2) -> 12843.78 | H18: =TRUNC($D$17*H17,2) -> 0 | I18: =TRUNC($D$17*I17,2) -> 0 | J18: =TRUNC($D$17*J17,2) -> 0 | K18: =TRUNC($D$17*K17,2) -> 0 | L18: =TRUNC($D$17*L17,2) -> 0 | M18: =TRUNC($D$17*M17,2) -> 0 | N18: =SUM(F18:M18) -> 32109.45 | O18: =N18=D17 -> FALSE
B19: 3 | C19: =VLOOKUP(B19,PLANILHA!$B:$L,3,0) -> FUNDAÇÕES (ESTACA, BLOCOS E VIGA BALDRAME) | D19: =VLOOKUP(B19,PLANILHA!$B:$L,10,0) -> 287494.25 | E19: =D19/$D$53 -> 0.10423948 | F19: 0.4 | G19: 0.4 | H19: 0.1 | I19: 0.1
F20: =TRUNC($D$19*F19,2) -> 114997.7 | G20: =TRUNC($D$19*G19,2) -> 114997.7 | H20: =TRUNC($D$19*H19,2) -> 28749.42 | I20: =TRUNC($D$19*I19,2) -> 28749.42 | J20: =TRUNC($D$19*J19,2) -> 0 | K20: =TRUNC($D$19*K19,2) -> 0 | L20: =TRUNC($D$19*L19,2) -> 0 | M20: =TRUNC($D$19*M19,2) -> 0 | N20: =SUM(F20:M20) -> 287494.24 | O20: =N20=D19 -> FALSE
B21: 4 | C21: =VLOOKUP(B21,PLANILHA!$B:$L,3,0) -> SUPRAESTRUTURA (PILARES, ESPERAS E VIGA DE RESPALDO) | D21: =VLOOKUP(B21,PLANILHA!$B:$L,10,0) -> 235620.08 | E21: =D21/$D$53 -> 0.085430979 | F21: 0.2 | G21: 0.2 | H21: 0.2 | I21: 0.2 | J21: 0.2
F22: =TRUNC($D$21*F21,2) -> 47124.01 | G22: =TRUNC($D$21*G21,2) -> 47124.01 | H22: =TRUNC($D$21*H21,2) -> 47124.01 | I22: =TRUNC($D$21*I21,2) -> 47124.01 | J22: =TRUNC($D$21*J21,2) -> 47124.01 | K22: =TRUNC($D$21*K21,2) -> 0 | L22: =TRUNC($D$21*L21,2) -> 0 | M22: =TRUNC($D$21*M21,2) -> 0 | N22: =SUM(F22:M22) -> 235620.05 | O22: =N22=D21 -> FALSE
B23: 5 | C23: =VLOOKUP(B23,PLANILHA!$B:$L,3,0) -> ALVENARIA DE ELEVAÇÃO | D23: =VLOOKUP(B23,PLANILHA!$B:$L,10,0) -> 260081.39 | E23: =D23/$D$53 -> 0.094300145 | G23: 0.4 | H23: 0.2 | I23: 0.2 | J23: 0.2
F24: =TRUNC($D$23*F23,2) -> 0 | G24: =TRUNC($D$23*G23,2) -> 104032.55 | H24: =TRUNC($D$23*H23,2) -> 52016.27 | I24: =TRUNC($D$23*I23,2) -> 52016.27 | J24: =TRUNC($D$23*J23,2) -> 52016.27 | K24: =TRUNC($D$23*K23,2) -> 0 | L24: =TRUNC($D$23*L23,2) -> 0 | M24: =TRUNC($D$23*M23,2) -> 0 | N24: =SUM(F24:M24) -> 260081.36 | O24: =N24=D23 -> FALSE
B25: 6 | C25: =VLOOKUP(B25,PLANILHA!$B:$L,3,0) -> ESTRUTURA DE COBERTURA - MADEIRA | D25: =VLOOKUP(B25,PLANILHA!$B:$L,10,0) -> 253831.97 | E25: =D25/$D$53 -> 0.092034234 | H25: 0.1 | I25: 0.1 | J25: 0.4 | K25: 0.2 | L25: 0.2
F26: =TRUNC($D$25*F25,2) -> 0 | G26: =TRUNC($D$25*G25,2) -> 0 | H26: =TRUNC($D$25*H25,2) -> 25383.19 | I26: =TRUNC($D$25*I25,2) -> 25383.19 | J26: =TRUNC($D$25*J25,2) -> 101532.78 | K26: =TRUNC($D$25*K25,2) -> 50766.39 | L26: =TRUNC($D$25*L25,2) -> 50766.39 | M26: =TRUNC($D$25*M25,2) -> 0 | N26: =SUM(F26:M26) -> 253831.94 | O26: =N26=D25 -> FALSE
B27: 7 | C27: =VLOOKUP(B27,PLANILHA!$B:$L,3,0) -> COBERTURA | D27: =VLOOKUP(B27,PLANILHA!$B:$L,10,0) -> 99750.36 | E27: =D27/$D$53 -> 0.036167422 | G27: 0.1 | H27: 0.05 | I27: 0.05 | J27: 0.4 | K27: 0.2 | L27: 0.2
F28: =TRUNC($D$27*F27,2) -> 0 | G28: =TRUNC($D$27*G27,2) -> 9975.03 | H28: =TRUNC($D$27*H27,2) -> 4987.51 | I28: =TRUNC($D$27*I27,2) -> 4987.51 | J28: =TRUNC($D$27*J27,2) -> 39900.14 | K28: =TRUNC($D$27*K27,2) -> 19950.07 | L28: =TRUNC($D$27*L27,2) -> 19950.07 | M28: =TRUNC($D$27*M27,2) -> 0 | N28: =SUM(F28:M28) -> 99750.33 | O28: =N28=D27 -> FALSE
B29: 8 | C29: =VLOOKUP(B29,PLANILHA!$B:$L,3,0) -> ESQUADRIAS | D29: =VLOOKUP(B29,PLANILHA!$B:$L,10,0) -> 203979.27 | E29: =D29/$D$53 -> 0.073958674 | G29: 0.1 | H29: 0.1 | I29: 0.1 | J29: 0.3 | K29: 0.15 | L29: 0.15 | M29: 0.1
F30: =TRUNC($D$29*F29,2) -> 0 | G30: =TRUNC($D$29*G29,2) -> 20397.92 | H30: =TRUNC($D$29*H29,2) -> 20397.92 | I30: =TRUNC($D$29*I29,2) -> 20397.92 | J30: =TRUNC($D$29*J29,2) -> 61193.78 | K30: =TRUNC($D$29*K29,2) -> 30596.89 | L30: =TRUNC($D$29*L29,2) -> 30596.89 | M30: =TRUNC($D$29*M29,2) -> 20397.92 | N30: =SUM(F30:M30) -> 203979.24 | O30: =N30=D29 -> FALSE
B31: 9 | C31: =VLOOKUP(B31,PLANILHA!$B:$L,3,0) -> REVESTIMENTOS | D31: =VLOOKUP(B31,PLANILHA!$B:$L,10,0) -> 297713.94 | E31: =D31/$D$53 -> 0.10794493 | H31: 0.1 | I31: 0.1 | J31: 0.3 | K31: 0.25 | L31: 0.25
F32: =TRUNC($D$31*F31,2) -> 0 | G32: =TRUNC($D$31*G31,2) -> 0 | H32: =TRUNC($D$31*H31,2) -> 29771.39 | I32: =TRUNC($D$31*I31,2) -> 29771.39 | J32: =TRUNC($D$31*J31,2) -> 89314.18 | K32: =TRUNC($D$31*K31,2) -> 74428.48 | L32: =TRUNC($D$31*L31,2) -> 74428.48 | M32: =TRUNC($D$31*M31,2) -> 0 | N32: =SUM(F32:M32) -> 297713.92 | O32: =N32=D31 -> FALSE
B33: 10 | C33: =VLOOKUP(B33,PLANILHA!$B:$L,3,0) -> PINTURA | D33: =VLOOKUP(B33,PLANILHA!$B:$L,10,0) -> 104047.35 | E33: =D33/$D$53 -> 0.037725422 | K33: 0.15 | L33: 0.15 | M33: 0.7
F34: =TRUNC($D$33*F33,2) -> 0 | G34: =TRUNC($D$33*G33,2) -> 0 | H34: =TRUNC($D$33*H33,2) -> 0 | I34: =TRUNC($D$33*I33,2) -> 0 | J34: =TRUNC($D$33*J33,2) -> 0 | K34: =TRUNC($D$33*K33,2) -> 15607.1 | L34: =TRUNC($D$33*L33,2) -> 15607.1 | M34: =TRUNC($D$33*M33,2) -> 72833.14 | N34: =SUM(F34:M34) -> 104047.34 | O34: =N34=D33 -> FALSE
B35: 11 | C35: =VLOOKUP(B35,PLANILHA!$B:$L,3,0) -> FORRO | D35: =VLOOKUP(B35,PLANILHA!$B:$L,10,0) -> 112168.05 | E35: =D35/$D$53 -> 0.04066982 | J35: 0.3 | K35: 0.35 | L35: 0.35
F36: =TRUNC($D$35*F35,2) -> 0 | G36: =TRUNC($D$35*G35,2) -> 0 | H36: =TRUNC($D$35*H35,2) -> 0 | I36: =TRUNC($D$35*I35,2) -> 0 | J36: =TRUNC($D$35*J35,2) -> 33650.41 | K36: =TRUNC($D$35*K35,2) -> 39258.81 | L36: =TRUNC($D$35*L35,2) -> 39258.81 | M36: =TRUNC($D$35*M35,2) -> 0 | N36: =SUM(F36:M36) -> 112168.03 | O36: =N36=D35 -> FALSE
B37: 12 | C37: =VLOOKUP(B37,PLANILHA!$B:$L,3,0) -> VIDROS | D37: =VLOOKUP(B37,PLANILHA!$B:$L,10,0) -> 20278.27 | E37: =D37/$D$53 -> 0.0073524822 | M37: 1
F38: =TRUNC($D$37*F37,2) -> 0 | G38: =TRUNC($D$37*G37,2) -> 0 | H38: =TRUNC($D$37*H37,2) -> 0 | I38: =TRUNC($D$37*I37,2) -> 0 | J38: =TRUNC($D$37*J37,2) -> 0 | K38: =TRUNC($D$37*K37,2) -> 0 | L38: =TRUNC($D$37*L37,2) -> 0 | M38: =TRUNC($D$37*M37,2) -> 20278.27 | N38: =SUM(F38:M38) -> 20278.27 | O38: =N38=D37 -> TRUE
B39: 13 | C39: =VLOOKUP(B39,PLANILHA!$B:$L,3,0) -> PAVIMENTAÇÃO | D39: =VLOOKUP(B39,PLANILHA!$B:$L,10,0) -> 149830 | E39: =D39/$D$53 -> 0.054325266 | H39: 0.3 | I39: 0.15 | J39: 0.15 | K39: 0.15 | L39: 0.15 | M39: 0.1
F40: =TRUNC($D$39*F39,2) -> 0 | G40: =TRUNC($D$39*G39,2) -> 0 | H40: =TRUNC($D$39*H39,2) -> 44949 | I40: =TRUNC($D$39*I39,2) -> 22474.5 | J40: =TRUNC($D$39*J39,2) -> 22474.5 | K40: =TRUNC($D$39*K39,2) -> 22474.5 | L40: =TRUNC($D$39*L39,2) -> 22474.5 | M40: =TRUNC($D$39*M39,2) -> 14983 | N40: =SUM(F40:M40) -> 149830 | O40: =N40=D39 -> TRUE
B41: 14 | C41: =VLOOKUP(B41,PLANILHA!$B:$L,3,0) -> INSTALAÇÃO ELÉTRICA | D41: =VLOOKUP(B41,PLANILHA!$B:$L,10,0) -> 218808.4 | E41: =D41/$D$53 -> 0.079335411 | H41: 0.15 | I41: 0.2 | J41: 0.05 | K41: 0.15 | L41: 0.15 | M41: 0.3
F42: =TRUNC($D$41*F41,2) -> 0 | G42: =TRUNC($D$41*G41,2) -> 0 | H42: =TRUNC($D$41*H41,2) -> 32821.26 | I42: =TRUNC($D$41*I41,2) -> 43761.68 | J42: =TRUNC($D$41*J41,2) -> 10940.42 | K42: =TRUNC($D$41*K41,2) -> 32821.26 | L42: =TRUNC($D$41*L41,2) -> 32821.26 | M42: =TRUNC($D$41*M41,2) -> 65642.52 | N42: =SUM(F42:M42) -> 218808.4 | O42: =N42=D41 -> TRUE
B43: 15 | C43: =VLOOKUP(B43,PLANILHA!$B:$L,3,0) -> INSTALAÇÃO HIDRÁULICA | D43: =VLOOKUP(B43,PLANILHA!$B:$L,10,0) -> 54237.2 | E43: =D43/$D$53 -> 0.01966529 | G43: 0.2 | H43: 0.2 | I43: 0.1 | J43: 0.1 | K43: 0.1 | L43: 0.1 | M43: 0.2
F44: =TRUNC($D$43*F43,2) -> 0 | G44: =TRUNC($D$43*G43,2) -> 10847.44 | H44: =TRUNC($D$43*H43,2) -> 10847.44 | I44: =TRUNC($D$43*I43,2) -> 5423.72 | J44: =TRUNC($D$43*J43,2) -> 5423.72 | K44: =TRUNC($D$43*K43,2) -> 5423.72 | L44: =TRUNC($D$43*L43,2) -> 5423.72 | M44: =TRUNC($D$43*M43,2) -> 10847.44 | N44: =SUM(F44:M44) -> 54237.2 | O44: =N44=D43 -> TRUE
B45: 16 | C45: =VLOOKUP(B45,PLANILHA!$B:$L,3,0) -> INSTALAÇÃO SANITÁRIA | D45: =VLOOKUP(B45,PLANILHA!$B:$L,10,0) -> 166635.82 | E45: =D45/$D$53 -> 0.06041871 | F45: 0.3 | G45: 0.3 | H45: 0.1 | I45: 0.2 | J45: 0.1
F46: =TRUNC($D$45*F45,2) -> 49990.74 | G46: =TRUNC($D$45*G45,2) -> 49990.74 | H46: =TRUNC($D$45*H45,2) -> 16663.58 | I46: =TRUNC($D$45*I45,2) -> 33327.16 | J46: =TRUNC($D$45*J45,2) -> 16663.58 | K46: =TRUNC($D$45*K45,2) -> 0 | L46: =TRUNC($D$45*L45,2) -> 0 | M46: =TRUNC($D$45*M45,2) -> 0 | N46: =SUM(F46:M46) -> 166635.8 | O46: =N46=D45 -> FALSE
B47: 17 | C47: =VLOOKUP(B47,PLANILHA!$B:$L,3,0) -> EQUIPAMENTOS HIDROSSANITÁRIOS | D47: =VLOOKUP(B47,PLANILHA!$B:$L,10,0) -> 59400.18 | E47: =D47/$D$53 -> 0.02153728 | K47: 0.3 | L47: 0.3 | M47: 0.4
F48: =TRUNC($D$47*F47,2) -> 0 | G48: =TRUNC($D$47*G47,2) -> 0 | H48: =TRUNC($D$47*H47,2) -> 0 | I48: =TRUNC($D$47*I47,2) -> 0 | J48: =TRUNC($D$47*J47,2) -> 0 | K48: =TRUNC($D$47*K47,2) -> 17820.05 | L48: =TRUNC($D$47*L47,2) -> 17820.05 | M48: =TRUNC($D$47*M47,2) -> 23760.07 | N48: =SUM(F48:M48) -> 59400.17 | O48: =N48=D47 -> FALSE
B49: 18 | C49: =VLOOKUP(B49,PLANILHA!$B:$L,3,0) -> LIMPEZA GERAL E URBANIZAÇÃO | D49: =VLOOKUP(B49,PLANILHA!$B:$L,10,0) -> 35199.19 | E49: =D49/$D$53 -> 0.0127625 | M49: 1
F50: =TRUNC($D$49*F49,2) -> 0 | G50: =TRUNC($D$49*G49,2) -> 0 | H50: =TRUNC($D$49*H49,2) -> 0 | I50: =TRUNC($D$49*I49,2) -> 0 | J50: =TRUNC($D$49*J49,2) -> 0 | K50: =TRUNC($D$49*K49,2) -> 0 | L50: =TRUNC($D$49*L49,2) -> 0 | M50: =TRUNC($D$49*M49,2) -> 35199.19 | N50: =SUM(F50:M50) -> 35199.19 | O50: =N50=D49 -> TRUE
B51: 19 | C51: =VLOOKUP(B51,PLANILHA!$B:$L,3,0) -> ADMINISTRAÇÃO LOCAL | D51: =VLOOKUP(B51,PLANILHA!$B:$L,10,0) -> 131334.12 | E51: =D51/$D$53 -> 0.047619042 | F51: 0.125 | G51: 0.125 | H51: 0.125 | I51: 0.125 | J51: 0.125 | K51: 0.125 | L51: 0.125 | M51: 0.125
F52: =TRUNC($D$51*F51,2) -> 16416.76 | G52: =TRUNC($D$51*G51,2) -> 16416.76 | H52: =TRUNC($D$51*H51,2) -> 16416.76 | I52: =TRUNC($D$51*I51,2) -> 16416.76 | J52: =TRUNC($D$51*J51,2) -> 16416.76 | K52: =TRUNC($D$51*K51,2) -> 16416.76 | L52: =TRUNC($D$51*L51,2) -> 16416.76 | M52: =TRUNC($D$51*M51,2) -> 16416.76 | N52: =SUM(F52:M52) -> 131334.08 | O52: =N52=D51 -> FALSE
B53: TOTAL DO DESEMBOLSO MENSAL | D53: =TRUNC(SUM(D15:D52),2) -> 2758016.9 | F53: =F16+F18+F20+F22+F24+F26+F28+F30+F32+F34+F36+F38+F40+F42+F44+F46+F48+F50+F52 -> 261993.9 | G53: =G16+G18+G20+G22+G24+G26+G28+G30+G32+G34+G36+G38+G40+G42+G44+G46+G48+G50+G52 -> 390175.68 | H53: =H16+H18+H20+H22+H24+H26+H28+H30+H32+H34+H36+H38+H40+H42+H44+H46+H48+H50+H52 -> 332790.06 | I53: =I16+I18+I20+I22+I24+I26+I28+I30+I32+I34+I36+I38+I40+I42+I44+I46+I48+I50+I52 -> 332495.84 | J53: =J16+J18+J20+J22+J24+J26+J28+J30+J32+J34+J36+J38+J40+J42+J44+J46+J48+J50+J52 -> 501975.18 | K53: =K16+K18+K20+K22+K24+K26+K28+K30+K32+K34+K36+K38+K40+K42+K44+K46+K48+K50+K52 -> 327338.9 | L53: =L16+L18+L20+L22+L24+L26+L28+L30+L32+L34+L36+L38+L40+L42+L44+L46+L48+L50+L52 -> 327338.9 | M53: =M16+M18+M20+M22+M24+M26+M28+M30+M32+M34+M36+M38+M40+M42+M44+M46+M48+M50+M52 -> 283908.06
B54: DESEMBOLSO ACUMULADO | F54: =F53 -> 261993.9 | G54: =G53+F54 -> 652169.58 | H54: =H53+G54 -> 984959.64 | I54: =I53+H54 -> 1317455.5 | J54: =J53+I54 -> 1819430.7 | K54: =K53+J54 -> 2146769.6 | L54: =L53+K54 -> 2474108.5 | M54: =M53+L54 -> 2758016.5 | O54: =D53=M54 -> FALSE | P54: =M54=PLANILHA!K192 -> FALSE
B55: PERCENTUAL MENSAL | E55: =SUM(E15:E52) -> 1 | F55: =F53/$D$53 -> 0.094993582 | G55: =G53/$D$53 -> 0.14146965 | H55: =H53/$D$53 -> 0.12066281 | I55: =I53/$D$53 -> 0.12055613 | J55: =J53/$D$53 -> 0.18200584 | K55: =K53/$D$53 -> 0.11868633 | L55: =L53/$D$53 -> 0.11868633 | M55: =M53/$D$53 -> 0.1029392
B56: PERENTUAL ACUMULADO | F56: =F55 -> 0.094993582 | G56: =G55+F56 -> 0.23646323 | H56: =H55+G56 -> 0.35712604 | I56: =I55+H56 -> 0.47768217 | J56: =J55+I56 -> 0.65968801 | K56: =K55+J56 -> 0.77837434 | L56: =L55+K56 -> 0.89706067 | M56: =M55+L56 -> 0.99999988

Sheet SINAPI-COMP
A1: SINAPI - Sistema Nacional de Pesquisa de Custos e Índices da Construção Civil
A2: RELATÓRIO DE CUSTOS DE COMPOSIÇÕES - ENCARGOS SOCIAIS SEM DESONERAÇÃO
A3: Mês de Referência: | B3: 07/2025 | D3: Encargos sociais sobre a mão de obra:
A4: Data de emissão: | B4: 12/08/2025 | D4: (SEM DESONERAÇÃO) | E4: MS | G4: SP
D5: Localidade | E5: CAMPO GRANDE | G5: SAO PAULO
A6: Observação: | B6: %AS (porcentagem Atribuído São Paulo) corresponde a porcentagem do custo total da | D6: Horista | E6: 1.0752 | G6: 1.1548
B7: composição que foi obtida utilizando preços de insumos de São Paulo por indisponibilidade | D7: Mensalista | E7: 0.648 | G7: 0.7154
B8: dos preços de insumos necessários à composição no estado em questão. Custo zerado (hífen)
B9: indica que pelo menos um dos itens da composição não tem custo/preço. | E9: MS | G9: SP
A10: Grupo | B10: Código da Composição | C10: Descrição | D10: Unidade | E10: Custo (R$) | F10: %AS | G10: Custo (R$) | H10: %AS
A11: Acessibilidade | B11: 104658 | C11: PISO PODOTÁTIL DE ALERTA OU DIRECIONAL, DE CONCRETO, ASSENTADO SOBRE ARGAMASSA. AF_03/2024 | D11: M2 | E11: 165.88 | F11: 0 | G11: 198.11 | H11: 0
A12: Acessibilidade | B12: 105002 | C12: RAMPA DE ACESSIBILIDADE EM CONCRETO MOLDADO IN LOCO, EM CALÇADA NOVA COM LARGURA MAIOR OU IGUAL À 3,00 M, FCK 25MPA, COM PISO PODOTÁTIL. AF_03/2024 | D12: UN | E12: 685.13 | F12: 0 | G12: 780.71 | H12: 0
A13: Acessibilidade | B13: 105004 | C13: RAMPA DE ACESSIBILIDADE EM CONCRETO MOLDADO IN LOCO, EM CALÇADA NOVA COM LARGURA MENOR À 3,00 M, FCK 25MPA, COM PISO PODOTÁTIL. AF_03/2024 | D13: M2 | E13: 116.75 | F13: 0 | G13: 132.07 | H13: 0
A14: Acessibilidade | B14: 105003 | C14: RAMPA DE ACESSIBILIDADE EM CONCRETO MOLDADO IN LOCO, EM CALÇADA PRÉ EXISTENTE COM LARGURA MAIOR OU IGUAL À 3,00 M, FCK 25MPA, COM PISO PODOTÁTIL. AF_03/2024 | D14: UN | E14: 1121.29 | F14: 0.0565 | G14: 1353.73 | H14: 0
A15: Acessibilidade | B15: 105005 | C15: RAMPA DE ACESSIBILIDADE EM CONCRETO MOLDADO IN LOCO, EM CALÇADA PRÉ EXISTENTE COM LARGURA MENOR À 3,00 M, FCK 25MPA, COM PISO PODOTÁTIL. AF_03/2024 | D15: M2 | E15: 197.52 | F15: 0.0594 | G15: 238.17 | H15: 0
A16: Acessibilidade | B16: 105006 | C16: RAMPA DE ACESSIBILIDADE EM CONCRETO PRÉ MOLDADO, EM CALÇADA NOVA COM LARGURA MAIOR OU IGUAL À 3,00 M, FCK 25MPA, COM PISO PODOTÁTIL. AF_03/2024 | D16: UN | E16: 0 | G16: 0
A17: Acessibilidade | B17: 104999 | C17: RAMPA DE ACESSIBILIDADE EM CONCRETO PRÉ MOLDADO, EM CALÇADA PRÉ EXISTENTE COM LARGURA MAIOR OU IGUAL À 3,00 M, FCK 25MPA, COM PISO PODOTÁTIL. AF_03/2024 | D17: UN | E17: 0 | G17: 0
A18: Acessibilidade | B18: 105000 | C18: RAMPA DE ACESSIBILIDADE PARA ACESSO A EDIFICAÇÕES COM INCLINAÇÃO DE 8,33% EM CONCRETO MOLDADO IN LOCO, COM LARGURA DE 1,20M, FCK 25MPA, NÃO ARMADA, COM JUNTA A CADA 2M COM CORTE À SECO. AF_03/2024 | D18: M | E18: 1336.21 | F18: 0.4741 | G18: 1557.07 | H18: 0
A19: Acessibilidade | B19: 105001 | C19: RAMPA DE ACESSIBILIDADE PARA ACESSO A EDIFICAÇÕES COM INCLINAÇÃO DE 8,33% EM CONCRETO MOLDADO IN LOCO, COM LARGURA DE 1,50M, FCK 25MPA, NÃO ARMADA, COM JUNTA A CADA 2M COM CORTE À SECO. AF_03/2024 | D19: M | E19: 1369.79 | F19: 0.4624 | G19: 1588.05 | H19: 0
A20: Alvenaria Estrutural - Blocos Cerâmicos | B20: 89306 | C20: ALVENARIA ESTRUTURAL DE BLOCOS CERÂMICOS 14X19X29, (ESPESSURA DE 14 CM), UTILIZANDO COLHER DE PEDREIRO E ARGAMASSA DE ASSENTAMENTO COM PREPARO EM BETONEIRA. AF_03/2023 | D20: M2 | E20: 96.63 | F20: 0 | G20: 107.05 | H20: 0
A21: Alvenaria Estrutural - Blocos Cerâmicos | B21: 89307 | C21: ALVENARIA ESTRUTURAL DE BLOCOS CERÂMICOS 14X19X29, (ESPESSURA DE 14 CM), UTILIZANDO COLHER DE PEDREIRO E ARGAMASSA DE ASSENTAMENTO COM PREPARO MANUAL. AF_03/2023 | D21: M2 | E21: 98.42 | F21: 0 | G21: 110.2 | H21: 0
A22: Alvenaria Estrutural - Blocos Cerâmicos | B22: 89290 | C22: ALVENARIA ESTRUTURAL DE BLOCOS CERÂMICOS 14X19X29, (ESPESSURA DE 14 CM), UTILIZANDO PALHETA E ARGAMASSA DE ASSENTAMENTO COM PREPARO EM BETONEIRA. AF_03/2023 | D22: M2 | E22: 81.44 | F22: 0 | G22: 87.01 | H22: 0
A23: Alvenaria Estrutural - Blocos Cerâmicos | B23: 89291 | C23: ALVENARIA ESTRUTURAL DE BLOCOS CERÂMICOS 14X19X29, (ESPESSURA DE 14 CM), UTILIZANDO PALHETA E ARGAMASSA DE ASSENTAMENTO COM PREPARO MANUAL. AF_03/2023 | D23: M2 | E23: 82.77 | F23: 0 | G23: 89.35 | H23: 0
A24: Alvenaria Estrutural - Blocos Cerâmicos | B24: 89298 | C24: ALVENARIA ESTRUTURAL DE BLOCOS CERÂMICOS 14X19X39, (ESPESSURA DE 14 CM), UTILIZANDO COLHER DE PEDREIRO E ARGAMASSA DE ASSENTAMENTO COM PREPARO EM BETONEIRA. AF_03/2023 | D24: M2 | E24: 85.09 | F24: 0 | G24: 90.55 | H24: 0
A25: Alvenaria Estrutural - Blocos Cerâmicos | B25: 89299 | C25: ALVENARIA ESTRUTURAL DE BLOCOS CERÂMICOS 14X19X39, (ESPESSURA DE 14 CM), UTILIZANDO COLHER DE PEDREIRO E ARGAMASSA DE ASSENTAMENTO COM PREPARO MANUAL. AF_03/2023 | D25: M2 | E25: 86.69 | F25: 0 | G25: 93.36 | H25: 0
A26: Alvenaria Estrutural - Blocos Cerâmicos | B26: 89282 | C26: ALVENARIA ESTRUTURAL DE BLOCOS CERÂMICOS 14X19X39, (ESPESSURA DE 14 CM), UTILIZANDO PALHETA E ARGAMASSA DE ASSENTAMENTO COM PREPARO EM BETONEIRA. AF_03/2023 | D26: M2 | E26: 74.34 | F26: 0 | G26: 76.6 | H26: 0
A27: Alvenaria Estrutural - Blocos Cerâmicos | B27: 89283 | C27: ALVENARIA ESTRUTURAL DE BLOCOS CERÂMICOS 14X19X39, (ESPESSURA DE 14 CM), UTILIZANDO PALHETA E ARGAMASSA DE ASSENTAMENTO COM PREPARO MANUAL. AF_03/2023 | D27: M2 | E27: 75.54 | F27: 0 | G27: 78.71 | H27: 0
A28: Alvenaria Estrutural - Blocos de Concreto | B28: 89480 | C28: ALVENARIA DE BLOCOS DE CONCRETO ESTRUTURAL 14X19X29 CM (ESPESSURA 14 CM), FBK = 14 MPA, UTILIZANDO COLHER DE PEDREIRO. AF_10/2022 | D28: M2 | E28: 166.03 | F28: 0 | G28: 171.44 | H28: 0
A29: Alvenaria Estrutural - Blocos de Concreto | B29: 89464 | C29: ALVENARIA DE BLOCOS DE CONCRETO ESTRUTURAL 14X19X29 CM (ESPESSURA 14 CM), FBK = 14,0 MPA, UTILIZANDO PALHETA. AF_10/2022 | D29: M2 | E29: 147.19 | F29: 0 | G29: 146.38 | H29: 0
... A31: Alvenaria Estrutural - Blocos de Concreto | B31: 89462 | C31: ALVENARIA DE BLOCOS DE CONCRETO ESTRUTURAL 14X19X29 CM (ESPESSURA 14 CM), FBK = 4,5 MPA, UTILIZANDO PALHETA. AF_10/2022 | D31: M2 | E31: 123.91 | F31: 0 | G31: 125.24 | H31: 0
A32: Alvenaria Estrutural - Blocos de Concreto | B32: 104444 | C32: ALVENARIA DE BLOCOS DE CONCRETO ESTRUTURAL 14X19X29 CM (ESPESSURA 14 CM), FBK = 8 MPA, UTILIZANDO COLHER DE PEDREIRO. AF_10/2022 | D32: M2 | E32: 0 | G32: 0
A33: Alvenaria Estrutural - Blocos de Concreto | B33: 104442 | C33: ALVENARIA DE BLOCOS DE CONCRETO ESTRUTURAL 14X19X29 CM (ESPESSURA 14 CM), FBK = 8 MPA, UTILIZANDO PALHETA. AF_10/2022 | D33: M2 | E33: 0 | G33: 0
A34: Alvenaria Estrutural - Blocos de Concreto | B34: 89472 | C34: ALVENARIA DE BLOCOS DE CONCRETO ESTRUTURAL 14X19X39 CM (ESPESSURA 14 CM), FBK = 14 MPA, UTILIZANDO COLHER DE PEDREIRO. AF_10/2022 | D34: M2 | E34: 128.76 | F34: 0 | G34: 127.54 | H34: 0
A35: Alvenaria Estrutural - Blocos de Concreto | B35: 89455 | C35: ALVENARIA DE BLOCOS DE CONCRETO ESTRUTURAL 14X19X39 CM (ESPESSURA 14 CM), FBK = 14 MPA, UTILIZANDO PALHETA. AF_10/2022 | D35: M2 | E35: 116.82 | F35: 0 | G35: 112.12 | H35: 0
A36: Alvenaria Estrutural - Blocos de Concreto | B36: 89470 | C36: ALVENARIA DE BLOCOS DE CONCRETO ESTRUTURAL 14X19X39 CM (ESPESSURA 14 CM), FBK = 4,5 MPA, UTILIZANDO COLHER DE PEDREIRO. AF_10/2022 | D36: M2 | E36: 106.3 | F36: 0 | G36: 107.27 | H36: 0
A37: Alvenaria Estrutural - Blocos de Concreto | B37: 89453 | C37: ALVENARIA DE BLOCOS DE CONCRETO ESTRUTURAL 14X19X39 CM (ESPESSURA 14 CM), FBK = 4,5 MPA, UTILIZANDO PALHETA. AF_10/2022 | D37: M2 | E37: 95.36 | F37: 0 | G37: 93.2 | H37: 0
A38: Alvenaria Estrutural - Blocos de Concreto | B38: 104443 | C38: ALVENARIA DE BLOCOS DE CONCRETO ESTRUTURAL 14X19X39 CM (ESPESSURA 14 CM), FBK = 8 MPA, UTILIZANDO COLHER DE PEDREIRO. AF_10/2022 | D38: M2 | E38: 0 | G38: 0
A39: Alvenaria Estrutural - Blocos de Concreto | B39: 104441 | C39: ALVENARIA DE BLOCOS DE CONCRETO ESTRUTURAL 14X19X39 CM (ESPESSURA 14 CM), FBK = 8 MPA, UTILIZANDO PALHETA. AF_10/2022 | D39: M2 | E39: 0 | G39: 0
A40: Alvenaria de Vedação | B40: 103354 | C40: ALVENARIA DE VEDAÇÃO DE BLOCOS CERÂMICOS FURADOS NA HORIZONTAL DE 11,5X14X24 CM (ESPESSURA 11,5 CM) E ARGAMASSA DE ASSENTAMENTO COM PREPARO EM BETONEIRA. AF_12/2021 | D40: M2 | E40: 87.28 | F40: 0.0071 | G40: 102.16 | H40: 0
A41: Alvenaria de Vedação | B41: 103355 | C41: ALVENARIA DE VEDAÇÃO DE BLOCOS CERÂMICOS FURADOS NA HORIZONTAL DE 11,5X14X24 CM (ESPESSURA 11,5 CM) E ARGAMASSA DE ASSENTAMENTO COM PREPARO MANUAL. AF_12/2021 | D41: M2 | E41: 88.35 | F41: 0.007 | G41: 104.02 | H41: 0
A42: Alvenaria de Vedação | B42: 103330 | C42: ALVENARIA DE VEDAÇÃO DE BLOCOS CERÂMICOS FURADOS NA HORIZONTAL DE 11,5X19X19 CM (ESPESSURA 11,5 CM) E ARGAMASSA DE ASSENTAMENTO COM PREPARO EM BETONEIRA. AF_12/2021 | D42: M2 | E42: 81.37 | F42: 0.0054 | G42: 93.68 | H42: 0
A43: Alvenaria de Vedação | B43: 103331 | C43: ALVENARIA DE VEDAÇÃO DE BLOCOS CERÂMICOS FURADOS NA HORIZONTAL DE 11,5X19X19 CM (ESPESSURA 11,5 CM) E ARGAMASSA DE ASSENTAMENTO COM PREPARO MANUAL. AF_12/2021 | D43: M2 | E43: 82.38 | F43: 0.0053 | G43: 95.43 | H43: 0
A44: Alvenaria de Vedação | B44: 103358 | C44: ALVENARIA DE VEDAÇÃO DE BLOCOS CERÂMICOS FURADOS NA HORIZONTAL DE 11,5X19X29 CM (ESPESSURA 11,5 CM) E ARGAMASSA DE ASSENTAMENTO COM PREPARO EM BETONEIRA. AF_12/2021 | D44: M2 | E44: 69.35 | F44: 0.0063 | G44: 78.46 | H44: 0
A45: Alvenaria de Vedação | B45: 103359 | C45: ALVENARIA DE VEDAÇÃO DE BLOCOS CERÂMICOS FURADOS NA HORIZONTAL DE 11,5X19X29 CM (ESPESSURA 11,5 CM) E ARGAMASSA DE ASSENTAMENTO COM PREPARO MANUAL. AF_12/2021 | D45: M2 | E45: 70.21 | F45: 0.0063 | G45: 79.94 | H45: 0
A46: Alvenaria de Vedação | B46: 103366 | C46: ALVENARIA DE VEDAÇÃO DE BLOCOS CERÂMICOS FURADOS NA HORIZONTAL DE 11,5X19X39 CM (ESPESSURA 11,5 CM) E ARGAMASSA DE ASSENTAMENTO COM PREPARO EM BETONEIRA. AF_12/2021 | D46: M2 | E46: 61.54 | F46: 0.0071 | G46: 67.42 | H46: 0
A47: Alvenaria de Vedação | B47: 103367 | C47: ALVENARIA DE VEDAÇÃO DE BLOCOS CERÂMICOS FURADOS NA HORIZONTAL DE 11,5X19X39 CM (ESPESSURA 11,5 CM) E ARGAMASSA DE ASSENTAMENTO COM PREPARO MANUAL. AF_12/2021 | D47: M2 | E47: 62.31 | F47: 0.0071 | G47: 68.77 | H47: 0
A48: Alvenaria de Vedação | B48: 103360 | C48: ALVENARIA DE VEDAÇÃO DE BLOCOS CERÂMICOS FURADOS NA HORIZONTAL DE 14X19X29 CM (ESPESSURA 14 CM) E ARGAMASSA DE ASSENTAMENTO COM PREPARO EM BETONEIRA. AF_12/2021 | D48: M2 | E48: 80.85 | F48: 0.0054 | G48: 91.77 | H48: 0
A49: Alvenaria de Vedação | B49: 103361 | C49: ALVENARIA DE VEDAÇÃO DE BLOCOS CERÂMICOS FURADOS NA HORIZONTAL DE 14X19X29 CM (ESPESSURA 14 CM) E ARGAMASSA DE ASSENTAMENTO COM PREPARO MANUAL. AF_12/2021 | D49: M2 | E49: 81.93 | F49: 0.0054 | G49: 93.65 | H49: 0
A50: Alvenaria de Vedação | B50: 103368 | C50: ALVENARIA DE VEDAÇÃO DE BLOCOS CERÂMICOS FURADOS NA HORIZONTAL DE 14X19X39 CM (ESPESSURA 14 CM) E ARGAMASSA DE ASSENTAMENTO COM PREPARO EM BETONEIRA. AF_12/2021 | D50: M2 | E50: 69.45 | F50: 0.0063 | G50: 76.71 | H50: 0
A51: Alvenaria de Vedação | B51: 103369 | C51: ALVENARIA DE VEDAÇÃO DE BLOCOS CERÂMICOS FURADOS NA HORIZONTAL DE 14X19X39 CM (ESPESSURA 14 CM) E ARGAMASSA DE ASSENTAMENTO COM PREPARO MANUAL. AF_12/2021 | D51: M2 | E51: 70.43 | F51: 0.0062 | G51: 78.41 | H51: 0
... A101: Alvenarias Diversas | B101: 101161 | C101: ALVENARIA DE VEDAÇÃO COM ELEMENTO VAZADO DE CONCRETO (COBOGÓ) DE 7X50X50CM E ARGAMASSA DE ASSENTAMENTO COM PREPARO EM BETONEIRA. AF_05/2020 | D101: M2 | E101: 244.43 | F101: 0 | G101: 248.77 | H101: 0
A102: Alvenarias Diversas | B102: 101160 | C102: ALVENARIA DE VEDAÇÃO DE BLOCO DE SOLO-CIMENTO (TIJOLO ECOLÓGICO) DE 7X15X30CM (ESPESSURA 15CM). AF_05/2020 | D102: M2 | E102: 0 | G102: 0
A103: Alvenarias Diversas | B103: 101159 | C103: ALVENARIA DE VEDAÇÃO DE BLOCOS CERÂMICOS MACIÇOS DE 5X10X20CM (ESPESSURA 10CM) E ARGAMASSA DE ASSENTAMENTO COM PREPARO EM BETONEIRA. AF_05/2020 | D103: M2 | E103: 134.24 | F103: 0 | G103: 153.62 | H103: 0
A104: Alvenarias Diversas | B104: 101154 | C104: ALVENARIA DE VEDAÇÃO DE BLOCOS DE CONCRETO CELULAR DE 10X30X60CM (ESPESSURA 10CM) E ARGAMASSA DE ASSENTAMENTO COM PREPARO EM BETONEIRA. AF_05/2020 | D104: M2 | E104: 127.51 | F104: 0.6906 | G104: 138.53 | H104: 0
A105: Alvenarias Diversas | B105: 101155 | C105: ALVENARIA DE VEDAÇÃO DE BLOCOS DE CONCRETO CELULAR DE 15X30X60CM (ESPESSURA 15CM) E ARGAMASSA DE ASSENTAMENTO COM PREPARO EM BETONEIRA. AF_05/2020 | D105: M2 | E105: 179.26 | F105: 0.7216 | G105: 194.19 | H105: 0
A106: Alvenarias Diversas | B106: 101156 | C106: ALVENARIA DE VEDAÇÃO DE BLOCOS DE CONCRETO CELULAR DE 20X30X60CM (ESPESSURA 20CM) E ARGAMASSA DE ASSENTAMENTO COM PREPARO EM BETONEIRA. AF_05/2020 | D106: M2 | E106: 263.34 | F106: 0.7524 | G106: 283.54 | H106: 0
A107: Alvenarias Diversas | B107: 101158 | C107: ALVENARIA DE VEDAÇÃO DE BLOCOS DE GESSO DE 10X50X66CM (ESPESSURA 10CM). AF_05/2020 | D107: M2 | E107: 84.1 | F107: 0 | G107: 87.23 | H107: 0
A108: Alvenarias Diversas | B108: 101157 | C108: ALVENARIA DE VEDAÇÃO DE BLOCOS DE GESSO DE 7X50X66CM (ESPESSURA 7CM). AF_05/2020 | D108: M2 | E108: 64.13 | F108: 0 | G108: 67.43 | H108: 0
A109: Argamassas | B109: 87382 | C109: ARGAMASSA INDUSTRIALIZADA MULTIUSO PARA REVESTIMENTOS E ASSENTAMENTO DA ALVENARIA, PREPARO COM MISTURADOR DE EIXO HORIZONTAL DE 160 KG. AF_08/2019 | D109: M3 | E109: 1906.63 | F109: 0 | G109: 1758.64 | H109: 0
A110: Argamassas | B110: 87383 | C110: ARGAMASSA INDUSTRIALIZADA MULTIUSO PARA REVESTIMENTOS E ASSENTAMENTO DA ALVENARIA, PREPARO COM MISTURADOR DE EIXO HORIZONTAL DE 300 KG. AF_08/2019 | D110: M3 | E110: 1899.77 | F110: 0 | G110: 1741.86 | H110: 0
A111: Argamassas | B111: 87384 | C111: ARGAMASSA INDUSTRIALIZADA MULTIUSO PARA REVESTIMENTOS E ASSENTAMENTO DA ALVENARIA, PREPARO COM MISTURADOR DE EIXO HORIZONTAL DE 600 KG. AF_08/2019 | D111: M3 | E111: 1886.74 | F111: 0 | G111: 1721.63 | H111: 0
A112: Argamassas | B112: 87398 | C112: ARGAMASSA INDUSTRIALIZADA MULTIUSO PARA REVESTIMENTOS E ASSENTAMENTO DA ALVENARIA, PREPARO MANUAL. AF_08/2019 | D112: M3 | E112: 2095.04 | F112: 0 | G112: 2031.31 | H112: 0
A113: Argamassas | B113: 87395 | C113: ARGAMASSA INDUSTRIALIZADA PARA CHAPISCO COLANTE, PREPARO COM MISTURADOR DE EIXO HORIZONTAL DE 160 KG. AF_08/2019 | D113: M3 | E113: 3697.93 | F113: 0 | G113: 3393 | H113: 0
A114: Argamassas | B114: 87396 | C114: ARGAMASSA INDUSTRIALIZADA PARA CHAPISCO COLANTE, PREPARO COM MISTURADOR DE EIXO HORIZONTAL DE 300 KG. AF_08/2019 | D114: M3 | E114: 3717.09 | F114: 0 | G114: 3398.13 | H114: 0
... A132: Argamassas | B132: 88627 | C132: ARGAMASSA TRAÇO 1:0,5:4,5 (EM VOLUME DE CIMENTO, CAL E AREIA MÉDIA ÚMIDA) PARA ASSENTAMENTO DE ALVENARIA, PREPARO MANUAL. AF_08/2019 | D132: M3 | E132: 643.09 | F132: 0 | G132: 648.19 | H132: 0
A133: Argamassas | B133: 100463 | C133: ARGAMASSA TRAÇO 1:0,5:4,5 (EM VOLUME DE CIMENTO, CAL E AREIA MÉDIA ÚMIDA), PREPARO MECÂNICO COM BETONEIRA 250 L. AF_08/2019 | D133: M3 | E133: 0 | G133: 0
A134: Argamassas | B134: 88626 | C134: ARGAMASSA TRAÇO 1:0,5:4,5 (EM VOLUME DE CIMENTO, CAL E AREIA MÉDIA ÚMIDA), PREPARO MECÂNICO COM BETONEIRA 400 L. AF_08/2019 | D134: M3 | E134: 563.41 | F134: 0 | G134: 512.62 | H134: 0
A135: Argamassas | B135: 100488 | C135: ARGAMASSA TRAÇO 1:0,5:4,5 (EM VOLUME DE CIMENTO, CAL E AREIA MÉDIA ÚMIDA), PREPARO MECÂNICO COM BETONEIRA 600 L. AF_08/2019 | D135: M3 | E135: 548.95 | F135: 0 | G135: 494.07 | H135: 0
A136: Argamassas | B136: 100464 | C136: ARGAMASSA TRAÇO 1:0,5:4,5 (EM VOLUME DE CIMENTO, CAL E AREIA MÉDIA ÚMIDA), PREPARO MECÂNICO COM MISTURADOR DE EIXO HORIZONTAL DE 160 KG. AF_08/2019 | D136: M3 | E136: 594.31 | F136: 0 | G136: 557.1 | H136: 0
A137: Argamassas | B137: 100465 | C137: ARGAMASSA TRAÇO 1:0,5:4,5 (EM VOLUME DE CIMENTO, CAL E AREIA MÉDIA ÚMIDA), PREPARO MECÂNICO COM MISTURADOR DE EIXO HORIZONTAL DE 300 KG. AF_08/2019 | D137: M3 | E137: 549.43 | F137: 0 | G137: 496.73 | H137: 0
A138: Argamassas | B138: 100466 | C138: ARGAMASSA TRAÇO 1:0,5:4,5 (EM VOLUME DE CIMENTO, CAL E AREIA MÉDIA ÚMIDA), PREPARO MECÂNICO COM MISTURADOR DE EIXO HORIZONTAL DE 600 KG. AF_08/2019 | D138: M3 | E138: 524.51 | F138: 0 | G138: 465.25 | H138: 0
A139: Argamassas | B139: 87368 | C139: ARGAMASSA TRAÇO 1:1,5:7,5 (EM VOLUME DE CIMENTO, CAL E AREIA MÉDIA ÚMIDA) PARA EMBOÇO/MASSA ÚNICA/ASSENTAMENTO DE ALVENARIA DE VEDAÇÃO, PREPARO MANUAL. AF_08/2019 | D139: M3 | E139: 669.06 | F139: 0 | G139: 707.26 | H139: 0
A140: Argamassas | B140: 100450 | C140: ARGAMASSA TRAÇO 1:1,5:7,5 (EM VOLUME DE CIMENTO, CAL E AREIA MÉDIA ÚMIDA) PARA EMBOÇO/MASSA ÚNICA/ASSENTAMENTO DE ALVENARIA DE VEDAÇÃO, PREPARO MECÂNICO COM BETONEIRA 250 L. AF_08/2019 | D140: M3 | E140: 0 | G140: 0
A141: Argamassas | B141: 87289 | C141: ARGAMASSA TRAÇO 1:1,5:7,5 (EM VOLUME DE CIMENTO, CAL E AREIA MÉDIA ÚMIDA) PARA EMBOÇO/MASSA ÚNICA/ASSENTAMENTO DE ALVENARIA DE VEDAÇÃO, PREPARO MECÂNICO COM BETONEIRA 400 L. AF_08/2019 | D141: M3 | E141: 570.32 | F141: 0 | G141: 534.1 | H141: 0
A142: Argamassas | B142: 87290 | C142: ARGAMASSA TRAÇO 1:1,5:7,5 (EM VOLUME DE CIMENTO, CAL E AREIA MÉDIA ÚMIDA) PARA EMBOÇO/MASSA ÚNICA/ASSENTAMENTO DE ALVENARIA DE VEDAÇÃO, PREPARO MECÂNICO COM BETONEIRA 600 L. AF_08/2019 | D142: M3 | E142: 554.84 | F142: 0 | G142: 513.75 | H142: 0
A143: Argamassas | B143: 87333 | C143: ARGAMASSA TRAÇO 1:1,5:7,5 (EM VOLUME DE CIMENTO, CAL E AREIA MÉDIA ÚMIDA) PARA EMBOÇO/MASSA ÚNICA/ASSENTAMENTO DE ALVENARIA DE VEDAÇÃO, PREPARO MECÂNICO COM MISTURADOR DE EIXO HORIZONTAL DE 300 KG. AF_08/2019 | D143: M3 | E143: 576.89 | F143: 0 | G143: 546.12 | H143: 0
A144: Argamassas | B144: 87334 | C144: ARGAMASSA TRAÇO 1:1,5:7,5 (EM VOLUME DE CIMENTO, CAL E AREIA MÉDIA ÚMIDA) PARA EMBOÇO/MASSA ÚNICA/ASSENTAMENTO DE ALVENARIA DE VEDAÇÃO, PREPARO MECÂNICO COM MISTURADOR DE EIXO HORIZONTAL DE 600 KG. AF_08/2019 | D144: M3 | E144: 530.58 | F144: 0 | G144: 487.02 | H144: 0
A145: Argamassas | B145: 105515 | C145: ARGAMASSA TRAÇO 1:1,93 (EM VOLUME DE CIMENTO E AREIA MÉDIA ÚMIDA), FCK 20MPA, PREPARO MECÂNICO COM MISTURADOR DUPLO HORIZONTAL DE ALTA TURBULÊNCIA. AF_03/2020 | D145: M3 | E145: 837.87 | F145: 0 | G145: 787.06 | H145: 0
A146: Argamassas | B146: 87367 | C146: ARGAMASSA TRAÇO 1:1:6 (EM VOLUME DE CIMENTO, CAL E AREIA MÉDIA ÚMIDA) PARA EMBOÇO/MASSA ÚNICA/ASSENTAMENTO DE ALVENARIA DE VEDAÇÃO, PREPARO MANUAL. AF_08/2019 | D146: M3 | E146: 683.58 | F146: 0 | G146: 716.76 | H146: 0
A147: Argamassas | B147: 100449 | C147: ARGAMASSA TRAÇO 1:1:6 (EM VOLUME DE CIMENTO, CAL E AREIA MÉDIA ÚMIDA) PARA EMBOÇO/MASSA ÚNICA/ASSENTAMENTO DE ALVENARIA DE VEDAÇÃO, PREPARO MECÂNICO COM BETONEIRA 250 L. AF_08/2019 | D147: M3 | E147: 0 | G147: 0
A148: Argamassas | B148: 87286 | C148: ARGAMASSA TRAÇO 1:1:6 (EM VOLUME DE CIMENTO, CAL E AREIA MÉDIA ÚMIDA) PARA EMBOÇO/MASSA ÚNICA/ASSENTAMENTO DE ALVENARIA DE VEDAÇÃO, PREPARO MECÂNICO COM BETONEIRA 400 L. AF_08/2019 | D148: M3 | E148: 590.23 | F148: 0 | G148: 552.96 | H148: 0
A149: Argamassas | B149: 87287 | C149: ARGAMASSA TRAÇO 1:1:6 (EM VOLUME DE CIMENTO, CAL E AREIA MÉDIA ÚMIDA) PARA EMBOÇO/MASSA ÚNICA/ASSENTAMENTO DE ALVENARIA DE VEDAÇÃO, PREPARO MECÂNICO COM BETONEIRA 600 L. AF_08/2019 | D149: M3 | E149: 563.94 | F149: 0 | G149: 516.64 | H149: 0
A150: Argamassas | B150: 87331 | C150: ARGAMASSA TRAÇO 1:1:6 (EM VOLUME DE CIMENTO, CAL E AREIA MÉDIA ÚMIDA) PARA EMBOÇO/MASSA ÚNICA/ASSENTAMENTO DE ALVENARIA DE VEDAÇÃO, PREPARO MECÂNICO COM MISTURADOR DE EIXO HORIZONTAL DE 300 KG. AF_08/2019 | D150: M3 | E150: 616.28 | F150: 0 | G150: 588.34 | H150: 0
A151: Argamassas | B151: 87332 | C151: ARGAMASSA TRAÇO 1:1:6 (EM VOLUME DE CIMENTO, CAL E AREIA MÉDIA ÚMIDA) PARA EMBOÇO/MASSA ÚNICA/ASSENTAMENTO DE ALVENARIA DE VEDAÇÃO, PREPARO MECÂNICO COM MISTURADOR DE EIXO HORIZONTAL DE 600 KG. AF_08/2019 | D151: M3 | E151: 542.01 | F151: 0 | G151: 492.06 | H151: 0
A152: Argamassas | B152: 87369 | C152: ARGAMASSA TRAÇO 1:2:8 (EM VOLUME DE CIMENTO, CAL E AREIA MÉDIA ÚMIDA) PARA EMBOÇO/MASSA ÚNICA/ASSENTAMENTO DE ALVENARIA DE VEDAÇÃO, PREPARO MANUAL. AF_08/2019 | D152: M3 | E152: 689.3 | F152: 0 | G152: 720.04 | H152: 0
A153: Argamassas | B153: 100451 | C153: ARGAMASSA TRAÇO 1:2:8 (EM VOLUME DE CIMENTO, CAL E AREIA MÉDIA ÚMIDA) PARA EMBOÇO/MASSA ÚNICA/ASSENTAMENTO DE ALVENARIA DE VEDAÇÃO, PREPARO MECÂNICO COM BETONEIRA 250 L. AF_08/2019 | D153: M3 | E153: 0 | G153: 0
A154: Argamassas | B154: 87292 | C154: ARGAMASSA TRAÇO 1:2:8 (EM VOLUME DE CIMENTO, CAL E AREIA MÉDIA ÚMIDA) PARA EMBOÇO/MASSA ÚNICA/ASSENTAMENTO DE ALVENARIA DE VEDAÇÃO, PREPARO MECÂNICO COM BETONEIRA 400 L. AF_08/2019 | D154: M3 | E154: 585.83 | F154: 0 | G154: 541.23 | H154: 0
A155: Argamassas | B155: 87335 | C155: ARGAMASSA TRAÇO 1:2:8 (EM VOLUME DE CIMENTO, CAL E AREIA MÉDIA ÚMIDA) PARA EMBOÇO/MASSA ÚNICA/ASSENTAMENTO DE ALVENARIA DE VEDAÇÃO, PREPARO MECÂNICO COM MISTURADOR DE EIXO HORIZONTAL DE 300 KG. AF_08/2019 | D155: M3 | E155: 568.07 | F155: 0 | G155: 533.79 | H155: 0
A156: Argamassas | B156: 87336 | C156: ARGAMASSA TRAÇO 1:2:8 (EM VOLUME DE CIMENTO, CAL E AREIA MÉDIA ÚMIDA) PARA EMBOÇO/MASSA ÚNICA/ASSENTAMENTO DE ALVENARIA DE VEDAÇÃO, PREPARO MECÂNICO COM MISTURADOR DE EIXO HORIZONTAL DE 600 KG. AF_08/2019 | D156: M3 | E156: 551.49 | F156: 0 | G156: 501.37 | H156: 0
A157: Argamassas | B157: 87370 | C157: ARGAMASSA TRAÇO 1:2:9 (EM VOLUME DE CIMENTO, CAL E AREIA MÉDIA ÚMIDA) PARA EMBOÇO/MASSA ÚNICA/ASSENTAMENTO DE ALVENARIA DE VEDAÇÃO, PREPARO MANUAL. AF_08/2019 | D157: M3 | E157: 661.31 | F157: 0 | G157: 699.58 | H157: 0
A158: Argamassas | B158: 100452 | C158: ARGAMASSA TRAÇO 1:2:9 (EM VOLUME DE CIMENTO, CAL E AREIA MÉDIA ÚMIDA) PARA EMBOÇO/MASSA ÚNICA/ASSENTAMENTO DE ALVENARIA DE VEDAÇÃO, PREPARO MECÂNICO COM BETONEIRA 250 L. AF_08/2019 | D158: M3 | E158: 0 | G158: 0
A159: Argamassas | B159: 88715 | C159: ARGAMASSA TRAÇO 1:2:9 (EM VOLUME DE CIMENTO, CAL E AREIA MÉDIA ÚMIDA) PARA EMBOÇO/MASSA ÚNICA/ASSENTAMENTO DE ALVENARIA DE VEDAÇÃO, PREPARO MECÂNICO COM BETONEIRA 400 L. AF_08/2019 | D159: M3 | E159: 550.25 | F159: 0 | G159: 510.5 | H159: 0
A160: Argamassas | B160: 87294 | C160: ARGAMASSA TRAÇO 1:2:9 (EM VOLUME DE CIMENTO, CAL E AREIA MÉDIA ÚMIDA) PARA EMBOÇO/MASSA ÚNICA/ASSENTAMENTO DE ALVENARIA DE VEDAÇÃO, PREPARO MECÂNICO COM BETONEIRA 600 L. AF_08/2019 | D160: M3 | E160: 552.94 | F160: 0 | G160: 516.49 | H160: 0
A161: Argamassas | B161: 87337 | C161: ARGAMASSA TRAÇO 1:2:9 (EM VOLUME DE CIMENTO, CAL E AREIA MÉDIA ÚMIDA) PARA EMBOÇO/MASSA ÚNICA/ASSENTAMENTO DE ALVENARIA DE VEDAÇÃO, PREPARO MECÂNICO COM MISTURADOR DE EIXO HORIZONTAL DE 300 KG. AF_08/2019 | D161: M3 | E161: 560.81 | F161: 0 | G161: 527.53 | H161: 0
A162: Argamassas | B162: 100487 | C162: ARGAMASSA TRAÇO 1:2:9 (EM VOLUME DE CIMENTO, CAL E AREIA MÉDIA ÚMIDA) PARA EMBOÇO/MASSA ÚNICA/ASSENTAMENTO DE ALVENARIA DE VEDAÇÃO, PREPARO MECÂNICO COM MISTURADOR DE EIXO HORIZONTAL DE 600 KG. AF_08/2019 | D162: M3 | E162: 519.2 | F162: 0 | G162: 474.73 | H162: 0
A163: Argamassas | B163: 87380 | C163: ARGAMASSA TRAÇO 1:3 (EM VOLUME DE CIMENTO E AREIA GROSSA ÚMIDA) COM ADIÇÃO DE EMULSÃO POLIMÉRICA PARA CHAPISCO ROLADO, PREPARO MANUAL. AF_08/2019 | D163: M3 | E163: 3578.35 | F163: 0.8456 | G163: 3626.05 | H163: 0
A164: Argamassas | B164: 100461 | C164: ARGAMASSA TRAÇO 1:3 (EM VOLUME DE CIMENTO E AREIA GROSSA ÚMIDA) COM ADIÇÃO DE EMULSÃO POLIMÉRICA PARA CHAPISCO ROLADO, PREPARO MECÂNICO COM BETONEIRA 250 L. AF_08/2019 | D164: M3 | E164: 0 | G164: 0
A165: Argamassas | B165: 87322 | C165: ARGAMASSA TRAÇO 1:3 (EM VOLUME DE CIMENTO E AREIA GROSSA ÚMIDA) COM ADIÇÃO DE EMULSÃO POLIMÉRICA PARA CHAPISCO ROLADO, PREPARO MECÂNICO COM BETONEIRA 400 L. AF_08/2019 | D165: M3 | E165: 3508.28 | F165: 0.8714 | G165: 3484.18 | H165: 0
A166: Argamassas | B166: 87323 | C166: ARGAMASSA TRAÇO 1:3 (EM VOLUME DE CIMENTO E AREIA GROSSA ÚMIDA) COM ADIÇÃO DE EMULSÃO POLIMÉRICA PARA CHAPISCO ROLADO, PREPARO MECÂNICO COM BETONEIRA 600 L. AF_08/2019 | D166: M3 | E166: 3499.71 | F166: 0.8775 | G166: 3468.8 | H166: 0
A167: Argamassas | B167: 87360 | C167: ARGAMASSA TRAÇO 1:3 (EM VOLUME DE CIMENTO E AREIA GROSSA ÚMIDA) COM ADIÇÃO DE EMULSÃO POLIMÉRICA PARA CHAPISCO ROLADO, PREPARO MECÂNICO COM MISTURADOR DE EIXO HORIZONTAL DE 160 KG. AF_08/2019 | D167: M3 | E167: 3478.87 | F167: 0.8538 | G167: 3475.1 | H167: 0
...

Sheet SINAPI-INS
A1: SINAPI - Sistema Nacional de Pesquisa de Custos e Índices da Construção Civil
A2: RELATÓRIO DE PREÇOS DE INSUMOS - ENGARGOS SOCIAIS SEM DESONERAÇÃO
A3: Mês de Referência: | B3: 07/2025 | E3: Encargos sociais sobre a mão de obra:
A4: Data de emissão: | B4: 12/08/2025 | E4: (SEM DESONERAÇÃO) | F4: MS | G4: SP
E5: Localidade | F5: CAMPO GRANDE | G5: SAO PAULO
A6: Origem de preço: | B6: C = COLETADO | C6: CR = COEFICIENTE DE REPRESENTATIVIDADE | E6: Horista | F6: 1.0752 | G6: 1.1548
A7: Preço em branco para determinado estado significa que não houve coleta mínima de preços no mês de referência | E7: Mensalista | F7: 0.648 | G7: 0.7154
A9: Acessar Fichas de Especificação Técnico dos Insumos | E9: Preços Medianos (R$):
A10: Classificação | B10: Código do Insumo | C10: Descrição do Insumo | D10: Unidade | E10: Origem de Preço | F10: MS | G10: SP
A11: SERVIÇOS | B11: 45333 | C11: ABERTURA PARA ENCAIXE DE CUBA OU LAVATORIO EM BANCADA DE MARMORE/ GRANITO OU OUTRO TIPO DE PEDRA NATURAL | D11: UN | E11: CR | F11: 213.23 | G11: 197.12
A12: MATERIAL | B12: 11270 | C12: ABRACADEIRA DE LATAO PARA FIXACAO DE CABO PARA-RAIO, DIMENSOES 32 X 24 X 24 MM | D12: UN | E12: CR | F12: 3 | G12: 2.88
A13: MATERIAL | B13: 412 | C13: ABRACADEIRA DE NYLON PARA AMARRACAO DE CABOS, COMPRIMENTO DE *230* X *7,6* MM | D13: UN | E13: CR | F13: 1.49 | G13: 1.13
A14: MATERIAL | B14: 414 | C14: ABRACADEIRA DE NYLON PARA AMARRACAO DE CABOS, COMPRIMENTO DE 100 X 2,5 MM | D14: UN | E14: CR | F14: 0.09 | G14: 0.07
A15: MATERIAL | B15: 410 | C15: ABRACADEIRA DE NYLON PARA AMARRACAO DE CABOS, COMPRIMENTO DE 150 X *3,6* MM | D15: UN | E15: CR | F15: 0.23 | G15: 0.17
A16: MATERIAL | B16: 411 | C16: ABRACADEIRA DE NYLON PARA AMARRACAO DE CABOS, COMPRIMENTO DE 200 X *4,6* MM | D16: UN | E16: C | F16: 0.29 | G16: 0.22
A17: MATERIAL | B17: 408 | C17: ABRACADEIRA DE NYLON PARA AMARRACAO DE CABOS, COMPRIMENTO DE 390 X *4,6* MM | D17: UN | E17: CR | F17: 1.44 | G17: 1.09
A18: MATERIAL | B18: 39131 | C18: ABRACADEIRA EM ACO PARA AMARRACAO DE ELETRODUTOS, TIPO D, COM 1 1/2" E CUNHA DE FIXACAO | D18: UN | E18: CR | F18: 5.42 | G18: 3.59
A19: MATERIAL | B19: 394 | C19: ABRACADEIRA EM ACO PARA AMARRACAO DE ELETRODUTOS, TIPO D, COM 1 1/2" E PARAFUSO DE FIXACAO | D19: UN | E19: CR | F19: 5.49 | G19: 3.63
A20: MATERIAL | B20: 39130 | C20: ABRACADEIRA EM ACO PARA AMARRACAO DE ELETRODUTOS, TIPO D, COM 1 1/4" E CUNHA DE FIXACAO | D20: UN | E20: CR | F20: 4.95 | G20: 3.27
A21: MATERIAL | B21: 395 | C21: ABRACADEIRA EM ACO PARA AMARRACAO DE ELETRODUTOS, TIPO D, COM 1 1/4" E PARAFUSO DE FIXACAO | D21: UN | E21: CR | F21: 5.29 | G21: 3.5
A22: MATERIAL | B22: 39129 | C22: ABRACADEIRA EM ACO PARA AMARRACAO DE ELETRODUTOS, TIPO D, COM 1" E CUNHA DE FIXACAO | D22: UN | E22: CR | F22: 3.05 | G22: 2.02
... A54: MATERIAL | B54: 36246 | C54: ACABAMENTO SIMPLES/CONVENCIONAL PARA FORRO PVC, TIPO "U" OU "C", COR BRANCA, COMPRIMENTO 6 M | D54: M | E54: CR | F54: 5.24 | G54: 4.47
A55: MATERIAL | B55: 37600 | C55: ACESSORIO DE LIGACAO NAO ELETRICO PARA CARGAS EXPLOSIVAS, TUBO DE 6 M | D55: UN | E55: CR | G55: 104.86
A56: MATERIAL | B56: 37599 | C56: ACESSORIO INICIADOR NAO ELETRICO, TUBO DE 6 M, TEMPO DE RETARDO DE *160* MS | D56: UN | E56: CR | G56: 97.6
A57: MATERIAL | B57: 1 | C57: ACETILENO - RECARGA DE GAS PARA CILINDRO (NAO INCLUI TROCA/MANUTENCAO DO CILINDRO) | D57: KG | E57: C | F57: 100 | G57: 104.5
A58: MATERIAL | B58: 3 | C58: ACIDO CLORIDRICO / ACIDO MURIATICO, DILUICAO 10% A 12% PARA USO EM LIMPEZA | D58: L | E58: CR | F58: 13.58 | G58: 17.16
A59: MATERIAL | B59: 43054 | C59: ACO CA-25, 10,0 MM, OU 12,5 MM, OU 16,0 MM, OU 20,0 MM, OU 25,0 MM, VERGALHAO | D59: KG | E59: CR | F59: 8.72 | G59: 7.53
A60: MATERIAL | B60: 42402 | C60: ACO CA-25, 16,0 MM, BARRA DE TRANSFERENCIA | D60: KG | E60: CR | F60: 8.33 | G60: 7.19
A61: MATERIAL | B61: 42403 | C61: ACO CA-25, 20,0 MM, BARRA DE TRANSFERENCIA | D61: KG | E61: CR | F61: 10.69 | G61: 9.23
A62: MATERIAL | B62: 42404 | C62: ACO CA-25, 25,0 MM, BARRA DE TRANSFERENCIA | D62: KG | E62: CR | F62: 10.63 | G62: 9.18
A63: MATERIAL | B63: 42405 | C63: ACO CA-25, 32,0 MM, BARRA DE TRANSFERENCIA | D63: KG | E63: CR | F63: 11.32 | G63: 9.78
A64: MATERIAL | B64: 34341 | C64: ACO CA-25, 32,0 MM, VERGALHAO | D64: KG | E64: CR | F64: 9.83 | G64: 8.48
A65: MATERIAL | B65: 43053 | C65: ACO CA-25, 6,3 MM OU 8,0 MM, VERGALHAO | D65: KG | E65: CR | F65: 7.79 | G65: 6.72
A66: MATERIAL | B66: 43058 | C66: ACO CA-50, 10,0 MM, OU 12,5 MM, OU 16,0 MM, OU 20,0 MM, DOBRADO E CORTADO | D66: KG | E66: CR | F66: 8.07 | G66: 6.97
A67: MATERIAL | B67: 34 | C67: ACO CA-50, 10,0 MM, VERGALHAO | D67: KG | E67: CR | F67: 8.11 | G67: 7.01
A68: MATERIAL | B68: 43055 | C68: ACO CA-50, 12,5 MM OU 16,0 MM, VERGALHAO | D68: KG | E68: C | F68: 7.03 | G68: 6.07
... A77: MATERIAL | B77: 43060 | C77: ACO CA-60, 8,0 MM OU 9,5 MM, VERGALHAO | D77: KG | E77: CR | F77: 6.69 | G77: 5.77
A78: MATERIAL | B78: 40410 | C78: ACOPLAMENTO RIGIDO EM FERRO FUNDIDO PARA SISTEMA DE TUBULACAO RANHURADA, DN 50 MM (2") | D78: UN | E78: C | G78: 20.49
A79: MATERIAL | B79: 40411 | C79: ACOPLAMENTO RIGIDO EM FERRO FUNDIDO PARA SISTEMA DE TUBULACAO RANHURADA, DN 65 MM (2 1/2") | D79: UN | E79: CR | G79: 22.23
A80: MATERIAL | B80: 40412 | C80: ACOPLAMENTO RIGIDO EM FERRO FUNDIDO PARA SISTEMA DE TUBULACAO RANHURADA, DN 80 MM (3") | D80: UN | E80: CR | G80: 24.95
A81: MATERIAL | B81: 44254 | C81: ADAPTADOR CPVC, ROSCAVEL, COM FLANGES E ANEL DE VEDACAO, 15 MM, CAIXA D'AGUA PARA AGUA QUENTE | D81: UN | E81: CR | F81: 36.1 | G81: 30.96
A82: MATERIAL | B82: 44255 | C82: ADAPTADOR CPVC, ROSCAVEL, COM FLANGES E ANEL DE VEDACAO, 22 MM, CAIXA D'AGUA PARA AGUA QUENTE | D82: UN | E82: CR | F82: 40.02 | G82: 34.31
A83: MATERIAL | B83: 44256 | C83: ADAPTADOR CPVC, ROSCAVEL, COM FLANGES E ANEL DE VEDACAO, 28 MM, CAIXA D'AGUA PARA AGUA QUENTE | D83: UN | E83: CR | F83: 45.2 | G83: 38.75
A84: MATERIAL | B84: 44257 | C84: ADAPTADOR CPVC, ROSCAVEL, COM FLANGES E ANEL DE VEDACAO, 35 MM, CAIXA D'AGUA PARA AGUA QUENTE | D84: UN | E84: CR | F84: 71.51 | G84: 61.31
A85: MATERIAL | B85: 44258 | C85: ADAPTADOR CPVC, ROSCAVEL, COM FLANGES E ANEL DE VEDACAO, 42 MM, CAIXA D'AGUA PARA AGUA QUENTE | D85: UN | E85: CR | F85: 81.72 | G85: 70.07
A86: MATERIAL | B86: 44259 | C86: ADAPTADOR CPVC, ROSCAVEL, COM FLANGES E ANEL DE VEDACAO, 54 MM, CAIXA D'AGUA PARA AGUA QUENTE | D86: UN | E86: CR | F86: 112.17 | G86: 96.18
A87: MATERIAL | B87: 37997 | C87: ADAPTADOR CPVC, SOLDAVEL, 15 MM, PARA AGUA QUENTE | D87: UN | E87: CR | F87: 21.51 | G87: 18.45
A88: MATERIAL | B88: 37998 | C88: ADAPTADOR CPVC, SOLDAVEL, 22 MM, PARA AGUA QUENTE | D88: UN | E88: CR | F88: 28.79 | G88: 24.69
A89: MATERIAL | B89: 55 | C89: ADAPTADOR DE COMPRESSAO EM POLIPROPILENO (PP), PARA TUBO EM PEAD, 20 MM X 1/2", PARA LIGACAO PREDIAL DE AGUA (NTS 179) | D89: UN | E89: C | G89: 3.94
A90: MATERIAL | B90: 61 | C90: ADAPTADOR DE COMPRESSAO EM POLIPROPILENO (PP), PARA TUBO EM PEAD, 20 MM X 3/4", PARA LIGACAO PREDIAL DE AGUA (NTS 179) | D90: UN | E90: CR | G90: 3.72
A91: MATERIAL | B91: 62 | C91: ADAPTADOR DE COMPRESSAO EM POLIPROPILENO (PP), PARA TUBO EM PEAD, 32 MM X 1", PARA LIGACAO PREDIAL DE AGUA (NTS 179) | D91: UN | E91: CR | G91: 7.72
A92: MATERIAL | B92: 10899 | C92: ADAPTADOR EM LATAO, ENGATE RAPIDO 2 1/2" X ROSCA INTERNA 5 FIOS 2 1/2", PARA INSTALACAO PREDIAL DE COMBATE A INCENDIO | D92: UN | E92: CR | F92: 78.85 | G92: 144.57
A93: MATERIAL | B93: 10900 | C93: ADAPTADOR EM LATAO, ENGATE RAPIDO1 1/2" X ROSCA INTERNA 5 FIOS 2 1/2", PARA INSTALACAO PREDIAL DE COMBATE A INCENDIO | D93: UN | E93: CR | F93: 61.71 | G93: 113.14
A94: MATERIAL | B94: 47 | C94: ADAPTADOR PVC PBA, BOLSA/ROSCA, JE, DN 100 / DE 110 MM | D94: UN | E94: CR | F94: 66.12 | G94: 90.51
A95: MATERIAL | B95: 48 | C95: ADAPTADOR PVC PBA, BOLSA/ROSCA, JE, DN 50 / DE 60 MM | D95: UN | E95: CR | F95: 17.25 | G95: 23.61
A96: MATERIAL | B96: 46 | C96: ADAPTADOR PVC PBA, BOLSA/ROSCA, JE, DN 75 / DE 85 MM | D96: UN | E96: CR | F96: 38.67 | G96: 52.93
A97: MATERIAL | B97: 52 | C97: ADAPTADOR PVC PBA, PONTA/ROSCA, JE, DN 50 / DE 60 MM | D97: UN | E97: CR | F97: 13.1 | G97: 17.93
A98: MATERIAL | B98: 43 | C98: ADAPTADOR PVC PBA, PONTA/ROSCA, JE, DN 75 / DE 85 MM | D98: UN | E98: CR | F98: 44.22 | G98: 60.53
A99: MATERIAL | B99: 103 | C99: ADAPTADOR PVC SOLDAVEL CURTO COM BOLSA E ROSCA, 110 MM X 4", PARA AGUA FRIA | D99: UN | E99: CR | F99: 47.6 | G99: 44.99
A100: MATERIAL | B100: 107 | C100: ADAPTADOR PVC SOLDAVEL CURTO COM BOLSA E ROSCA, 20 MM X 1/2", PARA AGUA FRIA | D100: UN | E100: CR | F100: 0.89 | G100: 0.84
A101: MATERIAL | B101: 65 | C101: ADAPTADOR PVC SOLDAVEL CURTO COM BOLSA E ROSCA, 25 MM X 3/4", PARA AGUA FRIA | D101: UN | E101: CR | F101: 0.98 | G101: 0.93
A102: MATERIAL | B102: 108 | C102: ADAPTADOR PVC SOLDAVEL CURTO COM BOLSA E ROSCA, 32 MM X 1", PARA AGUA FRIA | D102: UN | E102: CR | F102: 1.97 | G102: 1.86
A103: MATERIAL | B103: 110 | C103: ADAPTADOR PVC SOLDAVEL CURTO COM BOLSA E ROSCA, 40 MM X 1 1/2", PARA AGUA FRIA | D103: UN | E103: CR | F103: 6.85 | G103: 6.47
... A114: MATERIAL | B114: 99 | C114: ADAPTADOR PVC SOLDAVEL, COM FLANGE E ANEL DE VEDACAO, 50 MM X 1 1/2", PARA CAIXA D'AGUA | D114: UN | E114: CR | F114: 28.86 | G114: 27.28
A115: MATERIAL | B115: 60 | C115: ADAPTADOR PVC, COM REGISTRO, PARA PEAD, 20 MM X 3/4", PARA LIGACAO PREDIAL DE AGUA | D115: UN | E115: CR | G115: 5.11
A116: MATERIAL | B116: 72 | C116: ADAPTADOR PVC, ROSCAVEL, COM FLANGES E ANEL DE VEDACAO, 1 1/2", PARA CAIXA D'AGUA | D116: UN | E116: CR | F116: 55.34 | G116: 52.31
A117: MATERIAL | B117: 71 | C117: ADAPTADOR PVC, ROSCAVEL, COM FLANGES E ANEL DE VEDACAO, 1", PARA CAIXA D'AGUA | D117: UN | E117: CR | F117: 34.18 | G117: 32.31
A118: MATERIAL | B118: 67 | C118: ADAPTADOR PVC, ROSCAVEL, COM FLANGES E ANEL DE VEDACAO, 1/2", PARA CAIXA D'AGUA | D118: UN | E118: CR | F118: 17.89 | G118: 16.91
A119: MATERIAL | B119: 73 | C119: ADAPTADOR PVC, ROSCAVEL, COM FLANGES E ANEL DE VEDACAO, 3/4", PARA CAIXA D'AGUA | D119: UN | E119: CR | F119: 17.12 | G119: 16.19
A120: MATERIAL | B120: 100 | C120: ADAPTADOR PVC, SOLDAVEL, COM FLANGES E ANEL DE VEDACAO, 60 MM X 2", PARA CAIXA D'AGUA | D120: UN | E120: CR | F120: 50.42 | G120: 47.66
A121: MATERIAL | B121: 75 | C121: ADAPTADOR PVC, SOLDAVEL, COM FLANGES LIVRES, 110 MM X 4", PARA CAIXA D'AGUA | D121: UN | E121: CR | F121: 293.94 | G121: 277.86
A122: MATERIAL | B122: 83 | C122: ADAPTADOR PVC, SOLDAVEL, COM FLANGES LIVRES, 75 MM X 2 1/2", PARA CAIXA D'AGUA | D122: UN | E122: CR | F122: 235 | G122: 222.14
A123: MATERIAL | B123: 74 | C123: ADAPTADOR PVC, SOLDAVEL, COM FLANGES LIVRES, 85 MM X 3", PARA CAIXA D'AGUA | D123: UN | E123: CR | F123: 335.98 | G123: 317.6
A124: MATERIAL | B124: 106 | C124: ADAPTADOR PVC, SOLDAVEL, LONGO, COM FLANGE LIVRE, 110 MM X 4", PARA CAIXA D'AGUA | D124: UN | E124: CR | F124: 424.86 | G124: 401.62
A125: MATERIAL | B125: 88 | C125: ADAPTADOR PVC, SOLDAVEL, LONGO, COM FLANGE LIVRE, 32 MM X 1", PARA CAIXA D'AGUA | D125: UN | E125: CR | F125: 11.94 | G125: 11.29
A126: MATERIAL | B126: 82 | C126: ADAPTADOR PVC, SOLDAVEL, LONGO, COM FLANGE LIVRE, 75 MM X 2 1/2", PARA CAIXA D'AGUA | D126: UN | E126: CR | F126: 223.58 | G126: 211.35
A127: MATERIAL | B127: 105 | C127: ADAPTADOR PVC, SOLDAVEL, LONGO, COM FLANGE LIVRE, 85 MM X 3", PARA CAIXA D'AGUA | D127: UN | E127: CR | F127: 316.81 | G127: 299.48
... A138: MATERIAL | B138: 124 | C138: ADITIVO ACELERADOR DE PEGA E ENDURECIMENTO PARA ARGAMASSAS E CONCRETOS, LIQUIDO E ISENTO DE CLORETOS | D138: L | E138: CR | F138: 17.74 | G138: 17.79
A139: MATERIAL | B139: 7334 | C139: ADITIVO ADESIVO LIQUIDO PARA ARGAMASSAS DE REVESTIMENTOS CIMENTICIOS | D139: L | E139: CR | G139: 15.95
A140: MATERIAL | B140: 45146 | C140: ADITIVO IMPERMEABILIZANTE CRISTALIZANTE PARA CONCRETO | D140: KG | E140: CR | F140: 34.02 | G140: 34.12
A141: MATERIAL | B141: 123 | C141: ADITIVO IMPERMEABILIZANTE DE PEGA NORMAL PARA ARGAMASSAS E CONCRETOS SEM ARMACAO, LIQUIDO E ISENTO DE CLORETOS | D141: L | E141: C | F141: 7.26 | G141: 7.28
A142: MATERIAL | B142: 127 | C142: ADITIVO IMPERMEABILIZANTE DE PEGA ULTRARRAPIDA, LIQUIDO E ISENTO DE CLORETOS | D142: L | E142: CR | F142: 17.33 | G142: 17.38
A143: MATERIAL | B143: 133 | C143: ADITIVO LIQUIDO INCORPORADOR DE AR PARA CONCRETO E ARGAMASSA, LIQUIDO E ISENTO DE CLORETOS | D143: L | E143: CR | F143: 7.2 | G143: 7.22
A144: MATERIAL | B144: 43617 | C144: ADITIVO PLASTIFICANTE E ESTABILIZADOR PARA ARGAMASSAS DE ASSENTAMENTO E REBOCO, LIQUIDO E ISENTO DE CLORETOS | D144: L | E144: CR | F144: 8.04 | G144: 8.06
A145: MATERIAL | B145: 132 | C145: ADITIVO PLASTIFICANTE RETARDADOR DE PEGA E REDUTOR DE AGUA PARA CONCRETO, LIQUIDO E ISENTO DE CLORETOS | D145: L | E145: CR | F145: 7.46 | G145: 7.48
A146: MATERIAL | B146: 43618 | C146: ADITIVO SUPERPLASTIFICANTE DE PEGA NORMAL PARA CONCRETO, LIQUIDO E ISENTO DE CLORETOS | D146: KG | E146: CR | F146: 18.79 | G146: 18.84
A147: MATERIAL | B147: 37476 | C147: ADUELA/ GALERIA PRE-MOLDADA DE CONCRETO ARMADO, SECAO QUADRADA INTERNA DE 1,50 X 1,50 M (L X A), MISULA DE 20 X 20 CM, C = 1,00 M, ESPESSURA MIN = 15 CM, TB-45 E FCK DO CONCRETO = 30 MPA | D147: UN | E147: CR | F147: 4299.42 | G147: 4425.88
A148: MATERIAL | B148: 37478 | C148: ADUELA/ GALERIA PRE-MOLDADA DE CONCRETO ARMADO, SECAO RETANGULAR INTERNA DE 2,00 X 2,00 M (L X A), MISULA DE 20 X 20 CM, C = 1,00 M, ESPESSURA MIN = 15 CM, TB-45 E FCK DO CONCRETO = 30 MPA | D148: UN | E148: CR | F148: 5385.14 | G148: 5543.52
A149: MATERIAL | B149: 37477 | C149: ADUELA/ GALERIA PRE-MOLDADA DE CONCRETO ARMADO, SECAO RETANGULAR INTERNA DE 2,50 X 2,50 M (L X A), MISULA DE 20 X 20 CM, C = 1,00 M, ESPESSURA MIN = 15 CM, TB-45 E FCK DO CONCRETO = 30 MPA | D149: UN | E149: CR | F149: 7295.99 | G149: 7510.58
A150: MATERIAL | B150: 37479 | C150: ADUELA/ GALERIA PRE-MOLDADA DE CONCRETO ARMADO, SECAO RETANGULAR INTERNA DE 3,00 X 3,00 M (L X A), MISULA DE 20 X 20 CM, C = 1.00 M, ESPESSURA MIN = 20 CM, TB-45 E FCK DO CONCRETO = 30 MPA | D150: UN | E150: CR | F150: 8653.14 | G150: 8907.64
A151: MATERIAL | B151: 4319 | C151: AFASTADOR PARA TELHA DE FIBROCIMENTO CANALETE 90 OU KALHETAO | D151: UN | E151: CR | F151: 1.33 | G151: 1.92
A152: MATERIAL | B152: 42409 | C152: AGENTE DE CURA, PROTETOR DA EVAPORACAO DA AGUA DE HIDRATACAO DO CONCRETO | D152: KG | E152: CR | F152: 11.83 | G152: 11.86
A153: MATERIAL | B153: 40553 | C153: AGREGADO RECICLADO, TIPO RACHAO RECICLADO CINZA, CLASSE A | D153: M3 | E153: C | G153: 60
A154: MAO DE OBRA | B154: 6114 | C154: AJUDANTE DE ARMADOR (HORISTA) | D154: H | E154: CR | F154: 14.89 | G154: 23.87
A155: MAO DE OBRA | B155: 40912 | C155: AJUDANTE DE ARMADOR (MENSALISTA) | D155: MES | E155: CR | F155: 2605.5 | G155: 4182.31
A156: MAO DE OBRA | B156: 247 | C156: AJUDANTE DE ELETRICISTA (HORISTA) | D156: H | E156: CR | F156: 14.89 | G156: 23.87
A157: MAO DE OBRA | B157: 40919 | C157: AJUDANTE DE ELETRICISTA (MENSALISTA) | D157: MES | E157: CR | F157: 2605.5 | G157: 4182.31
A158: MAO DE OBRA | B158: 44499 | C158: AJUDANTE DE ESTRUTURAS METALICAS (HORISTA) | D158: H | E158: CR | F158: 14.89 | G158: 23.87
A159: MAO DE OBRA | B159: 40984 | C159: AJUDANTE DE ESTRUTURAS METALICAS (MENSALISTA) | D159: MES | E159: CR | F159: 2605.5 | G159: 4182.31
A160: MAO DE OBRA | B160: 248 | C160: AJUDANTE DE OPERACAO EM GERAL (HORISTA) | D160: H | E160: CR | F160: 15.35 | G160: 21.44
...
